Workbook

Sheet CRO revenue overview
A1: Bookings, Q3 to date
A2: line | B2: Q3 2026
A3: Bookings | B3: ='Company quarterly'!G3 -> 4103800
A5: Attainment, Q3 to date
A6: line | B6: Q3 2026
A7: Attainment | B7: ='Company quarterly'!G4 -> 0.9071176
A9: Forecast attainment, Q3
A10: line | B10: Q3 2026
A11: Forecast attainment | B11: ='Company quarterly'!G6 -> 1.157542
A13: Pipeline coverage of Q3 gap
A14: line | B14: Q3 2026
A15: Coverage of gap (x) | B15: ='Company quarterly'!G11 -> 6.4959543
A17: Bookings, forecast and quota by quarter
A18: line | B18: Q1 2026 | C18: Q2 2026 | D18: Q3 2026 | E18: Q4 2026
A19: Bookings | B19: ='Company quarterly'!E3 -> 4462000 | C19: ='Company quarterly'!F3 -> 3855000 | D19: ='Company quarterly'!G3 -> 4103800 | E19: ='Company quarterly'!H3 -> 0
A20: Forecast (booked + weighted pipeline) | B20: ='Company quarterly'!E5 -> 4462000 | C20: ='Company quarterly'!F5 -> 3855000 | D20: ='Company quarterly'!G5 -> 5236720 | E20: ='Company quarterly'!H5 -> 3226760
A21: Quota | B21: ='Company quarterly'!E2 -> 4062000 | C21: ='Company quarterly'!F2 -> 4273000 | D21: ='Company quarterly'!G2 -> 4524000 | E21: ='Company quarterly'!H2 -> 4776000
A40: Attainment and forecast attainment
A41: line | B41: Q1 2026 | C41: Q2 2026 | D41: Q3 2026 | E41: Q4 2026
A42: Attainment | B42: ='Company quarterly'!E4 -> 1.0984737 | C42: ='Company quarterly'!F4 -> 0.90217646 | D42: ='Company quarterly'!G4 -> 0.9071176 | E42: ='Company quarterly'!H4
A43: Forecast attainment | B43: ='Company quarterly'!E6 -> 1.0984737 | C43: ='Company quarterly'!F6 -> 0.90217646 | D43: ='Company quarterly'!G6 -> 1.157542 | E43: ='Company quarterly'!H6 -> 0.67561977
A62: ARR bridge by month
A63: line | B63: Jan-26 | C63: Feb-26 | D63: Mar-26 | E63: Apr-26 | F63: May-26 | G63: Jun-26 | H63: Jul-26 | I63: Aug-26
A64: New-logo ARR | B64: ='Company monthly and ARR bridge'!K13 -> 903400 | C64: ='Company monthly and ARR bridge'!L13 -> 1003100 | D64: ='Company monthly and ARR bridge'!M13 -> 1870000 | E64: ='Company monthly and ARR bridge'!N13 -> 855600 | F64: ='Company monthly and ARR bridge'!O13 -> 409700 | G64: ='Company monthly and ARR bridge'!P13 -> 1594200 | H64: ='Company monthly and ARR bridge'!Q13 -> 895700 | I64: ='Company monthly and ARR bridge'!R13 -> 881500
A65: Expansion ARR | B65: ='Company monthly and ARR bridge'!K14 -> 210100 | C65: ='Company monthly and ARR bridge'!L14 -> 229900 | D65: ='Company monthly and ARR bridge'!M14 -> 245500 | E65: ='Company monthly and ARR bridge'!N14 -> 34900 | F65: ='Company monthly and ARR bridge'!O14 -> 416300 | G65: ='Company monthly and ARR bridge'!P14 -> 544300 | H65: ='Company monthly and ARR bridge'!Q14 -> 471100 | I65: ='Company monthly and ARR bridge'!R14 -> 72200
A66: Churned ARR | B66: ='Company monthly and ARR bridge'!K15 -> -57000 | C66: ='Company monthly and ARR bridge'!L15 -> -193200 | D66: ='Company monthly and ARR bridge'!M15 -> -348900 | E66: ='Company monthly and ARR bridge'!N15 -> -217000 | F66: ='Company monthly and ARR bridge'!O15 -> -610100 | G66: ='Company monthly and ARR bridge'!P15 -> -143200 | H66: ='Company monthly and ARR bridge'!Q15 -> -190100 | I66: ='Company monthly and ARR bridge'!R15 -> -186800
A85: Ending ARR
A86: line | B86: Jan-26 | C86: Feb-26 | D86: Mar-26 | E86: Apr-26 | F86: May-26 | G86: Jun-26 | H86: Jul-26 | I86: Aug-26
A87: Ending ARR | B87: ='Company monthly and ARR bridge'!K16 -> 58645200 | C87: ='Company monthly and ARR bridge'!L16 -> 59685000 | D87: ='Company monthly and ARR bridge'!M16 -> 61451600 | E87: ='Company monthly and ARR bridge'!N16 -> 62125100 | F87: ='Company monthly and ARR bridge'!O16 -> 62341000 | G87: ='Company monthly and ARR bridge'!P16 -> 64336300 | H87: ='Company monthly and ARR bridge'!Q16 -> 65513000 | I87: ='Company monthly and ARR bridge'!R16 -> 66279900
A106: Bookings by region
A107: region | B107: Q1 2026 | C107: Q2 2026 | D107: Q3 2026 | E107: Q4 2026
A108: AMER East | B108: ='Region quarterly'!F6 -> 1075500 | C108: ='Region quarterly'!G6 -> 868900 | D108: ='Region quarterly'!H6 -> 506600 | E108: ='Region quarterly'!I6 -> 0
A109: AMER West | B109: ='Region quarterly'!F7 -> 1953600 | C109: ='Region quarterly'!G7 -> 1332500 | D109: ='Region quarterly'!H7 -> 1948900 | E109: ='Region quarterly'!I7 -> 0
A110: EMEA | B110: ='Region quarterly'!F8 -> 1175000 | C110: ='Region quarterly'!G8 -> 955700 | D110: ='Region quarterly'!H8 -> 887800 | E110: ='Region quarterly'!I8 -> 0
A111: APAC | B111: ='Region quarterly'!F9 -> 257900 | C111: ='Region quarterly'!G9 -> 697900 | D111: ='Region quarterly'!H9 -> 760500 | E111: ='Region quarterly'!I9 -> 0
A130: Win rate by segment
A131: segment | B131: Q1 2026 | C131: Q2 2026 | D131: Q3 2026 | E131: Q4 2026
A132: Enterprise | B132: ='Segment quarterly'!F29 -> 0.27777778 | C132: ='Segment quarterly'!G29 -> 0.32608696 | D132: ='Segment quarterly'!H29 -> 0.31818182 | E132: ='Segment quarterly'!I29
A133: Mid-Market | B133: ='Segment quarterly'!F30 -> 0.30612245 | C133: ='Segment quarterly'!G30 -> 0.36363636 | D133: ='Segment quarterly'!H30 -> 0.3877551 | E133: ='Segment quarterly'!I30
A134: SMB | B134: ='Segment quarterly'!F31 -> 0.41935484 | C134: ='Segment quarterly'!G31 -> 0.33333333 | D134: ='Segment quarterly'!H31 -> 0.39344262 | E134: ='Segment quarterly'!I31
A153: Company scorecard by quarter
A154: line | B154: Q4 2025 | C154: Q1 2026 | D154: Q2 2026 | E154: Q3 2026 | F154: Q4 2026
A155: Quota | B155: ='Company quarterly'!D2 -> 3872000 | C155: ='Company quarterly'!E2 -> 4062000 | D155: ='Company quarterly'!F2 -> 4273000 | E155: ='Company quarterly'!G2 -> 4524000 | F155: ='Company quarterly'!H2 -> 4776000
A156: Bookings | B156: ='Company quarterly'!D3 -> 2786300 | C156: ='Company quarterly'!E3 -> 4462000 | D156: ='Company quarterly'!F3 -> 3855000 | E156: ='Company quarterly'!G3 -> 4103800 | F156: ='Company quarterly'!H3 -> 0
A157: Attainment | B157: ='Company quarterly'!D4 -> 0.71960227 | C157: ='Company quarterly'!E4 -> 1.0984737 | D157: ='Company quarterly'!F4 -> 0.90217646 | E157: ='Company quarterly'!G4 -> 0.9071176 | F157: ='Company quarterly'!H4
A158: Forecast (booked + weighted pipeline) | B158: ='Company quarterly'!D5 -> 2786300 | C158: ='Company quarterly'!E5 -> 4462000 | D158: ='Company quarterly'!F5 -> 3855000 | E158: ='Company quarterly'!G5 -> 5236720 | F158: ='Company quarterly'!H5 -> 3226760
A159: Forecast attainment | B159: ='Company quarterly'!D6 -> 0.71960227 | C159: ='Company quarterly'!E6 -> 1.0984737 | D159: ='Company quarterly'!F6 -> 0.90217646 | E159: ='Company quarterly'!G6 -> 1.157542 | F159: ='Company quarterly'!H6 -> 0.67561977
A160: Open pipeline | B160: ='Company quarterly'!D8 -> 0 | C160: ='Company quarterly'!E8 -> 0 | D160: ='Company quarterly'!F8 -> 0 | E160: ='Company quarterly'!G8 -> 2729600 | F160: ='Company quarterly'!H8 -> 12207200
A161: Coverage of gap (x) | B161: ='Company quarterly'!D11 | C161: ='Company quarterly'!E11 | D161: ='Company quarterly'!F11 | E161: ='Company quarterly'!G11 -> 6.4959543 | F161: ='Company quarterly'!H11 -> 2.5559464
A162: Deals won | B162: ='Company quarterly'!D13 -> 94 | C162: ='Company quarterly'!E13 -> 92 | D162: ='Company quarterly'!F13 -> 109 | E162: ='Company quarterly'!G13 -> 100 | F162: ='Company quarterly'!H13 -> 0
A163: Win rate | B163: ='Company quarterly'!D15 -> 0.3715415 | C163: ='Company quarterly'!E15 -> 0.35658915 | D163: ='Company quarterly'!F15 -> 0.34384858 | E163: ='Company quarterly'!G15 -> 0.37878788 | F163: ='Company quarterly'!H15
A164: Average deal | B164: ='Company quarterly'!D16 -> 29641.489 | C164: ='Company quarterly'!E16 -> 48500 | D164: ='Company quarterly'!F16 -> 35366.972 | E164: ='Company quarterly'!G16 -> 41038 | F164: ='Company quarterly'!H16
A165: Average sales cycle (days) | B165: ='Company quarterly'!D17 -> 54.478723 | C165: ='Company quarterly'!E17 -> 57.152174 | D165: ='Company quarterly'!F17 -> 66.174312 | E165: ='Company quarterly'!G17 -> 51.17 | F165: ='Company quarterly'!H17
A166: New-logo share of bookings | B166: ='Company quarterly'!D19 -> 0.82848222 | C166: ='Company quarterly'!E19 -> 0.84636934 | D166: ='Company quarterly'!F19 -> 0.74176394 | E166: ='Company quarterly'!G19 -> 0.84594766 | F166: ='Company quarterly'!H19 -> 0
A167: Sales variable pay | B167: ='Company quarterly'!D21 -> 485644.22 | C167: ='Company quarterly'!E21 -> 629184.37 | D167: ='Company quarterly'!F21 -> 580550.09 | E167: ='Company quarterly'!G21 -> 730547.97 | F167: ='Company quarterly'!H21 -> 0
A168: Variable pay as % of bookings | B168: ='Company quarterly'!D22 -> 0.17429717 | C168: ='Company quarterly'!E22 -> 0.1410095 | D168: ='Company quarterly'!F22 -> 0.15059665 | E168: ='Company quarterly'!G22 -> 0.17801744 | F168: ='Company quarterly'!H22 -> 0
A169: Marketing spend | B169: ='Company quarterly'!D23 -> 777190 | C169: ='Company quarterly'!E23 -> 910850 | D169: ='Company quarterly'!F23 -> 982850 | E169: ='Company quarterly'!G23 -> 775580 | F169: ='Company quarterly'!H23 -> 898830
A170: Marketing spend as % of bookings | B170: ='Company quarterly'!D24 -> 0.27893263 | C170: ='Company quarterly'!E24 -> 0.20413492 | D170: ='Company quarterly'!F24 -> 0.2549546 | E170: ='Company quarterly'!G24 -> 0.18899069 | F170: ='Company quarterly'!H24 -> 0
A172: Every cell on this sheet refers to the statement sheets; edit inputs there (blue) and this dashboard follows.

Sheet VP Sales teams and forecast
A1: Q3 forecast
A2: line | B2: Q3 2026
A3: Forecast (booked + weighted pipeline) | B3: ='Company quarterly'!G5 -> 5236720
A5: Q3 gap to quota
A6: line | B6: Q3 2026
A7: Gap to quota | B7: ='Company quarterly'!G7 -> 420200
A9: Win rate, Q3
A10: line | B10: Q3 2026
A11: Win rate | B11: ='Company quarterly'!G15 -> 0.37878788
A13: Average deal, Q3
A14: line | B14: Q3 2026
A15: Average deal | B15: ='Company quarterly'!G16 -> 41038
A17: Teams, Q3 2026
A18: region | B18: segment | C18: Reps | D18: Quota | E18: Bookings | F18: Attainment | G18: Forecast | H18: Forecast attainment | I18: Open pipeline | J18: Coverage of gap (x) | K18: Win rate | L18: Average deal
A19: AMER East | B19: Enterprise | C19: ='Team quarterly (region × segmen'!I2 -> 2 | D19: ='Team quarterly (region × segmen'!I14 -> 469000 | E19: ='Team quarterly (region × segmen'!I26 -> 138600 | F19: ='Team quarterly (region × segmen'!I38 -> 0.29552239 | G19: ='Team quarterly (region × segmen'!I182 -> 177300 | H19: ='Team quarterly (region × segmen'!I194 -> 0.37803838 | I19: ='Team quarterly (region × segmen'!I134 -> 387000 | J19: ='Team quarterly (region × segmen'!I170 -> 1.1713075 | K19: ='Team quarterly (region × segmen'!I86 -> 0.25 | L19: ='Team quarterly (region × segmen'!I98 -> 46200
B20: Mid-Market | C20: ='Team quarterly (region × segmen'!I3 -> 2 | D20: ='Team quarterly (region × segmen'!I15 -> 424000 | E20: ='Team quarterly (region × segmen'!I27 -> 185100 | F20: ='Team quarterly (region × segmen'!I39 -> 0.4365566 | G20: ='Team quarterly (region × segmen'!I183 -> 337250 | H20: ='Team quarterly (region × segmen'!I195 -> 0.79540094 | I20: ='Team quarterly (region × segmen'!I135 -> 258700 | J20: ='Team quarterly (region × segmen'!I171 -> 1.0828799 | K20: ='Team quarterly (region × segmen'!I87 -> 0.26086957 | L20: ='Team quarterly (region × segmen'!I99 -> 30850
B21: SMB | C21: ='Team quarterly (region × segmen'!I4 -> 2 | D21: ='Team quarterly (region × segmen'!I16 -> 224000 | E21: ='Team quarterly (region × segmen'!I28 -> 182900 | F21: ='Team quarterly (region × segmen'!I40 -> 0.81651786 | G21: ='Team quarterly (region × segmen'!I184 -> 227080 | H21: ='Team quarterly (region × segmen'!I196 -> 1.01375 | I21: ='Team quarterly (region × segmen'!I136 -> 101800 | J21: ='Team quarterly (region × segmen'!I172 -> 2.4768856 | K21: ='Team quarterly (region × segmen'!I88 -> 0.37777778 | L21: ='Team quarterly (region × segmen'!I100 -> 10758.824
A22: AMER West | B22: Enterprise | C22: ='Team quarterly (region × segmen'!I5 -> 2 | D22: ='Team quarterly (region × segmen'!I17 -> 750000 | E22: ='Team quarterly (region × segmen'!I29 -> 1194300 | F22: ='Team quarterly (region × segmen'!I41 -> 1.5924 | G22: ='Team quarterly (region × segmen'!I185 -> 1628490 | H22: ='Team quarterly (region × segmen'!I197 -> 2.17132 | I22: ='Team quarterly (region × segmen'!I137 -> 749100 | J22: ='Team quarterly (region × segmen'!I173 | K22: ='Team quarterly (region × segmen'!I89 -> 0.6 | L22: ='Team quarterly (region × segmen'!I101 -> 199050
B23: Mid-Market | C23: ='Team quarterly (region × segmen'!I6 -> 2 | D23: ='Team quarterly (region × segmen'!I18 -> 318000 | E23: ='Team quarterly (region × segmen'!I30 -> 628300 | F23: ='Team quarterly (region × segmen'!I42 -> 1.9757862 | G23: ='Team quarterly (region × segmen'!I186 -> 764850 | H23: ='Team quarterly (region × segmen'!I198 -> 2.4051887 | I23: ='Team quarterly (region × segmen'!I138 -> 171500 | J23: ='Team quarterly (region × segmen'!I174 | K23: ='Team quarterly (region × segmen'!I90 -> 0.46875 | L23: ='Team quarterly (region × segmen'!I102 -> 41886.667
B24: SMB | C24: ='Team quarterly (region × segmen'!I7 -> 2 | D24: ='Team quarterly (region × segmen'!I19 -> 224000 | E24: ='Team quarterly (region × segmen'!I31 -> 126300 | F24: ='Team quarterly (region × segmen'!I43 -> 0.56383929 | G24: ='Team quarterly (region × segmen'!I187 -> 154170 | H24: ='Team quarterly (region × segmen'!I199 -> 0.68825893 | I24: ='Team quarterly (region × segmen'!I139 -> 59900 | J24: ='Team quarterly (region × segmen'!I175 -> 0.61310133 | K24: ='Team quarterly (region × segmen'!I91 -> 0.27586207 | L24: ='Team quarterly (region × segmen'!I103 -> 15787.5
A25: EMEA | B25: Enterprise | C25: ='Team quarterly (region × segmen'!I8 -> 2 | D25: ='Team quarterly (region × segmen'!I20 -> 591000 | E25: ='Team quarterly (region × segmen'!I32 -> 469500 | F25: ='Team quarterly (region × segmen'!I44 -> 0.79441624 | G25: ='Team quarterly (region × segmen'!I188 -> 588790 | H25: ='Team quarterly (region × segmen'!I200 -> 0.99626058 | I25: ='Team quarterly (region × segmen'!I140 -> 292100 | J25: ='Team quarterly (region × segmen'!I176 -> 2.4041152 | K25: ='Team quarterly (region × segmen'!I92 -> 0.25 | L25: ='Team quarterly (region × segmen'!I104 -> 156500
B26: Mid-Market | C26: ='Team quarterly (region × segmen'!I9 -> 2 | D26: ='Team quarterly (region × segmen'!I21 -> 380000 | E26: ='Team quarterly (region × segmen'!I33 -> 244000 | F26: ='Team quarterly (region × segmen'!I45 -> 0.64210526 | G26: ='Team quarterly (region × segmen'!I189 -> 300230 | H26: ='Team quarterly (region × segmen'!I201 -> 0.79007895 | I26: ='Team quarterly (region × segmen'!I141 -> 170300 | J26: ='Team quarterly (region × segmen'!I177 -> 1.2522059 | K26: ='Team quarterly (region × segmen'!I93 -> 0.3 | L26: ='Team quarterly (region × segmen'!I105 -> 40666.667
B27: SMB | C27: ='Team quarterly (region × segmen'!I10 -> 2 | D27: ='Team quarterly (region × segmen'!I22 -> 200000 | E27: ='Team quarterly (region × segmen'!I34 -> 174300 | F27: ='Team quarterly (region × segmen'!I46 -> 0.8715 | G27: ='Team quarterly (region × segmen'!I190 -> 199590 | H27: ='Team quarterly (region × segmen'!I202 -> 0.99795 | I27: ='Team quarterly (region × segmen'!I142 -> 69300 | J27: ='Team quarterly (region × segmen'!I178 -> 2.6964981 | K27: ='Team quarterly (region × segmen'!I94 -> 0.4516129 | L27: ='Team quarterly (region × segmen'!I106 -> 12450
A28: APAC | B28: Enterprise | C28: ='Team quarterly (region × segmen'!I11 -> 2 | D28: ='Team quarterly (region × segmen'!I23 -> 524000 | E28: ='Team quarterly (region × segmen'!I35 -> 261000 | F28: ='Team quarterly (region × segmen'!I47 -> 0.4980916 | G28: ='Team quarterly (region × segmen'!I191 -> 284690 | H28: ='Team quarterly (region × segmen'!I203 -> 0.54330153 | I28: ='Team quarterly (region × segmen'!I143 -> 236900 | J28: ='Team quarterly (region × segmen'!I179 -> 0.90076046 | K28: ='Team quarterly (region × segmen'!I95 -> 0.2 | L28: ='Team quarterly (region × segmen'!I107 -> 130500
B29: Mid-Market | C29: ='Team quarterly (region × segmen'!I12 -> 2 | D29: ='Team quarterly (region × segmen'!I24 -> 300000 | E29: ='Team quarterly (region × segmen'!I36 -> 353800 | F29: ='Team quarterly (region × segmen'!I48 -> 1.1793333 | G29: ='Team quarterly (region × segmen'!I192 -> 414010 | H29: ='Team quarterly (region × segmen'!I204 -> 1.3800333 | I29: ='Team quarterly (region × segmen'!I144 -> 207300 | J29: ='Team quarterly (region × segmen'!I180 | K29: ='Team quarterly (region × segmen'!I96 -> 0.47826087 | L29: ='Team quarterly (region × segmen'!I108 -> 32163.636
B30: SMB | C30: ='Team quarterly (region × segmen'!I13 -> 2 | D30: ='Team quarterly (region × segmen'!I25 -> 120000 | E30: ='Team quarterly (region × segmen'!I37 -> 145700 | F30: ='Team quarterly (region × segmen'!I49 -> 1.2141667 | G30: ='Team quarterly (region × segmen'!I193 -> 160270 | H30: ='Team quarterly (region × segmen'!I205 -> 1.3355833 | I30: ='Team quarterly (region × segmen'!I145 -> 25700 | J30: ='Team quarterly (region × segmen'!I181 | K30: ='Team quarterly (region × segmen'!I97 -> 0.52941176 | L30: ='Team quarterly (region × segmen'!I109 -> 16188.889
A32: Forecast attainment by region
A33: region | B33: Q1 2026 | C33: Q2 2026 | D33: Q3 2026 | E33: Q4 2026
A34: AMER East | B34: ='Region quarterly'!F18 -> 1.1087629 | C34: ='Region quarterly'!G18 -> 0.84936461 | D34: ='Region quarterly'!H18 -> 0.66394808 | E34: ='Region quarterly'!I18 -> 1.2438481
A35: AMER West | B35: ='Region quarterly'!F19 -> 1.6472175 | C35: ='Region quarterly'!G19 -> 1.0754641 | D35: ='Region quarterly'!H19 -> 1.971757 | E35: ='Region quarterly'!I19 -> 0.49402974
A36: EMEA | B36: ='Region quarterly'!F20 -> 1.1726547 | C36: ='Region quarterly'!G20 -> 0.87920883 | D36: ='Region quarterly'!H20 -> 0.92964133 | E36: ='Region quarterly'!I20 -> 0.34401274
A37: APAC | B37: ='Region quarterly'!F21 -> 0.28528761 | C37: ='Region quarterly'!G21 -> 0.75530303 | D37: ='Region quarterly'!H21 -> 0.90992585 | E37: ='Region quarterly'!I21 -> 0.64720954
A56: Q3 forecast build: booked, commit, best case
A57: line | B57: Q1 2026 | C57: Q2 2026 | D57: Q3 2026 | E57: Q4 2026
A58: Bookings | B58: ='Company quarterly'!E3 -> 4462000 | C58: ='Company quarterly'!F3 -> 3855000 | D58: ='Company quarterly'!G3 -> 4103800 | E58: ='Company quarterly'!H3 -> 0
A59: Commit | B59: ='Company quarterly'!E9 -> 0 | C59: ='Company quarterly'!F9 -> 0 | D59: ='Company quarterly'!G9 -> 654300 | E59: ='Company quarterly'!H9 -> 1564200
A60: Best case | B60: ='Company quarterly'!E10 -> 0 | C60: ='Company quarterly'!F10 -> 0 | D60: ='Company quarterly'!G10 -> 841300 | E60: ='Company quarterly'!H10 -> 1886700
A79: Rep leaderboard, Q3 2026
A80: rep | B80: Quota | C80: Bookings | D80: Attainment | E80: Forecast | F80: Forecast attainment | G80: Open pipeline | H80: Coverage of gap (x) | I80: Deals won | J80: Win rate | K80: Average deal | L80: YTD attainment
A81: Noor Ortiz | B81: ='Rep quarterly'!H2 -> 375000 | C81: ='Rep quarterly'!H26 -> 138600 | D81: ='Rep quarterly'!H50 -> 0.3696 | E81: ='Rep quarterly'!H386 -> 164470 | F81: ='Rep quarterly'!H410 -> 0.43858667 | G81: ='Rep quarterly'!H290 -> 258700 | H81: ='Rep quarterly'!H362 -> 1.0943316 | I81: ='Rep quarterly'!H98 -> 3 | J81: ='Rep quarterly'!H146 -> 0.25 | K81: ='Rep quarterly'!H170 -> 46200 | L81: ='Rep quarterly'!H482 -> 0.96106667
A82: Priya Yilmaz | B82: ='Rep quarterly'!H3 -> 94000 | C82: ='Rep quarterly'!H27 -> 0 | D82: ='Rep quarterly'!H51 -> 0 | E82: ='Rep quarterly'!H387 -> 12830 | F82: ='Rep quarterly'!H411 -> 0.13648936 | G82: ='Rep quarterly'!H291 -> 128300 | H82: ='Rep quarterly'!H363 -> 1.3648936 | I82: ='Rep quarterly'!H99 -> 0 | J82: ='Rep quarterly'!H147 -> 0 | K82: ='Rep quarterly'!H171 -> 0 | L82: ='Rep quarterly'!H483 -> 0
A83: Marcus Schmidt | B83: ='Rep quarterly'!H4 -> 212000 | C83: ='Rep quarterly'!H28 -> 129800 | D83: ='Rep quarterly'!H52 -> 0.61226415 | E83: ='Rep quarterly'!H388 -> 211800 | F83: ='Rep quarterly'!H412 -> 0.9990566 | G83: ='Rep quarterly'!H292 -> 164000 | H83: ='Rep quarterly'!H364 -> 1.9951338 | I83: ='Rep quarterly'!H100 -> 5 | J83: ='Rep quarterly'!H148 -> 0.35714286 | K83: ='Rep quarterly'!H172 -> 25960 | L83: ='Rep quarterly'!H484 -> 1.206518
A84: Amara Haddad | B84: ='Rep quarterly'!H5 -> 212000 | C84: ='Rep quarterly'!H29 -> 55300 | D84: ='Rep quarterly'!H53 -> 0.26084906 | E84: ='Rep quarterly'!H389 -> 125450 | F84: ='Rep quarterly'!H413 -> 0.59174528 | G84: ='Rep quarterly'!H293 -> 94700 | H84: ='Rep quarterly'!H365 -> 0.6043395 | I84: ='Rep quarterly'!H101 -> 1 | J84: ='Rep quarterly'!H149 -> 0.11111111 | K84: ='Rep quarterly'!H173 -> 55300 | L84: ='Rep quarterly'!H485 -> 0.2254717
A85: Fatima Silva | B85: ='Rep quarterly'!H6 -> 112000 | C85: ='Rep quarterly'!H30 -> 114200 | D85: ='Rep quarterly'!H54 -> 1.0196429 | E85: ='Rep quarterly'!H390 -> 145010 | F85: ='Rep quarterly'!H414 -> 1.2947321 | G85: ='Rep quarterly'!H294 -> 67300 | H85: ='Rep quarterly'!H366 | I85: ='Rep quarterly'!H102 -> 11 | J85: ='Rep quarterly'!H150 -> 0.55 | K85: ='Rep quarterly'!H174 -> 10381.818 | L85: ='Rep quarterly'!H486 -> 0.85803571
A86: Ana Ortiz | B86: ='Rep quarterly'!H7 -> 112000 | C86: ='Rep quarterly'!H31 -> 68700 | D86: ='Rep quarterly'!H55 -> 0.61339286 | E86: ='Rep quarterly'!H391 -> 82070 | F86: ='Rep quarterly'!H415 -> 0.73276786 | G86: ='Rep quarterly'!H295 -> 34500 | H86: ='Rep quarterly'!H367 -> 0.79676674 | I86: ='Rep quarterly'!H103 -> 6 | J86: ='Rep quarterly'!H151 -> 0.24 | K86: ='Rep quarterly'!H175 -> 11450 | L86: ='Rep quarterly'!H487 -> 0.6985119
A87: Tobias Silva | B87: ='Rep quarterly'!H8 -> 375000 | C87: ='Rep quarterly'!H32 -> 496300 | D87: ='Rep quarterly'!H56 -> 1.3234667 | E87: ='Rep quarterly'!H392 -> 850670 | F87: ='Rep quarterly'!H416 -> 2.2684533 | G87: ='Rep quarterly'!H296 -> 496100 | H87: ='Rep quarterly'!H368 | I87: ='Rep quarterly'!H104 -> 2 | J87: ='Rep quarterly'!H152 -> 0.66666667 | K87: ='Rep quarterly'!H176 -> 248150 | L87: ='Rep quarterly'!H488 -> 1.7436444
A88: Leila Osei | B88: ='Rep quarterly'!H9 -> 375000 | C88: ='Rep quarterly'!H33 -> 698000 | D88: ='Rep quarterly'!H57 -> 1.8613333 | E88: ='Rep quarterly'!H393 -> 777820 | F88: ='Rep quarterly'!H417 -> 2.0741867 | G88: ='Rep quarterly'!H297 -> 253000 | H88: ='Rep quarterly'!H369 | I88: ='Rep quarterly'!H105 -> 4 | J88: ='Rep quarterly'!H153 -> 0.57142857 | K88: ='Rep quarterly'!H177 -> 174500 | L88: ='Rep quarterly'!H489 -> 0.96755556
A89: Grace Costa | B89: ='Rep quarterly'!H10 -> 212000 | C89: ='Rep quarterly'!H34 -> 382600 | D89: ='Rep quarterly'!H58 -> 1.804717 | E89: ='Rep quarterly'!H394 -> 492420 | F89: ='Rep quarterly'!H418 -> 2.3227358 | G89: ='Rep quarterly'!H298 -> 141800 | H89: ='Rep quarterly'!H370 | I89: ='Rep quarterly'!H106 -> 9 | J89: ='Rep quarterly'!H154 -> 0.36 | K89: ='Rep quarterly'!H178 -> 42511.111 | L89: ='Rep quarterly'!H490 -> 2.1287736
A90: Ingrid Müller | B90: ='Rep quarterly'!H11 -> 106000 | C90: ='Rep quarterly'!H35 -> 245700 | D90: ='Rep quarterly'!H59 -> 2.3179245 | E90: ='Rep quarterly'!H395 -> 272430 | F90: ='Rep quarterly'!H419 -> 2.5700943 | G90: ='Rep quarterly'!H299 -> 29700 | H90: ='Rep quarterly'!H371 | I90: ='Rep quarterly'!H107 -> 6 | J90: ='Rep quarterly'!H155 -> 0.85714286 | K90: ='Rep quarterly'!H179 -> 40950 | L90: ='Rep quarterly'!H491 -> 2.4679245
A91: Ingrid Kim | B91: ='Rep quarterly'!H12 -> 112000 | C91: ='Rep quarterly'!H36 -> 89100 | D91: ='Rep quarterly'!H60 -> 0.79553571 | E91: ='Rep quarterly'!H396 -> 89100 | F91: ='Rep quarterly'!H420 -> 0.79553571 | G91: ='Rep quarterly'!H300 -> 0 | H91: ='Rep quarterly'!H372 | I91: ='Rep quarterly'!H108 -> 5 | J91: ='Rep quarterly'!H156 -> 0.33333333 | K91: ='Rep quarterly'!H180 -> 17820 | L91: ='Rep quarterly'!H492 -> 0.6610119
A92: Priya Nair | B92: ='Rep quarterly'!H13 -> 112000 | C92: ='Rep quarterly'!H37 -> 37200 | D92: ='Rep quarterly'!H61 -> 0.33214286 | E92: ='Rep quarterly'!H397 -> 65070 | F92: ='Rep quarterly'!H421 -> 0.58098214 | G92: ='Rep quarterly'!H301 -> 59900 | H92: ='Rep quarterly'!H373 -> 0.80080214 | I92: ='Rep quarterly'!H109 -> 3 | J92: ='Rep quarterly'!H157 -> 0.21428571 | K92: ='Rep quarterly'!H181 -> 12400 | L92: ='Rep quarterly'!H493 -> 0.64434524
... A104: Ingrid Dubois | B104: ='Rep quarterly'!H25 -> 80000 | C104: ='Rep quarterly'!H49 -> 117900 | D104: ='Rep quarterly'!H73 -> 1.47375 | E104: ='Rep quarterly'!H409 -> 125090 | F104: ='Rep quarterly'!H433 -> 1.563625 | G104: ='Rep quarterly'!H313 -> 17500 | H104: ='Rep quarterly'!H385 | I104: ='Rep quarterly'!H121 -> 7 | J104: ='Rep quarterly'!H169 -> 0.5 | K104: ='Rep quarterly'!H193 -> 16842.857 | L104: ='Rep quarterly'!H505 -> 1.1229167
A106: Average deal by segment
A107: segment | B107: Q1 2026 | C107: Q2 2026 | D107: Q3 2026 | E107: Q4 2026
A108: Enterprise | B108: ='Segment quarterly'!F32 -> 260960 | C108: ='Segment quarterly'!G32 -> 103340 | D108: ='Segment quarterly'!H32 -> 147385.71 | E108: ='Segment quarterly'!I32
A109: Mid-Market | B109: ='Segment quarterly'!F33 -> 40883.333 | C109: ='Segment quarterly'!G33 -> 38134.091 | D109: ='Segment quarterly'!H33 -> 37136.842 | E109: ='Segment quarterly'!I33
A110: SMB | B110: ='Segment quarterly'!F34 -> 12036.538 | C110: ='Segment quarterly'!G34 -> 12540 | D110: ='Segment quarterly'!H34 -> 13108.333 | E110: ='Segment quarterly'!I34
A129: Sales cycle by segment (days)
A130: segment | B130: Q1 2026 | C130: Q2 2026 | D130: Q3 2026 | E130: Q4 2026
A131: Enterprise | B131: ='Segment quarterly'!F38 -> 148.1 | C131: ='Segment quarterly'!G38 -> 142 | D131: ='Segment quarterly'!H38 -> 116.07143 | E131: ='Segment quarterly'!I38
A132: Mid-Market | B132: ='Segment quarterly'!F39 -> 65.033333 | C132: ='Segment quarterly'!G39 -> 72.545455 | D132: ='Segment quarterly'!H39 -> 57.789474 | E132: ='Segment quarterly'!I39
A133: SMB | B133: ='Segment quarterly'!F40 -> 35.115385 | C133: ='Segment quarterly'!G40 -> 37.82 | D133: ='Segment quarterly'!H40 -> 27 | E133: ='Segment quarterly'!I40
A152: Every cell on this sheet refers to the statement sheets; edit inputs there (blue) and this dashboard follows.

Sheet Sales ops plan, quotas and comm
A1: Commission plan: attainment bands and multipliers (edit) | B1: Inputs: edit the blue cells on the 'Commission plan' sheet; this table follows them.
A2: tranche | B2: Attainment from | C2: Attainment to | D2: Rate multiplier (x)
A3: Below 50% | B3: ='Commission plan'!B2 -> 0 | C3: ='Commission plan'!B3 -> 0.5 | D3: ='Commission plan'!B4 -> 0.75
A4: 50% to 100% | B4: ='Commission plan'!C2 -> 0.5 | C4: ='Commission plan'!C3 -> 1 | D4: ='Commission plan'!C4 -> 1
A5: 100% to 125% | B5: ='Commission plan'!D2 -> 1 | C5: ='Commission plan'!D3 -> 1.25 | D5: ='Commission plan'!D4 -> 1.5
A6: 125% to 150% | B6: ='Commission plan'!E2 -> 1.25 | C6: ='Commission plan'!E3 -> 1.5 | D6: ='Commission plan'!E4 -> 2
A7: Above 150% | B7: ='Commission plan'!F2 -> 1.5 | C7: ='Commission plan'!F3 -> 9.99 | D7: ='Commission plan'!F4 -> 3
A9: Kickers, SPIFF and forecast weights (edit) | B9: Inputs: edit the blue cells on the 'Plan parameters' sheet; this table follows them.
A10: line | B10: value
A11: ARR at 31 Mar 2025 | B11: ='Plan parameters'!B2 -> 52600000
A12: New-logo kicker (% of new-logo ACV) | B12: ='Plan parameters'!B3 -> 0.015
A13: Multi-year kicker (% of ACV per extra year) | B13: ='Plan parameters'!B4 -> 0.01
A14: Security add-on SPIFF ($ per deal, Q3 2026) | B14: ='Plan parameters'!B5 -> 2000
A15: Payout cap (× on-target variable) | B15: ='Plan parameters'!B6 -> 3
A16: Forecast weight: commit | B16: ='Plan parameters'!B7 -> 0.9
A17: Forecast weight: best case | B17: ='Plan parameters'!B8 -> 0.5
A18: Forecast weight: pipeline | B18: ='Plan parameters'!B9 -> 0.1
A20: Quota plan by rep and quarter (edit) | B20: Inputs: edit the blue cells on the 'Quota plan' sheet; this table follows them.
A21: rep | B21: Q4 2025 | C21: Q1 2026 | D21: Q2 2026 | E21: Q3 2026 | F21: Q4 2026
A22: Noor Ortiz | B22: ='Quota plan'!E2 -> 375000 | C22: ='Quota plan'!F2 -> 375000 | D22: ='Quota plan'!G2 -> 375000 | E22: ='Quota plan'!H2 -> 375000 | F22: ='Quota plan'!I2 -> 375000
A23: Priya Yilmaz | B23: ='Quota plan'!E3 -> 0 | C23: ='Quota plan'!F3 -> 0 | D23: ='Quota plan'!G3 -> 0 | E23: ='Quota plan'!H3 -> 94000 | F23: ='Quota plan'!I3 -> 188000
A24: Marcus Schmidt | B24: ='Quota plan'!E4 -> 106000 | C24: ='Quota plan'!F4 -> 159000 | D24: ='Quota plan'!G4 -> 212000 | E24: ='Quota plan'!H4 -> 212000 | F24: ='Quota plan'!I4 -> 212000
A25: Amara Haddad | B25: ='Quota plan'!E5 -> 212000 | C25: ='Quota plan'!F5 -> 212000 | D25: ='Quota plan'!G5 -> 212000 | E25: ='Quota plan'!H5 -> 212000 | F25: ='Quota plan'!I5 -> 212000
A26: Fatima Silva | B26: ='Quota plan'!E6 -> 112000 | C26: ='Quota plan'!F6 -> 112000 | D26: ='Quota plan'!G6 -> 112000 | E26: ='Quota plan'!H6 -> 112000 | F26: ='Quota plan'!I6 -> 112000
A27: Ana Ortiz | B27: ='Quota plan'!E7 -> 84000 | C27: ='Quota plan'!F7 -> 112000 | D27: ='Quota plan'!G7 -> 112000 | E27: ='Quota plan'!H7 -> 112000 | F27: ='Quota plan'!I7 -> 112000
A28: Tobias Silva | B28: ='Quota plan'!E8 -> 375000 | C28: ='Quota plan'!F8 -> 375000 | D28: ='Quota plan'!G8 -> 375000 | E28: ='Quota plan'!H8 -> 375000 | F28: ='Quota plan'!I8 -> 375000
A29: Leila Osei | B29: ='Quota plan'!E9 -> 375000 | C29: ='Quota plan'!F9 -> 375000 | D29: ='Quota plan'!G9 -> 375000 | E29: ='Quota plan'!H9 -> 375000 | F29: ='Quota plan'!I9 -> 375000
A30: Grace Costa | B30: ='Quota plan'!E10 -> 212000 | C30: ='Quota plan'!F10 -> 212000 | D30: ='Quota plan'!G10 -> 212000 | E30: ='Quota plan'!H10 -> 212000 | F30: ='Quota plan'!I10 -> 212000
A31: Ingrid Müller | B31: ='Quota plan'!E11 -> 0 | C31: ='Quota plan'!F11 -> 0 | D31: ='Quota plan'!G11 -> 53000 | E31: ='Quota plan'!H11 -> 106000 | F31: ='Quota plan'!I11 -> 159000
A32: Ingrid Kim | B32: ='Quota plan'!E12 -> 112000 | C32: ='Quota plan'!F12 -> 112000 | D32: ='Quota plan'!G12 -> 112000 | E32: ='Quota plan'!H12 -> 112000 | F32: ='Quota plan'!I12 -> 112000
A33: Priya Nair | B33: ='Quota plan'!E13 -> 112000 | C33: ='Quota plan'!F13 -> 112000 | D33: ='Quota plan'!G13 -> 112000 | E33: ='Quota plan'!H13 -> 112000 | F33: ='Quota plan'!I13 -> 112000
... A45: Ingrid Dubois | B45: ='Quota plan'!E25 -> 80000 | C45: ='Quota plan'!F25 -> 80000 | D45: ='Quota plan'!G25 -> 80000 | E45: ='Quota plan'!H25 -> 80000 | F45: ='Quota plan'!I25 -> 80000
A47: Variable pay, Q3 2026
A48: rep | B48: Quota | C48: Bookings | D48: Attainment | E48: Commission (tranches) | F48: New-logo kicker | G48: Multi-year kicker | H48: SPIFF | I48: Total variable pay (capped) | J48: Variable vs target | K48: Pay as % of bookings | L48: YTD attainment | M48: President's Club track (1 = yes)
A49: Noor Ortiz | B49: ='Variable pay'!H2 -> 375000 | C49: ='Variable pay'!H26 -> 138600 | D49: ='Variable pay'!H50 -> 0.3696 | E49: ='Variable pay'!H74 -> 10395 | F49: ='Variable pay'!H98 -> 927 | G49: ='Variable pay'!H146 -> 768 | H49: ='Variable pay'!H194 -> 0 | I49: ='Variable pay'!H266 -> 12090 | J49: ='Variable pay'!H290 -> 0.3224 | K49: ='Variable pay'!H314 -> 0.087229437 | L49: ='Variable pay'!H362 -> 0.96106667 | M49: ='Variable pay'!H386 -> 0
A50: Priya Yilmaz | B50: ='Variable pay'!H3 -> 94000 | C50: ='Variable pay'!H27 -> 0 | D50: ='Variable pay'!H51 -> 0 | E50: ='Variable pay'!H75 -> 0 | F50: ='Variable pay'!H99 -> 0 | G50: ='Variable pay'!H147 -> 0 | H50: ='Variable pay'!H195 -> 0 | I50: ='Variable pay'!H267 -> 0 | J50: ='Variable pay'!H291 -> 0 | K50: ='Variable pay'!H315 -> 0 | L50: ='Variable pay'!H363 -> 0 | M50: ='Variable pay'!H387 -> 0
A51: Marcus Schmidt | B51: ='Variable pay'!H4 -> 212000 | C51: ='Variable pay'!H28 -> 129800 | D51: ='Variable pay'!H52 -> 0.61226415 | E51: ='Variable pay'!H76 -> 13367.02 | F51: ='Variable pay'!H100 -> 1503 | G51: ='Variable pay'!H148 -> 0 | H51: ='Variable pay'!H196 -> 0 | I51: ='Variable pay'!H268 -> 14870.02 | J51: ='Variable pay'!H292 -> 0.540728 | K51: ='Variable pay'!H316 -> 0.11456102 | L51: ='Variable pay'!H364 -> 1.206518 | M51: ='Variable pay'!H388 -> 1
A52: Amara Haddad | B52: ='Variable pay'!H5 -> 212000 | C52: ='Variable pay'!H29 -> 55300 | D52: ='Variable pay'!H53 -> 0.26084906 | E52: ='Variable pay'!H77 -> 5366.865 | F52: ='Variable pay'!H101 -> 829.5 | G52: ='Variable pay'!H149 -> 0 | H52: ='Variable pay'!H197 -> 0 | I52: ='Variable pay'!H269 -> 6196.365 | J52: ='Variable pay'!H293 -> 0.22532236 | K52: ='Variable pay'!H317 -> 0.11205 | L52: ='Variable pay'!H365 -> 0.2254717 | M52: ='Variable pay'!H389 -> 0
A53: Fatima Silva | B53: ='Variable pay'!H6 -> 112000 | C53: ='Variable pay'!H30 -> 114200 | D53: ='Variable pay'!H54 -> 1.0196429 | E53: ='Variable pay'!H78 -> 18011.14 | F53: ='Variable pay'!H102 -> 1218 | G53: ='Variable pay'!H150 -> 0 | H53: ='Variable pay'!H198 -> 6000 | I53: ='Variable pay'!H270 -> 25229.14 | J53: ='Variable pay'!H294 -> 1.261457 | K53: ='Variable pay'!H318 -> 0.22092067 | L53: ='Variable pay'!H366 -> 0.85803571 | M53: ='Variable pay'!H390 -> 0
A54: Ana Ortiz | B54: ='Variable pay'!H7 -> 112000 | C54: ='Variable pay'!H31 -> 68700 | D54: ='Variable pay'!H55 -> 0.61339286 | E54: ='Variable pay'!H79 -> 9725.66 | F54: ='Variable pay'!H103 -> 742.5 | G54: ='Variable pay'!H151 -> 0 | H54: ='Variable pay'!H199 -> 4000 | I54: ='Variable pay'!H271 -> 14468.16 | J54: ='Variable pay'!H295 -> 0.723408 | K54: ='Variable pay'!H319 -> 0.21059913 | L54: ='Variable pay'!H367 -> 0.6985119 | M54: ='Variable pay'!H391 -> 0
A55: Tobias Silva | B55: ='Variable pay'!H8 -> 375000 | C55: ='Variable pay'!H32 -> 496300 | D55: ='Variable pay'!H56 -> 1.3234667 | E55: ='Variable pay'!H80 -> 52385 | F55: ='Variable pay'!H104 -> 7444.5 | G55: ='Variable pay'!H152 -> 5746 | H55: ='Variable pay'!H200 -> 2000 | I55: ='Variable pay'!H272 -> 67575.5 | J55: ='Variable pay'!H296 -> 1.8020133 | K55: ='Variable pay'!H320 -> 0.13615857 | L55: ='Variable pay'!H368 -> 1.7436444 | M55: ='Variable pay'!H392 -> 1
A56: Leila Osei | B56: ='Variable pay'!H9 -> 375000 | C56: ='Variable pay'!H33 -> 698000 | D56: ='Variable pay'!H57 -> 1.8613333 | E56: ='Variable pay'!H81 -> 106275 | F56: ='Variable pay'!H105 -> 8569.5 | G56: ='Variable pay'!H153 -> 9421 | H56: ='Variable pay'!H201 -> 4000 | I56: ='Variable pay'!H273 -> 112500 | J56: ='Variable pay'!H297 -> 3 | K56: ='Variable pay'!H321 -> 0.16117479 | L56: ='Variable pay'!H369 -> 0.96755556 | M56: ='Variable pay'!H393 -> 0
A57: Grace Costa | B57: ='Variable pay'!H10 -> 212000 | C57: ='Variable pay'!H34 -> 382600 | D57: ='Variable pay'!H58 -> 1.804717 | E57: ='Variable pay'!H82 -> 73085.12 | F57: ='Variable pay'!H106 -> 5023.5 | G57: ='Variable pay'!H154 -> 195 | H57: ='Variable pay'!H202 -> 6000 | I57: ='Variable pay'!H274 -> 82500 | J57: ='Variable pay'!H298 -> 3 | K57: ='Variable pay'!H322 -> 0.2156299 | L57: ='Variable pay'!H370 -> 2.1287736 | M57: ='Variable pay'!H394 -> 1
A58: Ingrid Müller | B58: ='Variable pay'!H11 -> 106000 | C58: ='Variable pay'!H35 -> 245700 | D58: ='Variable pay'!H59 -> 2.3179245 | E58: ='Variable pay'!H83 -> 57660.64 | F58: ='Variable pay'!H107 -> 3259.5 | G58: ='Variable pay'!H155 -> 673 | H58: ='Variable pay'!H203 -> 2000 | I58: ='Variable pay'!H275 -> 63593.14 | J58: ='Variable pay'!H299 -> 2.3124778 | K58: ='Variable pay'!H323 -> 0.25882434 | L58: ='Variable pay'!H371 -> 2.4679245 | M58: ='Variable pay'!H395 -> 1
A59: Ingrid Kim | B59: ='Variable pay'!H12 -> 112000 | C59: ='Variable pay'!H36 -> 89100 | D59: ='Variable pay'!H60 -> 0.79553571 | E59: ='Variable pay'!H84 -> 13352.78 | F59: ='Variable pay'!H108 -> 1170 | G59: ='Variable pay'!H156 -> 0 | H59: ='Variable pay'!H204 -> 6000 | I59: ='Variable pay'!H276 -> 20522.78 | J59: ='Variable pay'!H300 -> 1.026139 | K59: ='Variable pay'!H324 -> 0.23033423 | L59: ='Variable pay'!H372 -> 0.6610119 | M59: ='Variable pay'!H396 -> 0
A60: Priya Nair | B60: ='Variable pay'!H13 -> 112000 | C60: ='Variable pay'!H37 -> 37200 | D60: ='Variable pay'!H61 -> 0.33214286 | E60: ='Variable pay'!H85 -> 4960.62 | F60: ='Variable pay'!H109 -> 477 | G60: ='Variable pay'!H157 -> 132 | H60: ='Variable pay'!H205 -> 2000 | I60: ='Variable pay'!H277 -> 7569.62 | J60: ='Variable pay'!H301 -> 0.378481 | K60: ='Variable pay'!H325 -> 0.20348441 | L60: ='Variable pay'!H373 -> 0.64434524 | M60: ='Variable pay'!H397 -> 0
... A72: Ingrid Dubois | B72: ='Variable pay'!H25 -> 80000 | C72: ='Variable pay'!H49 -> 117900 | D72: ='Variable pay'!H73 -> 1.47375 | E72: ='Variable pay'!H97 -> 33950 | F72: ='Variable pay'!H121 -> 1570.5 | G72: ='Variable pay'!H169 -> 0 | H72: ='Variable pay'!H217 -> 2000 | I72: ='Variable pay'!H289 -> 37520.5 | J72: ='Variable pay'!H313 -> 1.876025 | K72: ='Variable pay'!H337 -> 0.31824003 | L72: ='Variable pay'!H385 -> 1.1229167 | M72: ='Variable pay'!H409 -> 1
A74: Sales variable pay by quarter
A75: line | B75: Q1 2026 | C75: Q2 2026 | D75: Q3 2026 | E75: Q4 2026
A76: Sales variable pay | B76: ='Company quarterly'!E21 -> 629184.37 | C76: ='Company quarterly'!F21 -> 580550.09 | D76: ='Company quarterly'!G21 -> 730547.97 | E76: ='Company quarterly'!H21 -> 0
A95: Variable pay as % of bookings
A96: line | B96: Q1 2026 | C96: Q2 2026 | D96: Q3 2026 | E96: Q4 2026
A97: Variable pay as % of bookings | B97: ='Company quarterly'!E22 -> 0.1410095 | C97: ='Company quarterly'!F22 -> 0.15059665 | D97: ='Company quarterly'!G22 -> 0.17801744 | E97: ='Company quarterly'!H22 -> 0
A116: Pipeline coverage by rep, Q3 2026
A117: rep | B117: Gap to quota | C117: Open pipeline | D117: Commit | E117: Best case | F117: Coverage of gap (x) | G117: Pipeline created | H117: Opportunities created
A118: Noor Ortiz | B118: ='Rep quarterly'!H74 -> 236400 | C118: ='Rep quarterly'!H290 -> 258700 | D118: ='Rep quarterly'!H314 -> 0 | E118: ='Rep quarterly'!H338 -> 0 | F118: ='Rep quarterly'!H362 -> 1.0943316 | G118: ='Rep quarterly'!H266 -> 1964000 | H118: ='Rep quarterly'!H242 -> 7
A119: Priya Yilmaz | B119: ='Rep quarterly'!H75 -> 94000 | C119: ='Rep quarterly'!H291 -> 128300 | D119: ='Rep quarterly'!H315 -> 0 | E119: ='Rep quarterly'!H339 -> 0 | F119: ='Rep quarterly'!H363 -> 1.3648936 | G119: ='Rep quarterly'!H267 -> 385200 | H119: ='Rep quarterly'!H243 -> 3
A120: Marcus Schmidt | B120: ='Rep quarterly'!H76 -> 82200 | C120: ='Rep quarterly'!H292 -> 164000 | D120: ='Rep quarterly'!H316 -> 0 | E120: ='Rep quarterly'!H340 -> 164000 | F120: ='Rep quarterly'!H364 -> 1.9951338 | G120: ='Rep quarterly'!H268 -> 463000 | H120: ='Rep quarterly'!H244 -> 12
A121: Amara Haddad | B121: ='Rep quarterly'!H77 -> 156700 | C121: ='Rep quarterly'!H293 -> 94700 | D121: ='Rep quarterly'!H317 -> 57000 | E121: ='Rep quarterly'!H341 -> 37700 | F121: ='Rep quarterly'!H365 -> 0.6043395 | G121: ='Rep quarterly'!H269 -> 842400 | H121: ='Rep quarterly'!H245 -> 18
A122: Fatima Silva | B122: ='Rep quarterly'!H78 -> -2200 | C122: ='Rep quarterly'!H294 -> 67300 | D122: ='Rep quarterly'!H318 -> 0 | E122: ='Rep quarterly'!H342 -> 60200 | F122: ='Rep quarterly'!H366 | G122: ='Rep quarterly'!H270 -> 280800 | H122: ='Rep quarterly'!H246 -> 21
A123: Ana Ortiz | B123: ='Rep quarterly'!H79 -> 43300 | C123: ='Rep quarterly'!H295 -> 34500 | D123: ='Rep quarterly'!H319 -> 12400 | E123: ='Rep quarterly'!H343 -> 0 | F123: ='Rep quarterly'!H367 -> 0.79676674 | G123: ='Rep quarterly'!H271 -> 371000 | H123: ='Rep quarterly'!H247 -> 27
A124: Tobias Silva | B124: ='Rep quarterly'!H80 -> -121300 | C124: ='Rep quarterly'!H296 -> 496100 | D124: ='Rep quarterly'!H320 -> 265800 | E124: ='Rep quarterly'!H344 -> 230300 | F124: ='Rep quarterly'!H368 | G124: ='Rep quarterly'!H272 -> 201800 | H124: ='Rep quarterly'!H248 -> 2
A125: Leila Osei | B125: ='Rep quarterly'!H81 -> -323000 | C125: ='Rep quarterly'!H297 -> 253000 | D125: ='Rep quarterly'!H321 -> 0 | E125: ='Rep quarterly'!H345 -> 136300 | F125: ='Rep quarterly'!H369 | G125: ='Rep quarterly'!H273 -> 343600 | H125: ='Rep quarterly'!H249 -> 4
A126: Grace Costa | B126: ='Rep quarterly'!H82 -> -170600 | C126: ='Rep quarterly'!H298 -> 141800 | D126: ='Rep quarterly'!H322 -> 97300 | E126: ='Rep quarterly'!H346 -> 44500 | F126: ='Rep quarterly'!H370 | G126: ='Rep quarterly'!H274 -> 685000 | H126: ='Rep quarterly'!H250 -> 18
A127: Ingrid Müller | B127: ='Rep quarterly'!H83 -> -139700 | C127: ='Rep quarterly'!H299 -> 29700 | D127: ='Rep quarterly'!H323 -> 29700 | E127: ='Rep quarterly'!H347 -> 0 | F127: ='Rep quarterly'!H371 | G127: ='Rep quarterly'!H275 -> 452700 | H127: ='Rep quarterly'!H251 -> 12
A128: Ingrid Kim | B128: ='Rep quarterly'!H84 -> 22900 | C128: ='Rep quarterly'!H300 -> 0 | D128: ='Rep quarterly'!H324 -> 0 | E128: ='Rep quarterly'!H348 -> 0 | F128: ='Rep quarterly'!H372 | G128: ='Rep quarterly'!H276 -> 191800 | H128: ='Rep quarterly'!H252 -> 13
A129: Priya Nair | B129: ='Rep quarterly'!H85 -> 74800 | C129: ='Rep quarterly'!H301 -> 59900 | D129: ='Rep quarterly'!H325 -> 19700 | E129: ='Rep quarterly'!H349 -> 15300 | F129: ='Rep quarterly'!H373 -> 0.80080214 | G129: ='Rep quarterly'!H277 -> 219800 | H129: ='Rep quarterly'!H253 -> 19
... A141: Ingrid Dubois | B141: ='Rep quarterly'!H97 -> -37900 | C141: ='Rep quarterly'!H313 -> 17500 | D141: ='Rep quarterly'!H337 -> 6800 | E141: ='Rep quarterly'!H361 -> 0 | F141: ='Rep quarterly'!H385 | G141: ='Rep quarterly'!H289 -> 177500 | H141: ='Rep quarterly'!H265 -> 13
A143: Variable pay by team, Q2 2026 (paid)
A144: region | B144: segment | C144: Reps | D144: Bookings | E144: Attainment | F144: Variable pay | G144: Variable pay as % of bookings
A145: AMER East | B145: Enterprise | C145: ='Team quarterly (region × segmen'!H2 -> 2 | D145: ='Team quarterly (region × segmen'!H26 -> 436700 | E145: ='Team quarterly (region × segmen'!H38 -> 1.1645333 | F145: ='Team quarterly (region × segmen'!H206 -> 50645 | G145: ='Team quarterly (region × segmen'!H218 -> 0.11597206
B146: Mid-Market | C146: ='Team quarterly (region × segmen'!H3 -> 2 | D146: ='Team quarterly (region × segmen'!H27 -> 211600 | E146: ='Team quarterly (region × segmen'!H39 -> 0.4990566 | F146: ='Team quarterly (region × segmen'!H207 -> 26414.345 | G146: ='Team quarterly (region × segmen'!H219 -> 0.1248315
B147: SMB | C147: ='Team quarterly (region × segmen'!H4 -> 2 | D147: ='Team quarterly (region × segmen'!H28 -> 220600 | E147: ='Team quarterly (region × segmen'!H40 -> 0.98482143 | F147: ='Team quarterly (region × segmen'!H208 -> 36763.28 | G147: ='Team quarterly (region × segmen'!H220 -> 0.16665131
A148: AMER West | B148: Enterprise | C148: ='Team quarterly (region × segmen'!H5 -> 2 | D148: ='Team quarterly (region × segmen'!H29 -> 408000 | E148: ='Team quarterly (region × segmen'!H41 -> 0.544 | F148: ='Team quarterly (region × segmen'!H209 -> 45517.5 | G148: ='Team quarterly (region × segmen'!H221 -> 0.1115625
B149: Mid-Market | C149: ='Team quarterly (region × segmen'!H6 -> 2 | D149: ='Team quarterly (region × segmen'!H30 -> 794400 | E149: ='Team quarterly (region × segmen'!H42 -> 2.9977358 | F149: ='Team quarterly (region × segmen'!H210 -> 123541.39 | G149: ='Team quarterly (region × segmen'!H222 -> 0.15551534
B150: SMB | C150: ='Team quarterly (region × segmen'!H7 -> 2 | D150: ='Team quarterly (region × segmen'!H31 -> 130100 | E150: ='Team quarterly (region × segmen'!H43 -> 0.58080357 | F150: ='Team quarterly (region × segmen'!H211 -> 21120.155 | G150: ='Team quarterly (region × segmen'!H223 -> 0.16233786
A151: EMEA | B151: Enterprise | C151: ='Team quarterly (region × segmen'!H8 -> 2 | D151: ='Team quarterly (region × segmen'!H32 -> 517000 | E151: ='Team quarterly (region × segmen'!H44 -> 1.0197239 | F151: ='Team quarterly (region × segmen'!H212 -> 67617.65 | G151: ='Team quarterly (region × segmen'!H224 -> 0.13078849
B152: Mid-Market | C152: ='Team quarterly (region × segmen'!H9 -> 2 | D152: ='Team quarterly (region × segmen'!H33 -> 294100 | E152: ='Team quarterly (region × segmen'!H45 -> 0.77394737 | F152: ='Team quarterly (region × segmen'!H213 -> 43725.967 | G152: ='Team quarterly (region × segmen'!H225 -> 0.14867721
B153: SMB | C153: ='Team quarterly (region × segmen'!H10 -> 2 | D153: ='Team quarterly (region × segmen'!H34 -> 144600 | E153: ='Team quarterly (region × segmen'!H46 -> 0.723 | F153: ='Team quarterly (region × segmen'!H214 -> 26630 | G153: ='Team quarterly (region × segmen'!H226 -> 0.18416321
A154: APAC | B154: Enterprise | C154: ='Team quarterly (region × segmen'!H11 -> 2 | D154: ='Team quarterly (region × segmen'!H35 -> 188400 | E154: ='Team quarterly (region × segmen'!H47 -> 0.35954198 | F154: ='Team quarterly (region × segmen'!H215 -> 25068.385 | G154: ='Team quarterly (region × segmen'!H227 -> 0.13305937
B155: Mid-Market | C155: ='Team quarterly (region × segmen'!H12 -> 2 | D155: ='Team quarterly (region × segmen'!H36 -> 377800 | E155: ='Team quarterly (region × segmen'!H48 -> 1.2593333 | F155: ='Team quarterly (region × segmen'!H216 -> 74399.92 | G155: ='Team quarterly (region × segmen'!H228 -> 0.19692938
B156: SMB | C156: ='Team quarterly (region × segmen'!H13 -> 2 | D156: ='Team quarterly (region × segmen'!H37 -> 131700 | E156: ='Team quarterly (region × segmen'!H49 -> 1.317 | F156: ='Team quarterly (region × segmen'!H217 -> 39106.5 | G156: ='Team quarterly (region × segmen'!H229 -> 0.29693622
A158: Every cell on this sheet refers to the statement sheets; edit inputs there (blue) and this dashboard follows.

Sheet Rep scorecard Hugo Lindqvist
A1: Q3 bookings
A2: line | B2: Q3 2026
A3: Bookings | B3: ='Rep quarterly'!H38 -> 376600
A5: Q3 attainment
A6: line | B6: Q3 2026
A7: Attainment | B7: ='Rep quarterly'!H62 -> 1.1142012
A9: Coverage of Q3 gap
A10: line | B10: Q3 2026
A11: Coverage of gap (x) | B11: ='Rep quarterly'!H374
A13: Q3 variable pay to date
A14: line | B14: Q3 2026
A15: Total variable pay (capped) | B15: ='Variable pay'!H278 -> 56471.515
A17: Bookings and pipeline by month
A18: line | B18: Jan-26 | C18: Feb-26 | D18: Mar-26 | E18: Apr-26 | F18: May-26 | G18: Jun-26 | H18: Jul-26 | I18: Aug-26 | J18: Sep-26 | K18: Oct-26 | L18: Nov-26 | M18: Dec-26
A19: Bookings | B19: ='Rep monthly'!L14 -> 543300 | C19: ='Rep monthly'!M14 -> 0 | D19: ='Rep monthly'!N14 -> 0 | E19: ='Rep monthly'!O14 -> 148600 | F19: ='Rep monthly'!P14 -> 108100 | G19: ='Rep monthly'!Q14 -> 200300 | H19: ='Rep monthly'!R14 -> 0 | I19: ='Rep monthly'!S14 -> 0 | ... M19: ='Rep monthly'!W14 -> 0
A20: Open pipeline closing this month | B20: ='Rep monthly'!L182 -> 0 | C20: ='Rep monthly'!M182 -> 0 | D20: ='Rep monthly'!N182 -> 0 | E20: ='Rep monthly'!O182 -> 0 | F20: ='Rep monthly'!P182 -> 0 | G20: ='Rep monthly'!Q182 -> 0 | H20: ='Rep monthly'!R182 -> 0 | I20: ='Rep monthly'!S182 -> 0 | ... M20: ='Rep monthly'!W182 -> 223800
A39: Attainment by quarter
A40: line | B40: Q1 2026 | C40: Q2 2026 | D40: Q3 2026 | E40: Q4 2026
A41: Attainment | B41: ='Rep quarterly'!F62 -> 1.6073964 | C41: ='Rep quarterly'!G62 -> 1.352071 | D41: ='Rep quarterly'!H62 -> 1.1142012 | E41: ='Rep quarterly'!I62
A42: Forecast attainment | B42: ='Rep quarterly'!F422 -> 1.6073964 | C42: ='Rep quarterly'!G422 -> 1.352071 | D42: ='Rep quarterly'!H422 -> 1.4671302 | E42: ='Rep quarterly'!I422 -> 0.65156805
A43: YTD attainment | B43: ='Rep quarterly'!F494 -> 1.6073964 | C43: ='Rep quarterly'!G494 -> 1.4797337 | D43: ='Rep quarterly'!H494 -> 1.3578895 | E43: ='Rep quarterly'!I494 -> 1.0184172
A62: Quarterly scorecard
A63: line | B63: Q4 2025 | C63: Q1 2026 | D63: Q2 2026 | E63: Q3 2026 | F63: Q4 2026
A64: Quota | B64: ='Rep quarterly'!E14 -> 338000 | C64: ='Rep quarterly'!F14 -> 338000 | D64: ='Rep quarterly'!G14 -> 338000 | E64: ='Rep quarterly'!H14 -> 338000 | F64: ='Rep quarterly'!I14 -> 338000
A65: Bookings | B65: ='Rep quarterly'!E38 -> 271600 | C65: ='Rep quarterly'!F38 -> 543300 | D65: ='Rep quarterly'!G38 -> 457000 | E65: ='Rep quarterly'!H38 -> 376600 | F65: ='Rep quarterly'!I38 -> 0
A66: Attainment | B66: ='Rep quarterly'!E62 -> 0.8035503 | C66: ='Rep quarterly'!F62 -> 1.6073964 | D66: ='Rep quarterly'!G62 -> 1.352071 | E66: ='Rep quarterly'!H62 -> 1.1142012 | F66: ='Rep quarterly'!I62
A67: Gap to quota | B67: ='Rep quarterly'!E86 -> 66400 | C67: ='Rep quarterly'!F86 -> -205300 | D67: ='Rep quarterly'!G86 -> -119000 | E67: ='Rep quarterly'!H86 -> -38600 | F67: ='Rep quarterly'!I86 -> 338000
A68: Deals won | B68: ='Rep quarterly'!E110 -> 3 | C68: ='Rep quarterly'!F110 -> 2 | D68: ='Rep quarterly'!G110 -> 5 | E68: ='Rep quarterly'!H110 -> 2 | F68: ='Rep quarterly'!I110 -> 0
A69: Deals lost | B69: ='Rep quarterly'!E134 -> 10 | C69: ='Rep quarterly'!F134 -> 5 | D69: ='Rep quarterly'!G134 -> 7 | E69: ='Rep quarterly'!H134 -> 3 | F69: ='Rep quarterly'!I134 -> 0
A70: Win rate | B70: ='Rep quarterly'!E158 -> 0.23076923 | C70: ='Rep quarterly'!F158 -> 0.28571429 | D70: ='Rep quarterly'!G158 -> 0.41666667 | E70: ='Rep quarterly'!H158 -> 0.4 | F70: ='Rep quarterly'!I158
A71: Average deal | B71: ='Rep quarterly'!E182 -> 90533.333 | C71: ='Rep quarterly'!F182 -> 271650 | D71: ='Rep quarterly'!G182 -> 91400 | E71: ='Rep quarterly'!H182 -> 188300 | F71: ='Rep quarterly'!I182
A72: New logos | B72: ='Rep quarterly'!E206 -> 2 | C72: ='Rep quarterly'!F206 -> 2 | D72: ='Rep quarterly'!G206 -> 4 | E72: ='Rep quarterly'!H206 -> 2 | F72: ='Rep quarterly'!I206 -> 0
A73: Open pipeline | B73: ='Rep quarterly'!E302 -> 0 | C73: ='Rep quarterly'!F302 -> 0 | D73: ='Rep quarterly'!G302 -> 0 | E73: ='Rep quarterly'!H302 -> 292100 | F73: ='Rep quarterly'!I302 -> 630300
A74: Commit | B74: ='Rep quarterly'!E326 -> 0 | C74: ='Rep quarterly'!F326 -> 0 | D74: ='Rep quarterly'!G326 -> 0 | E74: ='Rep quarterly'!H326 -> 112600 | F74: ='Rep quarterly'!I326 -> 32900
A75: Best case | B75: ='Rep quarterly'!E350 -> 0 | C75: ='Rep quarterly'!F350 -> 0 | D75: ='Rep quarterly'!G350 -> 0 | E75: ='Rep quarterly'!H350 -> 0 | F75: ='Rep quarterly'!I350 -> 327200
A76: Coverage of gap (x) | B76: ='Rep quarterly'!E374 | C76: ='Rep quarterly'!F374 | D76: ='Rep quarterly'!G374 | E76: ='Rep quarterly'!H374 | F76: ='Rep quarterly'!I374 -> 1.8647929
A77: Forecast | B77: ='Rep quarterly'!E398 -> 271600 | C77: ='Rep quarterly'!F398 -> 543300 | D77: ='Rep quarterly'!G398 -> 457000 | E77: ='Rep quarterly'!H398 -> 495890 | F77: ='Rep quarterly'!I398 -> 220230
A78: Forecast attainment | B78: ='Rep quarterly'!E422 -> 0.8035503 | C78: ='Rep quarterly'!F422 -> 1.6073964 | D78: ='Rep quarterly'!G422 -> 1.352071 | E78: ='Rep quarterly'!H422 -> 1.4671302 | F78: ='Rep quarterly'!I422 -> 0.65156805
A80: Commission statement, Q3 2026 (by tranche)
A81: tranche | B81: Attainment | C81: Attainment in tranche | D81: Effective rate | E81: Commission
A82: Below 50% | B82: ='Commission by tranche'!D91 -> 1.1142012 | C82: ='Commission by tranche'!D259 -> 0.5 | D82: ='Commission by tranche'!D427 -> 0.083325 | E82: ='Commission by tranche'!D595 -> 14081.925
A83: 50% to 100% | B83: ='Commission by tranche'!E91 -> 1.1142012 | C83: ='Commission by tranche'!E259 -> 0.5 | D83: ='Commission by tranche'!E427 -> 0.1111 | E83: ='Commission by tranche'!E595 -> 18775.9
A84: 100% to 125% | B84: ='Commission by tranche'!F91 -> 1.1142012 | C84: ='Commission by tranche'!F259 -> 0.11420118 | D84: ='Commission by tranche'!F427 -> 0.16665 | E84: ='Commission by tranche'!F595 -> 6432.69
A85: 125% to 150% | B85: ='Commission by tranche'!G91 -> 1.1142012 | C85: ='Commission by tranche'!G259 -> 0 | D85: ='Commission by tranche'!G427 -> 0.2222 | E85: ='Commission by tranche'!G595 -> 0
A86: Above 150% | B86: ='Commission by tranche'!H91 -> 1.1142012 | C86: ='Commission by tranche'!H259 -> 0 | D86: ='Commission by tranche'!H427 -> 0.3333 | E86: ='Commission by tranche'!H595 -> 0
A87: Total | B87: ='Commission by tranche'!I91 -> 1.1142012 | C87: ='Commission by tranche'!I259 -> 1.1142012 | D87: ='Commission by tranche'!I427 | E87: ='Commission by tranche'!I595 -> 39290.515
A89: Variable pay by quarter
A90: line | B90: Q4 2025 | C90: Q1 2026 | D90: Q2 2026 | E90: Q3 2026 | F90: Q4 2026
A91: Commission (tranches) | B91: ='Variable pay'!E86 -> 25480.785 | C91: ='Variable pay'!F86 -> 77814.44 | D91: ='Variable pay'!G86 -> 54605.65 | E91: ='Variable pay'!H86 -> 39290.515 | F91: ='Variable pay'!I86 -> 0
A92: New-logo kicker | B92: ='Variable pay'!E110 -> 3118.5 | C92: ='Variable pay'!F110 -> 8149.5 | D92: ='Variable pay'!G110 -> 5233.5 | E92: ='Variable pay'!H110 -> 5649 | F92: ='Variable pay'!I110 -> 0
A93: Multi-year kicker | B93: ='Variable pay'!E158 -> 2945 | C93: ='Variable pay'!F158 -> 5433 | D93: ='Variable pay'!G158 -> 2779 | E93: ='Variable pay'!H158 -> 7532 | F93: ='Variable pay'!I158 -> 0
A94: SPIFF | B94: ='Variable pay'!E206 -> 0 | C94: ='Variable pay'!F206 -> 0 | D94: ='Variable pay'!G206 -> 0 | E94: ='Variable pay'!H206 -> 4000 | F94: ='Variable pay'!I206 -> 0
A95: Variable pay before cap | B95: ='Variable pay'!E230 -> 31544.285 | C95: ='Variable pay'!F230 -> 91396.94 | D95: ='Variable pay'!G230 -> 62618.15 | E95: ='Variable pay'!H230 -> 56471.515 | F95: ='Variable pay'!I230 -> 0
A96: On-target variable (quarter) | B96: ='Variable pay'!E254 -> 37500 | C96: ='Variable pay'!F254 -> 37500 | D96: ='Variable pay'!G254 -> 37500 | E96: ='Variable pay'!H254 -> 37500 | F96: ='Variable pay'!I254 -> 37500
A97: Total variable pay (capped) | B97: ='Variable pay'!E278 -> 31544.285 | C97: ='Variable pay'!F278 -> 91396.94 | D97: ='Variable pay'!G278 -> 62618.15 | E97: ='Variable pay'!H278 -> 56471.515 | F97: ='Variable pay'!I278 -> 0
A98: Variable vs target | B98: ='Variable pay'!E302 -> 0.84118093 | C98: ='Variable pay'!F302 -> 2.4372517 | D98: ='Variable pay'!G302 -> 1.6698173 | E98: ='Variable pay'!H302 -> 1.5059071 | F98: ='Variable pay'!I302 -> 0
A99: YTD variable pay | B99: ='Variable pay'!E350 -> 31544.285 | C99: ='Variable pay'!F350 -> 91396.94 | D99: ='Variable pay'!G350 -> 154015.09 | E99: ='Variable pay'!H350 -> 210486.61 | F99: ='Variable pay'!I350 -> 210486.61
A100: President's Club track (1 = yes) | B100: ='Variable pay'!E398 -> 0 | C100: ='Variable pay'!F398 -> 1 | D100: ='Variable pay'!G398 -> 1 | E100: ='Variable pay'!H398 -> 1 | F100: ='Variable pay'!I398 -> 1
A102: Every cell on this sheet refers to the statement sheets; edit inputs there (blue) and this dashboard follows.

Sheet SDR and BDR pipeline generation
A1: Scorecard, August 2026
A2: sdr | B2: Calls | C2: Connects | D2: Meetings set | E2: Meetings held | F2: SQLs | G2: SQL quota | H2: SQL attainment | I2: Connect rate | J2: Show rate | K2: Opportunities sourced | L2: Pipeline sourced | M2: Pipeline per SQL
A3: Zara Kowalski | B3: ='SDR and BDR scorecard'!S2 -> 1055 | C3: ='SDR and BDR scorecard'!S18 -> 261 | D3: ='SDR and BDR scorecard'!S26 -> 35 | E3: ='SDR and BDR scorecard'!S34 -> 26 | F3: ='SDR and BDR scorecard'!S42 -> 19 | G3: ='SDR and BDR scorecard'!S50 -> 10 | H3: ='SDR and BDR scorecard'!S58 -> 1.9 | I3: ='SDR and BDR scorecard'!S66 -> 0.24739336 | J3: ='SDR and BDR scorecard'!S82 -> 0.74285714 | K3: ='SDR and BDR scorecard'!S90 -> 19 | L3: ='SDR and BDR scorecard'!S98 -> 1323900 | M3: ='SDR and BDR scorecard'!S114 -> 69678.947
A4: Kenji Kowalski | B4: ='SDR and BDR scorecard'!S3 -> 677 | C4: ='SDR and BDR scorecard'!S19 -> 48 | D4: ='SDR and BDR scorecard'!S27 -> 7 | E4: ='SDR and BDR scorecard'!S35 -> 4 | F4: ='SDR and BDR scorecard'!S43 -> 4 | G4: ='SDR and BDR scorecard'!S51 -> 6 | H4: ='SDR and BDR scorecard'!S59 -> 0.66666667 | I4: ='SDR and BDR scorecard'!S67 -> 0.070901034 | J4: ='SDR and BDR scorecard'!S83 -> 0.57142857 | K4: ='SDR and BDR scorecard'!S91 -> 4 | L4: ='SDR and BDR scorecard'!S99 -> 85200 | M4: ='SDR and BDR scorecard'!S115 -> 21300
A5: Marcus Nair | B5: ='SDR and BDR scorecard'!S4 -> 684 | C5: ='SDR and BDR scorecard'!S20 -> 122 | D5: ='SDR and BDR scorecard'!S28 -> 20 | E5: ='SDR and BDR scorecard'!S36 -> 15 | F5: ='SDR and BDR scorecard'!S44 -> 11 | G5: ='SDR and BDR scorecard'!S52 -> 10 | H5: ='SDR and BDR scorecard'!S60 -> 1.1 | I5: ='SDR and BDR scorecard'!S68 -> 0.17836257 | J5: ='SDR and BDR scorecard'!S84 -> 0.75 | K5: ='SDR and BDR scorecard'!S92 -> 11 | L5: ='SDR and BDR scorecard'!S100 -> 319200 | M5: ='SDR and BDR scorecard'!S116 -> 29018.182
A6: Yuki Rahman | B6: ='SDR and BDR scorecard'!S5 -> 610 | C6: ='SDR and BDR scorecard'!S21 -> 54 | D6: ='SDR and BDR scorecard'!S29 -> 12 | E6: ='SDR and BDR scorecard'!S37 -> 10 | F6: ='SDR and BDR scorecard'!S45 -> 6 | G6: ='SDR and BDR scorecard'!S53 -> 6 | H6: ='SDR and BDR scorecard'!S61 -> 1 | I6: ='SDR and BDR scorecard'!S69 -> 0.08852459 | J6: ='SDR and BDR scorecard'!S85 -> 0.83333333 | K6: ='SDR and BDR scorecard'!S93 -> 6 | L6: ='SDR and BDR scorecard'!S101 -> 142300 | M6: ='SDR and BDR scorecard'!S117 -> 23716.667
A7: Chloe Patel | B7: ='SDR and BDR scorecard'!S6 -> 794 | C7: ='SDR and BDR scorecard'!S22 -> 170 | D7: ='SDR and BDR scorecard'!S30 -> 30 | E7: ='SDR and BDR scorecard'!S38 -> 21 | F7: ='SDR and BDR scorecard'!S46 -> 14 | G7: ='SDR and BDR scorecard'!S54 -> 10 | H7: ='SDR and BDR scorecard'!S62 -> 1.4 | I7: ='SDR and BDR scorecard'!S70 -> 0.21410579 | J7: ='SDR and BDR scorecard'!S86 -> 0.7 | K7: ='SDR and BDR scorecard'!S94 -> 14 | L7: ='SDR and BDR scorecard'!S102 -> 611400 | M7: ='SDR and BDR scorecard'!S118 -> 43671.429
A8: Samuel Kowalski | B8: ='SDR and BDR scorecard'!S7 -> 548 | C8: ='SDR and BDR scorecard'!S23 -> 49 | D8: ='SDR and BDR scorecard'!S31 -> 9 | E8: ='SDR and BDR scorecard'!S39 -> 6 | F8: ='SDR and BDR scorecard'!S47 -> 5 | G8: ='SDR and BDR scorecard'!S55 -> 6 | H8: ='SDR and BDR scorecard'!S63 -> 0.83333333 | I8: ='SDR and BDR scorecard'!S71 -> 0.089416058 | J8: ='SDR and BDR scorecard'!S87 -> 0.66666667 | K8: ='SDR and BDR scorecard'!S95 -> 5 | L8: ='SDR and BDR scorecard'!S103 -> 123400 | M8: ='SDR and BDR scorecard'!S119 -> 24680
A9: Rafael Ivanova | B9: ='SDR and BDR scorecard'!S8 -> 588 | C9: ='SDR and BDR scorecard'!S24 -> 91 | D9: ='SDR and BDR scorecard'!S32 -> 16 | E9: ='SDR and BDR scorecard'!S40 -> 13 | F9: ='SDR and BDR scorecard'!S48 -> 10 | G9: ='SDR and BDR scorecard'!S56 -> 10 | H9: ='SDR and BDR scorecard'!S64 -> 1 | I9: ='SDR and BDR scorecard'!S72 -> 0.1547619 | J9: ='SDR and BDR scorecard'!S88 -> 0.8125 | K9: ='SDR and BDR scorecard'!S96 -> 10 | L9: ='SDR and BDR scorecard'!S104 -> 736000 | M9: ='SDR and BDR scorecard'!S120 -> 73600
A10: Wei Kowalski | B10: ='SDR and BDR scorecard'!S9 -> 589 | C10: ='SDR and BDR scorecard'!S25 -> 55 | D10: ='SDR and BDR scorecard'!S33 -> 7 | E10: ='SDR and BDR scorecard'!S41 -> 6 | F10: ='SDR and BDR scorecard'!S49 -> 5 | G10: ='SDR and BDR scorecard'!S57 -> 6 | H10: ='SDR and BDR scorecard'!S65 -> 0.83333333 | I10: ='SDR and BDR scorecard'!S73 -> 0.093378608 | J10: ='SDR and BDR scorecard'!S89 -> 0.85714286 | K10: ='SDR and BDR scorecard'!S97 -> 5 | L10: ='SDR and BDR scorecard'!S105 -> 241500 | M10: ='SDR and BDR scorecard'!S121 -> 48300
A12: SQLs by month
A13: sdr | B13: Jan-26 | C13: Feb-26 | D13: Mar-26 | E13: Apr-26 | F13: May-26 | G13: Jun-26 | H13: Jul-26 | I13: Aug-26
A14: Zara Kowalski | B14: ='SDR and BDR scorecard'!L42 -> 15 | C14: ='SDR and BDR scorecard'!M42 -> 9 | D14: ='SDR and BDR scorecard'!N42 -> 16 | E14: ='SDR and BDR scorecard'!O42 -> 28 | F14: ='SDR and BDR scorecard'!P42 -> 21 | G14: ='SDR and BDR scorecard'!Q42 -> 16 | H14: ='SDR and BDR scorecard'!R42 -> 20 | I14: ='SDR and BDR scorecard'!S42 -> 19
A15: Kenji Kowalski | B15: ='SDR and BDR scorecard'!L43 -> 6 | C15: ='SDR and BDR scorecard'!M43 -> 9 | D15: ='SDR and BDR scorecard'!N43 -> 2 | E15: ='SDR and BDR scorecard'!O43 -> 5 | F15: ='SDR and BDR scorecard'!P43 -> 2 | G15: ='SDR and BDR scorecard'!Q43 -> 4 | H15: ='SDR and BDR scorecard'!R43 -> 6 | I15: ='SDR and BDR scorecard'!S43 -> 4
A16: Marcus Nair | B16: ='SDR and BDR scorecard'!L44 -> 10 | C16: ='SDR and BDR scorecard'!M44 -> 14 | D16: ='SDR and BDR scorecard'!N44 -> 12 | E16: ='SDR and BDR scorecard'!O44 -> 16 | F16: ='SDR and BDR scorecard'!P44 -> 13 | G16: ='SDR and BDR scorecard'!Q44 -> 21 | H16: ='SDR and BDR scorecard'!R44 -> 22 | I16: ='SDR and BDR scorecard'!S44 -> 11
A17: Yuki Rahman | B17: ='SDR and BDR scorecard'!L45 -> 5 | C17: ='SDR and BDR scorecard'!M45 -> 4 | D17: ='SDR and BDR scorecard'!N45 -> 4 | E17: ='SDR and BDR scorecard'!O45 -> 3 | F17: ='SDR and BDR scorecard'!P45 -> 4 | G17: ='SDR and BDR scorecard'!Q45 -> 5 | H17: ='SDR and BDR scorecard'!R45 -> 4 | I17: ='SDR and BDR scorecard'!S45 -> 6
A18: Chloe Patel | B18: ='SDR and BDR scorecard'!L46 -> 19 | C18: ='SDR and BDR scorecard'!M46 -> 11 | D18: ='SDR and BDR scorecard'!N46 -> 13 | E18: ='SDR and BDR scorecard'!O46 -> 16 | F18: ='SDR and BDR scorecard'!P46 -> 9 | G18: ='SDR and BDR scorecard'!Q46 -> 15 | H18: ='SDR and BDR scorecard'!R46 -> 13 | I18: ='SDR and BDR scorecard'!S46 -> 14
A19: Samuel Kowalski | B19: ='SDR and BDR scorecard'!L47 -> 6 | C19: ='SDR and BDR scorecard'!M47 -> 8 | D19: ='SDR and BDR scorecard'!N47 -> 1 | E19: ='SDR and BDR scorecard'!O47 -> 4 | F19: ='SDR and BDR scorecard'!P47 -> 7 | G19: ='SDR and BDR scorecard'!Q47 -> 3 | H19: ='SDR and BDR scorecard'!R47 -> 4 | I19: ='SDR and BDR scorecard'!S47 -> 5
A20: Rafael Ivanova | B20: ='SDR and BDR scorecard'!L48 -> 3 | C20: ='SDR and BDR scorecard'!M48 -> 8 | D20: ='SDR and BDR scorecard'!N48 -> 17 | E20: ='SDR and BDR scorecard'!O48 -> 6 | F20: ='SDR and BDR scorecard'!P48 -> 6 | G20: ='SDR and BDR scorecard'!Q48 -> 12 | H20: ='SDR and BDR scorecard'!R48 -> 7 | I20: ='SDR and BDR scorecard'!S48 -> 10
A21: Wei Kowalski | B21: ='SDR and BDR scorecard'!L49 -> 4 | C21: ='SDR and BDR scorecard'!M49 -> 4 | D21: ='SDR and BDR scorecard'!N49 -> 7 | E21: ='SDR and BDR scorecard'!O49 -> 6 | F21: ='SDR and BDR scorecard'!P49 -> 6 | G21: ='SDR and BDR scorecard'!Q49 -> 7 | H21: ='SDR and BDR scorecard'!R49 -> 5 | I21: ='SDR and BDR scorecard'!S49 -> 5
A40: SQL attainment by month
A41: sdr | B41: Jan-26 | C41: Feb-26 | D41: Mar-26 | E41: Apr-26 | F41: May-26 | G41: Jun-26 | H41: Jul-26 | I41: Aug-26
A42: Zara Kowalski | B42: ='SDR and BDR scorecard'!L58 -> 1.5 | C42: ='SDR and BDR scorecard'!M58 -> 0.9 | D42: ='SDR and BDR scorecard'!N58 -> 1.6 | E42: ='SDR and BDR scorecard'!O58 -> 2.8 | F42: ='SDR and BDR scorecard'!P58 -> 2.1 | G42: ='SDR and BDR scorecard'!Q58 -> 1.6 | H42: ='SDR and BDR scorecard'!R58 -> 2 | I42: ='SDR and BDR scorecard'!S58 -> 1.9
A43: Kenji Kowalski | B43: ='SDR and BDR scorecard'!L59 -> 1 | C43: ='SDR and BDR scorecard'!M59 -> 1.5 | D43: ='SDR and BDR scorecard'!N59 -> 0.33333333 | E43: ='SDR and BDR scorecard'!O59 -> 0.83333333 | F43: ='SDR and BDR scorecard'!P59 -> 0.33333333 | G43: ='SDR and BDR scorecard'!Q59 -> 0.66666667 | H43: ='SDR and BDR scorecard'!R59 -> 1 | I43: ='SDR and BDR scorecard'!S59 -> 0.66666667
A44: Marcus Nair | B44: ='SDR and BDR scorecard'!L60 -> 1 | C44: ='SDR and BDR scorecard'!M60 -> 1.4 | D44: ='SDR and BDR scorecard'!N60 -> 1.2 | E44: ='SDR and BDR scorecard'!O60 -> 1.6 | F44: ='SDR and BDR scorecard'!P60 -> 1.3 | G44: ='SDR and BDR scorecard'!Q60 -> 2.1 | H44: ='SDR and BDR scorecard'!R60 -> 2.2 | I44: ='SDR and BDR scorecard'!S60 -> 1.1
A45: Yuki Rahman | B45: ='SDR and BDR scorecard'!L61 -> 0.83333333 | C45: ='SDR and BDR scorecard'!M61 -> 0.66666667 | D45: ='SDR and BDR scorecard'!N61 -> 0.66666667 | E45: ='SDR and BDR scorecard'!O61 -> 0.5 | F45: ='SDR and BDR scorecard'!P61 -> 0.66666667 | G45: ='SDR and BDR scorecard'!Q61 -> 0.83333333 | H45: ='SDR and BDR scorecard'!R61 -> 0.66666667 | I45: ='SDR and BDR scorecard'!S61 -> 1
A46: Chloe Patel | B46: ='SDR and BDR scorecard'!L62 -> 1.9 | C46: ='SDR and BDR scorecard'!M62 -> 1.1 | D46: ='SDR and BDR scorecard'!N62 -> 1.3 | E46: ='SDR and BDR scorecard'!O62 -> 1.6 | F46: ='SDR and BDR scorecard'!P62 -> 0.9 | G46: ='SDR and BDR scorecard'!Q62 -> 1.5 | H46: ='SDR and BDR scorecard'!R62 -> 1.3 | I46: ='SDR and BDR scorecard'!S62 -> 1.4
A47: Samuel Kowalski | B47: ='SDR and BDR scorecard'!L63 -> 1 | C47: ='SDR and BDR scorecard'!M63 -> 1.3333333 | D47: ='SDR and BDR scorecard'!N63 -> 0.16666667 | E47: ='SDR and BDR scorecard'!O63 -> 0.66666667 | F47: ='SDR and BDR scorecard'!P63 -> 1.1666667 | G47: ='SDR and BDR scorecard'!Q63 -> 0.5 | H47: ='SDR and BDR scorecard'!R63 -> 0.66666667 | I47: ='SDR and BDR scorecard'!S63 -> 0.83333333
A48: Rafael Ivanova | B48: ='SDR and BDR scorecard'!L64 -> 0.3 | C48: ='SDR and BDR scorecard'!M64 -> 0.8 | D48: ='SDR and BDR scorecard'!N64 -> 1.7 | E48: ='SDR and BDR scorecard'!O64 -> 0.6 | F48: ='SDR and BDR scorecard'!P64 -> 0.6 | G48: ='SDR and BDR scorecard'!Q64 -> 1.2 | H48: ='SDR and BDR scorecard'!R64 -> 0.7 | I48: ='SDR and BDR scorecard'!S64 -> 1
A49: Wei Kowalski | B49: ='SDR and BDR scorecard'!L65 -> 0.66666667 | C49: ='SDR and BDR scorecard'!M65 -> 0.66666667 | D49: ='SDR and BDR scorecard'!N65 -> 1.1666667 | E49: ='SDR and BDR scorecard'!O65 -> 1 | F49: ='SDR and BDR scorecard'!P65 -> 1 | G49: ='SDR and BDR scorecard'!Q65 -> 1.1666667 | H49: ='SDR and BDR scorecard'!R65 -> 0.83333333 | I49: ='SDR and BDR scorecard'!S65 -> 0.83333333
A68: Pipeline sourced by month
A69: sdr | B69: Jan-26 | C69: Feb-26 | D69: Mar-26 | E69: Apr-26 | F69: May-26 | G69: Jun-26 | H69: Jul-26 | I69: Aug-26
A70: Zara Kowalski | B70: ='SDR and BDR scorecard'!L98 -> 766400 | C70: ='SDR and BDR scorecard'!M98 -> 338400 | D70: ='SDR and BDR scorecard'!N98 -> 481800 | E70: ='SDR and BDR scorecard'!O98 -> 996500 | F70: ='SDR and BDR scorecard'!P98 -> 1569300 | G70: ='SDR and BDR scorecard'!Q98 -> 763000 | H70: ='SDR and BDR scorecard'!R98 -> 657000 | I70: ='SDR and BDR scorecard'!S98 -> 1323900
A71: Kenji Kowalski | B71: ='SDR and BDR scorecard'!L99 -> 237600 | C71: ='SDR and BDR scorecard'!M99 -> 1174500 | D71: ='SDR and BDR scorecard'!N99 -> 97400 | E71: ='SDR and BDR scorecard'!O99 -> 147700 | F71: ='SDR and BDR scorecard'!P99 -> 35200 | G71: ='SDR and BDR scorecard'!Q99 -> 260200 | H71: ='SDR and BDR scorecard'!R99 -> 143400 | I71: ='SDR and BDR scorecard'!S99 -> 85200
A72: Marcus Nair | B72: ='SDR and BDR scorecard'!L100 -> 427200 | C72: ='SDR and BDR scorecard'!M100 -> 1316500 | D72: ='SDR and BDR scorecard'!N100 -> 482800 | E72: ='SDR and BDR scorecard'!O100 -> 1096000 | F72: ='SDR and BDR scorecard'!P100 -> 697900 | G72: ='SDR and BDR scorecard'!Q100 -> 1066400 | H72: ='SDR and BDR scorecard'!R100 -> 874000 | I72: ='SDR and BDR scorecard'!S100 -> 319200
A73: Yuki Rahman | B73: ='SDR and BDR scorecard'!L101 -> 247500 | C73: ='SDR and BDR scorecard'!M101 -> 311000 | D73: ='SDR and BDR scorecard'!N101 -> 276300 | E73: ='SDR and BDR scorecard'!O101 -> 56200 | F73: ='SDR and BDR scorecard'!P101 -> 277500 | G73: ='SDR and BDR scorecard'!Q101 -> 223700 | H73: ='SDR and BDR scorecard'!R101 -> 106400 | I73: ='SDR and BDR scorecard'!S101 -> 142300
A74: Chloe Patel | B74: ='SDR and BDR scorecard'!L102 -> 621100 | C74: ='SDR and BDR scorecard'!M102 -> 184200 | D74: ='SDR and BDR scorecard'!N102 -> 228000 | E74: ='SDR and BDR scorecard'!O102 -> 649700 | F74: ='SDR and BDR scorecard'!P102 -> 191800 | G74: ='SDR and BDR scorecard'!Q102 -> 681500 | H74: ='SDR and BDR scorecard'!R102 -> 712900 | I74: ='SDR and BDR scorecard'!S102 -> 611400
A75: Samuel Kowalski | B75: ='SDR and BDR scorecard'!L103 -> 256600 | C75: ='SDR and BDR scorecard'!M103 -> 488600 | D75: ='SDR and BDR scorecard'!N103 -> 18300 | E75: ='SDR and BDR scorecard'!O103 -> 112200 | F75: ='SDR and BDR scorecard'!P103 -> 530200 | G75: ='SDR and BDR scorecard'!Q103 -> 224500 | H75: ='SDR and BDR scorecard'!R103 -> 32100 | I75: ='SDR and BDR scorecard'!S103 -> 123400
A76: Rafael Ivanova | B76: ='SDR and BDR scorecard'!L104 -> 410300 | C76: ='SDR and BDR scorecard'!M104 -> 272400 | D76: ='SDR and BDR scorecard'!N104 -> 1015000 | E76: ='SDR and BDR scorecard'!O104 -> 250100 | F76: ='SDR and BDR scorecard'!P104 -> 158200 | G76: ='SDR and BDR scorecard'!Q104 -> 684200 | H76: ='SDR and BDR scorecard'!R104 -> 294700 | I76: ='SDR and BDR scorecard'!S104 -> 736000
A77: Wei Kowalski | B77: ='SDR and BDR scorecard'!L105 -> 101300 | C77: ='SDR and BDR scorecard'!M105 -> 167500 | D77: ='SDR and BDR scorecard'!N105 -> 654600 | E77: ='SDR and BDR scorecard'!O105 -> 266700 | F77: ='SDR and BDR scorecard'!P105 -> 365700 | G77: ='SDR and BDR scorecard'!Q105 -> 398900 | H77: ='SDR and BDR scorecard'!R105 -> 104200 | I77: ='SDR and BDR scorecard'!S105 -> 241500
A96: Connect rate by month
A97: sdr | B97: Jan-26 | C97: Feb-26 | D97: Mar-26 | E97: Apr-26 | F97: May-26 | G97: Jun-26 | H97: Jul-26 | I97: Aug-26
A98: Zara Kowalski | B98: ='SDR and BDR scorecard'!L66 -> 0.18679775 | C98: ='SDR and BDR scorecard'!M66 -> 0.19111111 | D98: ='SDR and BDR scorecard'!N66 -> 0.20798898 | E98: ='SDR and BDR scorecard'!O66 -> 0.15745311 | F98: ='SDR and BDR scorecard'!P66 -> 0.17146597 | G98: ='SDR and BDR scorecard'!Q66 -> 0.20655271 | H98: ='SDR and BDR scorecard'!R66 -> 0.17354086 | I98: ='SDR and BDR scorecard'!S66 -> 0.24739336
A99: Kenji Kowalski | B99: ='SDR and BDR scorecard'!L67 -> 0.088010204 | C99: ='SDR and BDR scorecard'!M67 -> 0.086696562 | D99: ='SDR and BDR scorecard'!N67 -> 0.071884984 | E99: ='SDR and BDR scorecard'!O67 -> 0.08605852 | F99: ='SDR and BDR scorecard'!P67 -> 0.089922481 | G99: ='SDR and BDR scorecard'!Q67 -> 0.077044025 | H99: ='SDR and BDR scorecard'!R67 -> 0.11090226 | I99: ='SDR and BDR scorecard'!S67 -> 0.070901034
A100: Marcus Nair | B100: ='SDR and BDR scorecard'!L68 -> 0.15277778 | C100: ='SDR and BDR scorecard'!M68 -> 0.16790353 | D100: ='SDR and BDR scorecard'!N68 -> 0.2035225 | E100: ='SDR and BDR scorecard'!O68 -> 0.1795302 | F100: ='SDR and BDR scorecard'!P68 -> 0.19876733 | G100: ='SDR and BDR scorecard'!Q68 -> 0.18133333 | H100: ='SDR and BDR scorecard'!R68 -> 0.17241379 | I100: ='SDR and BDR scorecard'!S68 -> 0.17836257
A101: Yuki Rahman | B101: ='SDR and BDR scorecard'!L69 -> 0.090352221 | C101: ='SDR and BDR scorecard'!M69 -> 0.077727952 | D101: ='SDR and BDR scorecard'!N69 -> 0.081163859 | E101: ='SDR and BDR scorecard'!O69 -> 0.078492936 | F101: ='SDR and BDR scorecard'!P69 -> 0.070878274 | G101: ='SDR and BDR scorecard'!Q69 -> 0.096256684 | H101: ='SDR and BDR scorecard'!R69 -> 0.092696629 | I101: ='SDR and BDR scorecard'!S69 -> 0.08852459
A102: Chloe Patel | B102: ='SDR and BDR scorecard'!L70 -> 0.1478314 | C102: ='SDR and BDR scorecard'!M70 -> 0.19877676 | D102: ='SDR and BDR scorecard'!N70 -> 0.14878049 | E102: ='SDR and BDR scorecard'!O70 -> 0.11987128 | F102: ='SDR and BDR scorecard'!P70 -> 0.19256018 | G102: ='SDR and BDR scorecard'!Q70 -> 0.15627996 | H102: ='SDR and BDR scorecard'!R70 -> 0.13166144 | I102: ='SDR and BDR scorecard'!S70 -> 0.21410579
A103: Samuel Kowalski | B103: ='SDR and BDR scorecard'!L71 -> 0.067251462 | C103: ='SDR and BDR scorecard'!M71 -> 0.080267559 | D103: ='SDR and BDR scorecard'!N71 -> 0.082217973 | E103: ='SDR and BDR scorecard'!O71 -> 0.067114094 | F103: ='SDR and BDR scorecard'!P71 -> 0.098540146 | G103: ='SDR and BDR scorecard'!Q71 -> 0.0831643 | H103: ='SDR and BDR scorecard'!R71 -> 0.064194009 | I103: ='SDR and BDR scorecard'!S71 -> 0.089416058
A104: Rafael Ivanova | B104: ='SDR and BDR scorecard'!L72 -> 0.19753086 | C104: ='SDR and BDR scorecard'!M72 -> 0.17732558 | D104: ='SDR and BDR scorecard'!N72 -> 0.2034632 | E104: ='SDR and BDR scorecard'!O72 -> 0.19364162 | F104: ='SDR and BDR scorecard'!P72 -> 0.10743802 | G104: ='SDR and BDR scorecard'!Q72 -> 0.15989848 | H104: ='SDR and BDR scorecard'!R72 -> 0.2 | I104: ='SDR and BDR scorecard'!S72 -> 0.1547619
A105: Wei Kowalski | B105: ='SDR and BDR scorecard'!L73 -> 0.089576547 | C105: ='SDR and BDR scorecard'!M73 -> 0.085561497 | D105: ='SDR and BDR scorecard'!N73 -> 0.099747475 | E105: ='SDR and BDR scorecard'!O73 -> 0.086148649 | F105: ='SDR and BDR scorecard'!P73 -> 0.085592011 | G105: ='SDR and BDR scorecard'!Q73 -> 0.1016692 | H105: ='SDR and BDR scorecard'!R73 -> 0.10526316 | I105: ='SDR and BDR scorecard'!S73 -> 0.093378608
A124: Sourced bookings by month (deals closed)
A125: sdr | B125: Jan-26 | C125: Feb-26 | D125: Mar-26 | E125: Apr-26 | F125: May-26 | G125: Jun-26 | H125: Jul-26 | I125: Aug-26
A126: Zara Kowalski | B126: ='SDR and BDR scorecard'!L106 -> 42900 | C126: ='SDR and BDR scorecard'!M106 -> 116200 | D126: ='SDR and BDR scorecard'!N106 -> 283500 | E126: ='SDR and BDR scorecard'!O106 -> 17900 | F126: ='SDR and BDR scorecard'!P106 -> 127800 | G126: ='SDR and BDR scorecard'!Q106 -> 363100 | H126: ='SDR and BDR scorecard'!R106 -> 171900 | I126: ='SDR and BDR scorecard'!S106 -> 75300
A127: Kenji Kowalski | B127: ='SDR and BDR scorecard'!L107 -> 24100 | C127: ='SDR and BDR scorecard'!M107 -> 0 | D127: ='SDR and BDR scorecard'!N107 -> 139600 | E127: ='SDR and BDR scorecard'!O107 -> 0 | F127: ='SDR and BDR scorecard'!P107 -> 141600 | G127: ='SDR and BDR scorecard'!Q107 -> 17700 | H127: ='SDR and BDR scorecard'!R107 -> 0 | I127: ='SDR and BDR scorecard'!S107 -> 39600
A128: Marcus Nair | B128: ='SDR and BDR scorecard'!L108 -> 35100 | C128: ='SDR and BDR scorecard'!M108 -> 713600 | D128: ='SDR and BDR scorecard'!N108 -> 782200 | E128: ='SDR and BDR scorecard'!O108 -> 125700 | F128: ='SDR and BDR scorecard'!P108 -> 62900 | G128: ='SDR and BDR scorecard'!Q108 -> 493700 | H128: ='SDR and BDR scorecard'!R108 -> 246400 | I128: ='SDR and BDR scorecard'!S108 -> 95000
A129: Yuki Rahman | B129: ='SDR and BDR scorecard'!L109 -> 19600 | C129: ='SDR and BDR scorecard'!M109 -> 0 | D129: ='SDR and BDR scorecard'!N109 -> 79900 | E129: ='SDR and BDR scorecard'!O109 -> 0 | F129: ='SDR and BDR scorecard'!P109 -> 0 | G129: ='SDR and BDR scorecard'!Q109 -> 228800 | H129: ='SDR and BDR scorecard'!R109 -> 145500 | I129: ='SDR and BDR scorecard'!S109 -> 13200
A130: Chloe Patel | B130: ='SDR and BDR scorecard'!L110 -> 689300 | C130: ='SDR and BDR scorecard'!M110 -> 96300 | D130: ='SDR and BDR scorecard'!N110 -> 200600 | E130: ='SDR and BDR scorecard'!O110 -> 220800 | F130: ='SDR and BDR scorecard'!P110 -> 50600 | G130: ='SDR and BDR scorecard'!Q110 -> 291300 | H130: ='SDR and BDR scorecard'!R110 -> 46000 | I130: ='SDR and BDR scorecard'!S110 -> 111800
A131: Samuel Kowalski | B131: ='SDR and BDR scorecard'!L111 -> 46900 | C131: ='SDR and BDR scorecard'!M111 -> 16600 | D131: ='SDR and BDR scorecard'!N111 -> 80800 | E131: ='SDR and BDR scorecard'!O111 -> 109700 | F131: ='SDR and BDR scorecard'!P111 -> 17700 | G131: ='SDR and BDR scorecard'!Q111 -> 85700 | H131: ='SDR and BDR scorecard'!R111 -> 0 | I131: ='SDR and BDR scorecard'!S111 -> 9700
A132: Rafael Ivanova | B132: ='SDR and BDR scorecard'!L112 -> 0 | C132: ='SDR and BDR scorecard'!M112 -> 89800 | D132: ='SDR and BDR scorecard'!N112 -> 0 | E132: ='SDR and BDR scorecard'!O112 -> 243700 | F132: ='SDR and BDR scorecard'!P112 -> 96400 | G132: ='SDR and BDR scorecard'!Q112 -> 194200 | H132: ='SDR and BDR scorecard'!R112 -> 18600 | I132: ='SDR and BDR scorecard'!S112 -> 234800
A133: Wei Kowalski | B133: ='SDR and BDR scorecard'!L113 -> 137200 | C133: ='SDR and BDR scorecard'!M113 -> 7000 | D133: ='SDR and BDR scorecard'!N113 -> 8900 | E133: ='SDR and BDR scorecard'!O113 -> 0 | F133: ='SDR and BDR scorecard'!P113 -> 0 | G133: ='SDR and BDR scorecard'!Q113 -> 65100 | H133: ='SDR and BDR scorecard'!R113 -> 87500 | I133: ='SDR and BDR scorecard'!S113 -> 0
A135: Every cell on this sheet refers to the statement sheets; edit inputs there (blue) and this dashboard follows.

Sheet Marketing funnel and pipeline
A1: Funnel by channel, August 2026
A2: channel | B2: Spend | C2: Leads | D2: MQLs | E2: Opportunities created (SQLs) | F2: Pipeline created | G2: Deals won | H2: Bookings | I2: Cost per lead | J2: Lead to MQL | K2: MQL to SQL | L2: Cost per opportunity | M2: Pipeline per $ of spend
A3: Inbound (web & content) | B3: ='Marketing funnel by channel'!S2 -> 41270 | C3: ='Marketing funnel by channel'!S8 -> 939 | D3: ='Marketing funnel by channel'!S14 -> 162 | E3: ='Marketing funnel by channel'!S20 -> 31 | F3: ='Marketing funnel by channel'!S26 -> 1543500 | G3: ='Marketing funnel by channel'!S32 -> 12 | H3: ='Marketing funnel by channel'!S38 -> 454100 | I3: ='Marketing funnel by channel'!S44 -> 43.951012 | J3: ='Marketing funnel by channel'!S50 -> 0.17252396 | K3: ='Marketing funnel by channel'!S56 -> 0.19135802 | L3: ='Marketing funnel by channel'!S68 -> 1331.2903 | M3: ='Marketing funnel by channel'!S74 -> 37.400048
A4: Paid digital | B4: ='Marketing funnel by channel'!S3 -> 158120 | C4: ='Marketing funnel by channel'!S9 -> 1062 | D4: ='Marketing funnel by channel'!S15 -> 111 | E4: ='Marketing funnel by channel'!S21 -> 23 | F4: ='Marketing funnel by channel'!S27 -> 1447000 | G4: ='Marketing funnel by channel'!S33 -> 3 | H4: ='Marketing funnel by channel'!S39 -> 62800 | I4: ='Marketing funnel by channel'!S45 -> 148.88889 | J4: ='Marketing funnel by channel'!S51 -> 0.10451977 | K4: ='Marketing funnel by channel'!S57 -> 0.20720721 | L4: ='Marketing funnel by channel'!S69 -> 6874.7826 | M4: ='Marketing funnel by channel'!S75 -> 9.1512775
A5: Events & field | B5: ='Marketing funnel by channel'!S4 -> 37100 | C5: ='Marketing funnel by channel'!S10 -> 81 | D5: ='Marketing funnel by channel'!S16 -> 23 | E5: ='Marketing funnel by channel'!S22 -> 6 | F5: ='Marketing funnel by channel'!S28 -> 190200 | G5: ='Marketing funnel by channel'!S34 -> 1 | H5: ='Marketing funnel by channel'!S40 -> 15700 | I5: ='Marketing funnel by channel'!S46 -> 458.02469 | J5: ='Marketing funnel by channel'!S52 -> 0.28395062 | K5: ='Marketing funnel by channel'!S58 -> 0.26086957 | L5: ='Marketing funnel by channel'!S70 -> 6183.3333 | M5: ='Marketing funnel by channel'!S76 -> 5.1266846
A6: Partner | B6: ='Marketing funnel by channel'!S5 -> 18170 | C6: ='Marketing funnel by channel'!S11 -> 75 | D6: ='Marketing funnel by channel'!S17 -> 20 | E6: ='Marketing funnel by channel'!S23 -> 9 | F6: ='Marketing funnel by channel'!S29 -> 215900 | G6: ='Marketing funnel by channel'!S35 -> 2 | H6: ='Marketing funnel by channel'!S41 -> 158700 | I6: ='Marketing funnel by channel'!S47 -> 242.26667 | J6: ='Marketing funnel by channel'!S53 -> 0.26666667 | K6: ='Marketing funnel by channel'!S59 -> 0.45 | L6: ='Marketing funnel by channel'!S71 -> 2018.8889 | M6: ='Marketing funnel by channel'!S77 -> 11.882223
A7: Outbound (BDR) | B7: ='Marketing funnel by channel'!S6 -> 0 | C7: ='Marketing funnel by channel'!S12 -> 0 | D7: ='Marketing funnel by channel'!S18 -> 0 | E7: ='Marketing funnel by channel'!S24 -> 20 | F7: ='Marketing funnel by channel'!S30 -> 592400 | G7: ='Marketing funnel by channel'!S36 -> 4 | H7: ='Marketing funnel by channel'!S42 -> 62500 | I7: ='Marketing funnel by channel'!S48 | J7: ='Marketing funnel by channel'!S54 | K7: ='Marketing funnel by channel'!S60 | L7: ='Marketing funnel by channel'!S72 -> 0 | M7: ='Marketing funnel by channel'!S78
A8: Customer referral | B8: ='Marketing funnel by channel'!S7 -> 0 | C8: ='Marketing funnel by channel'!S13 -> 0 | D8: ='Marketing funnel by channel'!S19 -> 0 | E8: ='Marketing funnel by channel'!S25 -> 6 | F8: ='Marketing funnel by channel'!S31 -> 913900 | G8: ='Marketing funnel by channel'!S37 -> 4 | H8: ='Marketing funnel by channel'!S43 -> 199900 | I8: ='Marketing funnel by channel'!S49 | J8: ='Marketing funnel by channel'!S55 | K8: ='Marketing funnel by channel'!S61 | L8: ='Marketing funnel by channel'!S73 -> 0 | M8: ='Marketing funnel by channel'!S79
A10: Spend by channel
A11: channel | B11: Jan-26 | C11: Feb-26 | D11: Mar-26 | E11: Apr-26 | F11: May-26 | G11: Jun-26 | H11: Jul-26 | I11: Aug-26
A12: Inbound (web & content) | B12: ='Marketing funnel by channel'!L2 -> 44690 | C12: ='Marketing funnel by channel'!M2 -> 50670 | D12: ='Marketing funnel by channel'!N2 -> 60640 | E12: ='Marketing funnel by channel'!O2 -> 49650 | F12: ='Marketing funnel by channel'!P2 -> 49120 | G12: ='Marketing funnel by channel'!Q2 -> 54270 | H12: ='Marketing funnel by channel'!R2 -> 44320 | I12: ='Marketing funnel by channel'!S2 -> 41270
A13: Paid digital | B13: ='Marketing funnel by channel'!L3 -> 130470 | C13: ='Marketing funnel by channel'!M3 -> 153050 | D13: ='Marketing funnel by channel'!N3 -> 165920 | E13: ='Marketing funnel by channel'!O3 -> 154520 | F13: ='Marketing funnel by channel'!P3 -> 163960 | G13: ='Marketing funnel by channel'!Q3 -> 205480 | H13: ='Marketing funnel by channel'!R3 -> 154430 | I13: ='Marketing funnel by channel'!S3 -> 158120
A14: Events & field | B14: ='Marketing funnel by channel'!L4 -> 35330 | C14: ='Marketing funnel by channel'!M4 -> 39630 | D14: ='Marketing funnel by channel'!N4 -> 169340 | E14: ='Marketing funnel by channel'!O4 -> 39430 | F14: ='Marketing funnel by channel'!P4 -> 43210 | G14: ='Marketing funnel by channel'!Q4 -> 160370 | H14: ='Marketing funnel by channel'!R4 -> 39400 | I14: ='Marketing funnel by channel'!S4 -> 37100
A15: Partner | B15: ='Marketing funnel by channel'!L5 -> 19190 | C15: ='Marketing funnel by channel'!M5 -> 19090 | D15: ='Marketing funnel by channel'!N5 -> 22830 | E15: ='Marketing funnel by channel'!O5 -> 20560 | F15: ='Marketing funnel by channel'!P5 -> 20040 | G15: ='Marketing funnel by channel'!Q5 -> 22240 | H15: ='Marketing funnel by channel'!R5 -> 18560 | I15: ='Marketing funnel by channel'!S5 -> 18170
A34: Pipeline created by channel
A35: channel | B35: Jan-26 | C35: Feb-26 | D35: Mar-26 | E35: Apr-26 | F35: May-26 | G35: Jun-26 | H35: Jul-26 | I35: Aug-26
A36: Inbound (web & content) | B36: ='Marketing funnel by channel'!L26 -> 1418900 | C36: ='Marketing funnel by channel'!M26 -> 1559600 | D36: ='Marketing funnel by channel'!N26 -> 1297700 | E36: ='Marketing funnel by channel'!O26 -> 2265900 | F36: ='Marketing funnel by channel'!P26 -> 1297400 | G36: ='Marketing funnel by channel'!Q26 -> 2354600 | H36: ='Marketing funnel by channel'!R26 -> 1621300 | I36: ='Marketing funnel by channel'!S26 -> 1543500
A37: Paid digital | B37: ='Marketing funnel by channel'!L27 -> 806100 | C37: ='Marketing funnel by channel'!M27 -> 551900 | D37: ='Marketing funnel by channel'!N27 -> 909900 | E37: ='Marketing funnel by channel'!O27 -> 726400 | F37: ='Marketing funnel by channel'!P27 -> 1319800 | G37: ='Marketing funnel by channel'!Q27 -> 840500 | H37: ='Marketing funnel by channel'!R27 -> 917300 | I37: ='Marketing funnel by channel'!S27 -> 1447000
A38: Events & field | B38: ='Marketing funnel by channel'!L28 -> 158700 | C38: ='Marketing funnel by channel'!M28 -> 470300 | D38: ='Marketing funnel by channel'!N28 -> 1293500 | E38: ='Marketing funnel by channel'!O28 -> 202600 | F38: ='Marketing funnel by channel'!P28 -> 172700 | G38: ='Marketing funnel by channel'!Q28 -> 1562800 | H38: ='Marketing funnel by channel'!R28 -> 427300 | I38: ='Marketing funnel by channel'!S28 -> 190200
A39: Partner | B39: ='Marketing funnel by channel'!L29 -> 99500 | C39: ='Marketing funnel by channel'!M29 -> 415400 | D39: ='Marketing funnel by channel'!N29 -> 586600 | E39: ='Marketing funnel by channel'!O29 -> 314800 | F39: ='Marketing funnel by channel'!P29 -> 385100 | G39: ='Marketing funnel by channel'!Q29 -> 891400 | H39: ='Marketing funnel by channel'!R29 -> 145400 | I39: ='Marketing funnel by channel'!S29 -> 215900
A40: Outbound (BDR) | B40: ='Marketing funnel by channel'!L30 -> 843000 | C40: ='Marketing funnel by channel'!M30 -> 2141600 | D40: ='Marketing funnel by channel'!N30 -> 1046600 | E40: ='Marketing funnel by channel'!O30 -> 582800 | F40: ='Marketing funnel by channel'!P30 -> 1208600 | G40: ='Marketing funnel by channel'!Q30 -> 1107300 | H40: ='Marketing funnel by channel'!R30 -> 386100 | I40: ='Marketing funnel by channel'!S30 -> 592400
A41: Customer referral | B41: ='Marketing funnel by channel'!L31 -> 598600 | C41: ='Marketing funnel by channel'!M31 -> 77100 | D41: ='Marketing funnel by channel'!N31 -> 208900 | E41: ='Marketing funnel by channel'!O31 -> 101100 | F41: ='Marketing funnel by channel'!P31 -> 429100 | G41: ='Marketing funnel by channel'!Q31 -> 223100 | H41: ='Marketing funnel by channel'!R31 -> 319500 | I41: ='Marketing funnel by channel'!S31 -> 913900
A60: Lead to MQL by channel
A61: channel | B61: Jan-26 | C61: Feb-26 | D61: Mar-26 | E61: Apr-26 | F61: May-26 | G61: Jun-26 | H61: Jul-26 | I61: Aug-26
A62: Inbound (web & content) | B62: ='Marketing funnel by channel'!L50 -> 0.15108593 | C62: ='Marketing funnel by channel'!M50 -> 0.1627451 | D62: ='Marketing funnel by channel'!N50 -> 0.16677653 | E62: ='Marketing funnel by channel'!O50 -> 0.15970696 | F62: ='Marketing funnel by channel'!P50 -> 0.15496575 | G62: ='Marketing funnel by channel'!Q50 -> 0.17117904 | H62: ='Marketing funnel by channel'!R50 -> 0.18530021 | I62: ='Marketing funnel by channel'!S50 -> 0.17252396
A63: Paid digital | B63: ='Marketing funnel by channel'!L51 -> 0.11219512 | C63: ='Marketing funnel by channel'!M51 -> 0.10295617 | D63: ='Marketing funnel by channel'!N51 -> 0.09942005 | E63: ='Marketing funnel by channel'!O51 -> 0.098271156 | F63: ='Marketing funnel by channel'!P51 -> 0.11525705 | G63: ='Marketing funnel by channel'!Q51 -> 0.12432065 | H63: ='Marketing funnel by channel'!R51 -> 0.11562224 | I63: ='Marketing funnel by channel'!S51 -> 0.10451977
A64: Events & field | B64: ='Marketing funnel by channel'!L52 -> 0.29885057 | C64: ='Marketing funnel by channel'!M52 -> 0.37634409 | D64: ='Marketing funnel by channel'!N52 -> 0.31490385 | E64: ='Marketing funnel by channel'!O52 -> 0.35789474 | F64: ='Marketing funnel by channel'!P52 -> 0.34453782 | G64: ='Marketing funnel by channel'!Q52 -> 0.34352941 | H64: ='Marketing funnel by channel'!R52 -> 0.36734694 | I64: ='Marketing funnel by channel'!S52 -> 0.28395062
A65: Partner | B65: ='Marketing funnel by channel'!L53 -> 0.24637681 | C65: ='Marketing funnel by channel'!M53 -> 0.45614035 | D65: ='Marketing funnel by channel'!N53 -> 0.33695652 | E65: ='Marketing funnel by channel'!O53 -> 0.44927536 | F65: ='Marketing funnel by channel'!P53 -> 0.40506329 | G65: ='Marketing funnel by channel'!Q53 -> 0.38947368 | H65: ='Marketing funnel by channel'!R53 -> 0.296875 | I65: ='Marketing funnel by channel'!S53 -> 0.26666667
A84: Cost per opportunity by channel
A85: channel | B85: Jan-26 | C85: Feb-26 | D85: Mar-26 | E85: Apr-26 | F85: May-26 | G85: Jun-26 | H85: Jul-26 | I85: Aug-26
A86: Inbound (web & content) | B86: ='Marketing funnel by channel'!L68 -> 1396.5625 | C86: ='Marketing funnel by channel'!M68 -> 1583.4375 | D86: ='Marketing funnel by channel'!N68 -> 1638.9189 | E86: ='Marketing funnel by channel'!O68 -> 1034.375 | F86: ='Marketing funnel by channel'!P68 -> 1754.2857 | G86: ='Marketing funnel by channel'!Q68 -> 1233.4091 | H86: ='Marketing funnel by channel'!R68 -> 1007.2727 | I86: ='Marketing funnel by channel'!S68 -> 1331.2903
A87: Paid digital | B87: ='Marketing funnel by channel'!L69 -> 8698 | C87: ='Marketing funnel by channel'!M69 -> 15305 | D87: ='Marketing funnel by channel'!N69 -> 7900.9524 | E87: ='Marketing funnel by channel'!O69 -> 8584.4444 | F87: ='Marketing funnel by channel'!P69 -> 7807.619 | G87: ='Marketing funnel by channel'!Q69 -> 10274 | H87: ='Marketing funnel by channel'!R69 -> 8579.4444 | I87: ='Marketing funnel by channel'!S69 -> 6874.7826
A88: Events & field | B88: ='Marketing funnel by channel'!L70 -> 5888.3333 | C88: ='Marketing funnel by channel'!M70 -> 4403.3333 | D88: ='Marketing funnel by channel'!N70 -> 5462.5806 | E88: ='Marketing funnel by channel'!O70 -> 5632.8571 | F88: ='Marketing funnel by channel'!P70 -> 5401.25 | G88: ='Marketing funnel by channel'!Q70 -> 3818.3333 | H88: ='Marketing funnel by channel'!R70 -> 3940 | I88: ='Marketing funnel by channel'!S70 -> 6183.3333
A89: Partner | B89: ='Marketing funnel by channel'!L71 -> 6396.6667 | C89: ='Marketing funnel by channel'!M71 -> 1468.4615 | D89: ='Marketing funnel by channel'!N71 -> 2536.6667 | E89: ='Marketing funnel by channel'!O71 -> 1713.3333 | F89: ='Marketing funnel by channel'!P71 -> 1670 | G89: ='Marketing funnel by channel'!Q71 -> 1235.5556 | H89: ='Marketing funnel by channel'!R71 -> 4640 | I89: ='Marketing funnel by channel'!S71 -> 2018.8889
A108: Inbound funnel by region, August 2026
A109: region | B109: Spend | C109: Leads | D109: MQLs | E109: Opportunities created (SQLs) | F109: Pipeline created | G109: Cost per lead | H109: Lead to MQL | I109: MQL to SQL | J109: Cost per opportunity
A110: AMER East | B110: ='Marketing funnel by channel and'!T2 -> 11260 | C110: ='Marketing funnel by channel and'!T26 -> 325 | D110: ='Marketing funnel by channel and'!T50 -> 48 | E110: ='Marketing funnel by channel and'!T74 -> 7 | F110: ='Marketing funnel by channel and'!T98 -> 165600 | G110: ='Marketing funnel by channel and'!T170 -> 34.646154 | H110: ='Marketing funnel by channel and'!T194 -> 0.14769231 | I110: ='Marketing funnel by channel and'!T218 -> 0.14583333 | J110: ='Marketing funnel by channel and'!T242 -> 1608.5714
A111: AMER West | B111: ='Marketing funnel by channel and'!T3 -> 13150 | C111: ='Marketing funnel by channel and'!T27 -> 240 | D111: ='Marketing funnel by channel and'!T51 -> 44 | E111: ='Marketing funnel by channel and'!T75 -> 5 | F111: ='Marketing funnel by channel and'!T99 -> 91500 | G111: ='Marketing funnel by channel and'!T171 -> 54.791667 | H111: ='Marketing funnel by channel and'!T195 -> 0.18333333 | I111: ='Marketing funnel by channel and'!T219 -> 0.11363636 | J111: ='Marketing funnel by channel and'!T243 -> 2630
A112: EMEA | B112: ='Marketing funnel by channel and'!T4 -> 9560 | C112: ='Marketing funnel by channel and'!T28 -> 196 | D112: ='Marketing funnel by channel and'!T52 -> 37 | E112: ='Marketing funnel by channel and'!T76 -> 10 | F112: ='Marketing funnel by channel and'!T100 -> 552900 | G112: ='Marketing funnel by channel and'!T172 -> 48.77551 | H112: ='Marketing funnel by channel and'!T196 -> 0.18877551 | I112: ='Marketing funnel by channel and'!T220 -> 0.27027027 | J112: ='Marketing funnel by channel and'!T244 -> 956
A113: APAC | B113: ='Marketing funnel by channel and'!T5 -> 7300 | C113: ='Marketing funnel by channel and'!T29 -> 178 | D113: ='Marketing funnel by channel and'!T53 -> 33 | E113: ='Marketing funnel by channel and'!T77 -> 9 | F113: ='Marketing funnel by channel and'!T101 -> 733500 | G113: ='Marketing funnel by channel and'!T173 -> 41.011236 | H113: ='Marketing funnel by channel and'!T197 -> 0.18539326 | I113: ='Marketing funnel by channel and'!T221 -> 0.27272727 | J113: ='Marketing funnel by channel and'!T245 -> 811.11111
A115: Opportunities created by month
A116: line | B116: Jan-26 | C116: Feb-26 | D116: Mar-26 | E116: Apr-26 | F116: May-26 | G116: Jun-26 | H116: Jul-26 | I116: Aug-26 | J116: Sep-26
A117: Opportunities created | B117: ='Company monthly and ARR bridge'!K10 -> 87 | C117: ='Company monthly and ARR bridge'!L10 -> 95 | D117: ='Company monthly and ARR bridge'!M10 -> 116 | E117: ='Company monthly and ARR bridge'!N10 -> 111 | F117: ='Company monthly and ARR bridge'!O10 -> 98 | G117: ='Company monthly and ARR bridge'!P10 -> 149 | H117: ='Company monthly and ARR bridge'!Q10 -> 102 | I117: ='Company monthly and ARR bridge'!R10 -> 95 | J117: ='Company monthly and ARR bridge'!S10 -> 61
A136: Pipeline created by month
A137: line | B137: Jan-26 | C137: Feb-26 | D137: Mar-26 | E137: Apr-26 | F137: May-26 | G137: Jun-26 | H137: Jul-26 | I137: Aug-26 | J137: Sep-26
A138: Pipeline created | B138: ='Company monthly and ARR bridge'!K9 -> 3924800 | C138: ='Company monthly and ARR bridge'!L9 -> 5215900 | D138: ='Company monthly and ARR bridge'!M9 -> 5343200 | E138: ='Company monthly and ARR bridge'!N9 -> 4193600 | F138: ='Company monthly and ARR bridge'!O9 -> 4812700 | G138: ='Company monthly and ARR bridge'!P9 -> 6979700 | H138: ='Company monthly and ARR bridge'!Q9 -> 3816900 | I138: ='Company monthly and ARR bridge'!R9 -> 4902900 | J138: ='Company monthly and ARR bridge'!S9 -> 2908400
A157: Every cell on this sheet refers to the statement sheets; edit inputs there (blue) and this dashboard follows.

Sheet Plan parameters
A1: line | B1: value
A2: ARR at 31 Mar 2025 | B2: 52600000
A3: New-logo kicker (% of new-logo ACV) | B3: 0.015
A4: Multi-year kicker (% of ACV per extra year) | B4: 0.01
A5: Security add-on SPIFF ($ per deal, Q3 2026) | B5: 2000
A6: Payout cap (× on-target variable) | B6: 3
A7: Forecast weight: commit | B7: 0.9
A8: Forecast weight: best case | B8: 0.5
A9: Forecast weight: pipeline | B9: 0.1

Sheet Commission plan
A1: line | B1: Below 50% | C1: 50% to 100% | D1: 100% to 125% | E1: 125% to 150% | F1: Above 150% | G1: Total
A2: Attainment from | B2: 0 | C2: 0.5 | D2: 1 | E2: 1.25 | F2: 1.5
A3: Attainment to | B3: 0.5 | C3: 1 | D3: 1.25 | E3: 1.5 | F3: 9.99
A4: Rate multiplier (x) | B4: 0.75 | C4: 1 | D4: 1.5 | E4: 2 | F4: 3

Sheet Quota plan
A1: line | B1: rep | C1: Q2 2025 | D1: Q3 2025 | E1: Q4 2025 | F1: Q1 2026 | G1: Q2 2026 | H1: Q3 2026 | I1: Q4 2026
A2: Quarterly quota | B2: Noor Ortiz | C2: 375000 | D2: 375000 | E2: 375000 | F2: 375000 | G2: 375000 | H2: 375000 | I2: 375000
A3: Quarterly quota | B3: Priya Yilmaz | C3: 0 | D3: 0 | E3: 0 | F3: 0 | G3: 0 | H3: 94000 | I3: 188000
A4: Quarterly quota | B4: Marcus Schmidt | C4: 0 | D4: 53000 | E4: 106000 | F4: 159000 | G4: 212000 | H4: 212000 | I4: 212000
A5: Quarterly quota | B5: Amara Haddad | C5: 212000 | D5: 212000 | E5: 212000 | F5: 212000 | G5: 212000 | H5: 212000 | I5: 212000
A6: Quarterly quota | B6: Fatima Silva | C6: 112000 | D6: 112000 | E6: 112000 | F6: 112000 | G6: 112000 | H6: 112000 | I6: 112000
A7: Quarterly quota | B7: Ana Ortiz | C7: 28000 | D7: 56000 | E7: 84000 | F7: 112000 | G7: 112000 | H7: 112000 | I7: 112000
A8: Quarterly quota | B8: Tobias Silva | C8: 375000 | D8: 375000 | E8: 375000 | F8: 375000 | G8: 375000 | H8: 375000 | I8: 375000
A9: Quarterly quota | B9: Leila Osei | C9: 375000 | D9: 375000 | E9: 375000 | F9: 375000 | G9: 375000 | H9: 375000 | I9: 375000
A10: Quarterly quota | B10: Grace Costa | C10: 212000 | D10: 212000 | E10: 212000 | F10: 212000 | G10: 212000 | H10: 212000 | I10: 212000
A11: Quarterly quota | B11: Ingrid Müller | C11: 0 | D11: 0 | E11: 0 | F11: 0 | G11: 53000 | H11: 106000 | I11: 159000
A12: Quarterly quota | B12: Ingrid Kim | C12: 112000 | D12: 112000 | E12: 112000 | F12: 112000 | G12: 112000 | H12: 112000 | I12: 112000
A13: Quarterly quota | B13: Priya Nair | C13: 112000 | D13: 112000 | E13: 112000 | F13: 112000 | G13: 112000 | H13: 112000 | I13: 112000
... A25: Quarterly quota | B25: Ingrid Dubois | C25: 80000 | D25: 80000 | E25: 80000 | F25: 80000 | G25: 80000 | H25: 80000 | I25: 80000

Sheet Marketing funnel by channel and
A1: line | B1: channel | C1: region | D1: Apr-25 | E1: May-25 | F1: Jun-25 | G1: Jul-25 | H1: Aug-25 | I1: Sep-25 | J1: Oct-25 | K1: Nov-25 | L1: Dec-25 | M1: Jan-26 | N1: Feb-26 | O1: Mar-26 | P1: Apr-26 | Q1: May-26 | R1: Jun-26 | S1: Jul-26 | T1: Aug-26 | U1: Sep-26 | V1: Oct-26 | W1: Nov-26 | X1: Dec-26
A2: Spend | B2: Inbound (web & content) | C2: AMER East | D2: =SUMIFS('Marketing spend and leads'!$E$2:$E$337,'Marketing spend and leads'!$B$2:$B$337,"inbound",'Marketing spend and leads'!$C$2:$C$337,"amer_east",'Marketing spend and leads'!$D$2:$D$337,"apr25") -> 16750 | E2: =SUMIFS('Marketing spend and leads'!$E$2:$E$337,'Marketing spend and leads'!$B$2:$B$337,"inbound",'Marketing spend and leads'!$C$2:$C$337,"amer_east",'Marketing spend and leads'!$D$2:$D$337,"may25") -> 15260 | F2: =SUMIFS('Marketing spend and leads'!$E$2:$E$337,'Marketing spend and leads'!$B$2:$B$337,"inbound",'Marketing spend and leads'!$C$2:$C$337,"amer_east",'Marketing spend and leads'!$D$2:$D$337,"jun25") -> 18280 | G2: =SUMIFS('Marketing spend and leads'!$E$2:$E$337,'Marketing spend and leads'!$B$2:$B$337,"inbound",'Marketing spend and leads'!$C$2:$C$337,"amer_east",'Marketing spend and leads'!$D$2:$D$337,"jul25") -> 14890 | H2: =SUMIFS('Marketing spend and leads'!$E$2:$E$337,'Marketing spend and leads'!$B$2:$B$337,"inbound",'Marketing spend and leads'!$C$2:$C$337,"amer_east",'Marketing spend and leads'!$D$2:$D$337,"aug25") -> 14360 | I2: =SUMIFS('Marketing spend and leads'!$E$2:$E$337,'Marketing spend and leads'!$B$2:$B$337,"inbound",'Marketing spend and leads'!$C$2:$C$337,"amer_east",'Marketing spend and leads'!$D$2:$D$337,"sep25") -> 15400 | J2: =SUMIFS('Marketing spend and leads'!$E$2:$E$337,'Marketing spend and leads'!$B$2:$B$337,"inbound",'Marketing spend and leads'!$C$2:$C$337,"amer_east",'Marketing spend and leads'!$D$2:$D$337,"oct25") -> 11700 | K2: =SUMIFS('Marketing spend and leads'!$E$2:$E$337,'Marketing spend and leads'!$B$2:$B$337,"inbound",'Marketing spend and leads'!$C$2:$C$337,"amer_east",'Marketing spend and leads'!$D$2:$D$337,"nov25") -> 12590 | L2: =SUMIFS('Marketing spend and leads'!$E$2:$E$337,'Marketing spend and leads'!$B$2:$B$337,"inbound",'Marketing spend and leads'!$C$2:$C$337,"amer_east",'Marketing spend and leads'!$D$2:$D$337,"dec25") -> 16580 | M2: =SUMIFS('Marketing spend and leads'!$E$2:$E$337,'Marketing spend and leads'!$B$2:$B$337,"inbound",'Marketing spend and leads'!$C$2:$C$337,"amer_east",'Marketing spend and leads'!$D$2:$D$337,"jan26") -> 13900 | N2: =SUMIFS('Marketing spend and leads'!$E$2:$E$337,'Marketing spend and leads'!$B$2:$B$337,"inbound",'Marketing spend and leads'!$C$2:$C$337,"amer_east",'Marketing spend and leads'!$D$2:$D$337,"feb26") -> 15670 | O2: =SUMIFS('Marketing spend and leads'!$E$2:$E$337,'Marketing spend and leads'!$B$2:$B$337,"inbound",'Marketing spend and leads'!$C$2:$C$337,"amer_east",'Marketing spend and leads'!$D$2:$D$337,"mar26") -> 19020 | P2: =SUMIFS('Marketing spend and leads'!$E$2:$E$337,'Marketing spend and leads'!$B$2:$B$337,"inbound",'Marketing spend and leads'!$C$2:$C$337,"amer_east",'Marketing spend and leads'!$D$2:$D$337,"apr26") -> 16570 | Q2: =SUMIFS('Marketing spend and leads'!$E$2:$E$337,'Marketing spend and leads'!$B$2:$B$337,"inbound",'Marketing spend and leads'!$C$2:$C$337,"amer_east",'Marketing spend and leads'!$D$2:$D$337,"may26") -> 17100 | R2: =SUMIFS('Marketing spend and leads'!$E$2:$E$337,'Marketing spend and leads'!$B$2:$B$337,"inbound",'Marketing spend and leads'!$C$2:$C$337,"amer_east",'Marketing spend and leads'!$D$2:$D$337,"jun26") -> 16850 | S2: =SUMIFS('Marketing spend and leads'!$E$2:$E$337,'Marketing spend and leads'!$B$2:$B$337,"inbound",'Marketing spend and leads'!$C$2:$C$337,"amer_east",'Marketing spend and leads'!$D$2:$D$337,"jul26") -> 13780 | T2: =SUMIFS('Marketing spend and leads'!$E$2:$E$337,'Marketing spend and leads'!$B$2:$B$337,"inbound",'Marketing spend and leads'!$C$2:$C$337,"amer_east",'Marketing spend and leads'!$D$2:$D$337,"aug26") -> 11260 | U2: =SUMIFS('Marketing spend and leads'!$E$2:$E$337,'Marketing spend and leads'!$B$2:$B$337,"inbound",'Marketing spend and leads'!$C$2:$C$337,"amer_east",'Marketing spend and leads'!$D$2:$D$337,"sep26") -> 16370 | V2: =SUMIFS('Marketing spend and leads'!$E$2:$E$337,'Marketing spend and leads'!$B$2:$B$337,"inbound",'Marketing spend and leads'!$C$2:$C$337,"amer_east",'Marketing spend and leads'!$D$2:$D$337,"oct26") -> 11880 | W2: =SUMIFS('Marketing spend and leads'!$E$2:$E$337,'Marketing spend and leads'!$B$2:$B$337,"inbound",'Marketing spend and leads'!$C$2:$C$337,"amer_east",'Marketing spend and leads'!$D$2:$D$337,"nov26") -> 11690 | X2: =SUMIFS('Marketing spend and leads'!$E$2:$E$337,'Marketing spend and leads'!$B$2:$B$337,"inbound",'Marketing spend and leads'!$C$2:$C$337,"amer_east",'Marketing spend and leads'!$D$2:$D$337,"dec26") -> 14230
A3: Spend | B3: Inbound (web & content) | C3: AMER West | D3: =SUMIFS('Marketing spend and leads'!$E$2:$E$337,'Marketing spend and leads'!$B$2:$B$337,"inbound",'Marketing spend and leads'!$C$2:$C$337,"amer_west",'Marketing spend and leads'!$D$2:$D$337,"apr25") -> 13140 | E3: =SUMIFS('Marketing spend and leads'!$E$2:$E$337,'Marketing spend and leads'!$B$2:$B$337,"inbound",'Marketing spend and leads'!$C$2:$C$337,"amer_west",'Marketing spend and leads'!$D$2:$D$337,"may25") -> 14960 | F3: =SUMIFS('Marketing spend and leads'!$E$2:$E$337,'Marketing spend and leads'!$B$2:$B$337,"inbound",'Marketing spend and leads'!$C$2:$C$337,"amer_west",'Marketing spend and leads'!$D$2:$D$337,"jun25") -> 15350 | G3: =SUMIFS('Marketing spend and leads'!$E$2:$E$337,'Marketing spend and leads'!$B$2:$B$337,"inbound",'Marketing spend and leads'!$C$2:$C$337,"amer_west",'Marketing spend and leads'!$D$2:$D$337,"jul25") -> 13600 | H3: =SUMIFS('Marketing spend and leads'!$E$2:$E$337,'Marketing spend and leads'!$B$2:$B$337,"inbound",'Marketing spend and leads'!$C$2:$C$337,"amer_west",'Marketing spend and leads'!$D$2:$D$337,"aug25") -> 13620 | I3: =SUMIFS('Marketing spend and leads'!$E$2:$E$337,'Marketing spend and leads'!$B$2:$B$337,"inbound",'Marketing spend and leads'!$C$2:$C$337,"amer_west",'Marketing spend and leads'!$D$2:$D$337,"sep25") -> 15970 | J3: =SUMIFS('Marketing spend and leads'!$E$2:$E$337,'Marketing spend and leads'!$B$2:$B$337,"inbound",'Marketing spend and leads'!$C$2:$C$337,"amer_west",'Marketing spend and leads'!$D$2:$D$337,"oct25") -> 12830 | K3: =SUMIFS('Marketing spend and leads'!$E$2:$E$337,'Marketing spend and leads'!$B$2:$B$337,"inbound",'Marketing spend and leads'!$C$2:$C$337,"amer_west",'Marketing spend and leads'!$D$2:$D$337,"nov25") -> 12660 | L3: =SUMIFS('Marketing spend and leads'!$E$2:$E$337,'Marketing spend and leads'!$B$2:$B$337,"inbound",'Marketing spend and leads'!$C$2:$C$337,"amer_west",'Marketing spend and leads'!$D$2:$D$337,"dec25") -> 14440 | M3: =SUMIFS('Marketing spend and leads'!$E$2:$E$337,'Marketing spend and leads'!$B$2:$B$337,"inbound",'Marketing spend and leads'!$C$2:$C$337,"amer_west",'Marketing spend and leads'!$D$2:$D$337,"jan26") -> 11500 | N3: =SUMIFS('Marketing spend and leads'!$E$2:$E$337,'Marketing spend and leads'!$B$2:$B$337,"inbound",'Marketing spend and leads'!$C$2:$C$337,"amer_west",'Marketing spend and leads'!$D$2:$D$337,"feb26") -> 15890 | O3: =SUMIFS('Marketing spend and leads'!$E$2:$E$337,'Marketing spend and leads'!$B$2:$B$337,"inbound",'Marketing spend and leads'!$C$2:$C$337,"amer_west",'Marketing spend and leads'!$D$2:$D$337,"mar26") -> 16430 | P3: =SUMIFS('Marketing spend and leads'!$E$2:$E$337,'Marketing spend and leads'!$B$2:$B$337,"inbound",'Marketing spend and leads'!$C$2:$C$337,"amer_west",'Marketing spend and leads'!$D$2:$D$337,"apr26") -> 14570 | Q3: =SUMIFS('Marketing spend and leads'!$E$2:$E$337,'Marketing spend and leads'!$B$2:$B$337,"inbound",'Marketing spend and leads'!$C$2:$C$337,"amer_west",'Marketing spend and leads'!$D$2:$D$337,"may26") -> 14000 | R3: =SUMIFS('Marketing spend and leads'!$E$2:$E$337,'Marketing spend and leads'!$B$2:$B$337,"inbound",'Marketing spend and leads'!$C$2:$C$337,"amer_west",'Marketing spend and leads'!$D$2:$D$337,"jun26") -> 15310 | S3: =SUMIFS('Marketing spend and leads'!$E$2:$E$337,'Marketing spend and leads'!$B$2:$B$337,"inbound",'Marketing spend and leads'!$C$2:$C$337,"amer_west",'Marketing spend and leads'!$D$2:$D$337,"jul26") -> 13320 | T3: =SUMIFS('Marketing spend and leads'!$E$2:$E$337,'Marketing spend and leads'!$B$2:$B$337,"inbound",'Marketing spend and leads'!$C$2:$C$337,"amer_west",'Marketing spend and leads'!$D$2:$D$337,"aug26") -> 13150 | U3: =SUMIFS('Marketing spend and leads'!$E$2:$E$337,'Marketing spend and leads'!$B$2:$B$337,"inbound",'Marketing spend and leads'!$C$2:$C$337,"amer_west",'Marketing spend and leads'!$D$2:$D$337,"sep26") -> 16820 | V3: =SUMIFS('Marketing spend and leads'!$E$2:$E$337,'Marketing spend and leads'!$B$2:$B$337,"inbound",'Marketing spend and leads'!$C$2:$C$337,"amer_west",'Marketing spend and leads'!$D$2:$D$337,"oct26") -> 13720 | W3: =SUMIFS('Marketing spend and leads'!$E$2:$E$337,'Marketing spend and leads'!$B$2:$B$337,"inbound",'Marketing spend and leads'!$C$2:$C$337,"amer_west",'Marketing spend and leads'!$D$2:$D$337,"nov26") -> 11900 | X3: =SUMIFS('Marketing spend and leads'!$E$2:$E$337,'Marketing spend and leads'!$B$2:$B$337,"inbound",'Marketing spend and leads'!$C$2:$C$337,"amer_west",'Marketing spend and leads'!$D$2:$D$337,"dec26") -> 15630
A4: Spend | B4: Inbound (web & content) | C4: EMEA | D4: =SUMIFS('Marketing spend and leads'!$E$2:$E$337,'Marketing spend and leads'!$B$2:$B$337,"inbound",'Marketing spend and leads'!$C$2:$C$337,"emea",'Marketing spend and leads'!$D$2:$D$337,"apr25") -> 12470 | E4: =SUMIFS('Marketing spend and leads'!$E$2:$E$337,'Marketing spend and leads'!$B$2:$B$337,"inbound",'Marketing spend and leads'!$C$2:$C$337,"emea",'Marketing spend and leads'!$D$2:$D$337,"may25") -> 13930 | F4: =SUMIFS('Marketing spend and leads'!$E$2:$E$337,'Marketing spend and leads'!$B$2:$B$337,"inbound",'Marketing spend and leads'!$C$2:$C$337,"emea",'Marketing spend and leads'!$D$2:$D$337,"jun25") -> 14160 | G4: =SUMIFS('Marketing spend and leads'!$E$2:$E$337,'Marketing spend and leads'!$B$2:$B$337,"inbound",'Marketing spend and leads'!$C$2:$C$337,"emea",'Marketing spend and leads'!$D$2:$D$337,"jul25") -> 11810 | H4: =SUMIFS('Marketing spend and leads'!$E$2:$E$337,'Marketing spend and leads'!$B$2:$B$337,"inbound",'Marketing spend and leads'!$C$2:$C$337,"emea",'Marketing spend and leads'!$D$2:$D$337,"aug25") -> 10540 | I4: =SUMIFS('Marketing spend and leads'!$E$2:$E$337,'Marketing spend and leads'!$B$2:$B$337,"inbound",'Marketing spend and leads'!$C$2:$C$337,"emea",'Marketing spend and leads'!$D$2:$D$337,"sep25") -> 12560 | J4: =SUMIFS('Marketing spend and leads'!$E$2:$E$337,'Marketing spend and leads'!$B$2:$B$337,"inbound",'Marketing spend and leads'!$C$2:$C$337,"emea",'Marketing spend and leads'!$D$2:$D$337,"oct25") -> 10200 | K4: =SUMIFS('Marketing spend and leads'!$E$2:$E$337,'Marketing spend and leads'!$B$2:$B$337,"inbound",'Marketing spend and leads'!$C$2:$C$337,"emea",'Marketing spend and leads'!$D$2:$D$337,"nov25") -> 9550 | L4: =SUMIFS('Marketing spend and leads'!$E$2:$E$337,'Marketing spend and leads'!$B$2:$B$337,"inbound",'Marketing spend and leads'!$C$2:$C$337,"emea",'Marketing spend and leads'!$D$2:$D$337,"dec25") -> 12000 | M4: =SUMIFS('Marketing spend and leads'!$E$2:$E$337,'Marketing spend and leads'!$B$2:$B$337,"inbound",'Marketing spend and leads'!$C$2:$C$337,"emea",'Marketing spend and leads'!$D$2:$D$337,"jan26") -> 13070 | N4: =SUMIFS('Marketing spend and leads'!$E$2:$E$337,'Marketing spend and leads'!$B$2:$B$337,"inbound",'Marketing spend and leads'!$C$2:$C$337,"emea",'Marketing spend and leads'!$D$2:$D$337,"feb26") -> 11880 | O4: =SUMIFS('Marketing spend and leads'!$E$2:$E$337,'Marketing spend and leads'!$B$2:$B$337,"inbound",'Marketing spend and leads'!$C$2:$C$337,"emea",'Marketing spend and leads'!$D$2:$D$337,"mar26") -> 15310 | P4: =SUMIFS('Marketing spend and leads'!$E$2:$E$337,'Marketing spend and leads'!$B$2:$B$337,"inbound",'Marketing spend and leads'!$C$2:$C$337,"emea",'Marketing spend and leads'!$D$2:$D$337,"apr26") -> 10970 | Q4: =SUMIFS('Marketing spend and leads'!$E$2:$E$337,'Marketing spend and leads'!$B$2:$B$337,"inbound",'Marketing spend and leads'!$C$2:$C$337,"emea",'Marketing spend and leads'!$D$2:$D$337,"may26") -> 11220 | R4: =SUMIFS('Marketing spend and leads'!$E$2:$E$337,'Marketing spend and leads'!$B$2:$B$337,"inbound",'Marketing spend and leads'!$C$2:$C$337,"emea",'Marketing spend and leads'!$D$2:$D$337,"jun26") -> 13970 | S4: =SUMIFS('Marketing spend and leads'!$E$2:$E$337,'Marketing spend and leads'!$B$2:$B$337,"inbound",'Marketing spend and leads'!$C$2:$C$337,"emea",'Marketing spend and leads'!$D$2:$D$337,"jul26") -> 10090 | T4: =SUMIFS('Marketing spend and leads'!$E$2:$E$337,'Marketing spend and leads'!$B$2:$B$337,"inbound",'Marketing spend and leads'!$C$2:$C$337,"emea",'Marketing spend and leads'!$D$2:$D$337,"aug26") -> 9560 | U4: =SUMIFS('Marketing spend and leads'!$E$2:$E$337,'Marketing spend and leads'!$B$2:$B$337,"inbound",'Marketing spend and leads'!$C$2:$C$337,"emea",'Marketing spend and leads'!$D$2:$D$337,"sep26") -> 13810 | V4: =SUMIFS('Marketing spend and leads'!$E$2:$E$337,'Marketing spend and leads'!$B$2:$B$337,"inbound",'Marketing spend and leads'!$C$2:$C$337,"emea",'Marketing spend and leads'!$D$2:$D$337,"oct26") -> 10680 | W4: =SUMIFS('Marketing spend and leads'!$E$2:$E$337,'Marketing spend and leads'!$B$2:$B$337,"inbound",'Marketing spend and leads'!$C$2:$C$337,"emea",'Marketing spend and leads'!$D$2:$D$337,"nov26") -> 9960 | X4: =SUMIFS('Marketing spend and leads'!$E$2:$E$337,'Marketing spend and leads'!$B$2:$B$337,"inbound",'Marketing spend and leads'!$C$2:$C$337,"emea",'Marketing spend and leads'!$D$2:$D$337,"dec26") -> 12180
A5: Spend | B5: Inbound (web & content) | C5: APAC | D5: =SUMIFS('Marketing spend and leads'!$E$2:$E$337,'Marketing spend and leads'!$B$2:$B$337,"inbound",'Marketing spend and leads'!$C$2:$C$337,"apac",'Marketing spend and leads'!$D$2:$D$337,"apr25") -> 7710 | E5: =SUMIFS('Marketing spend and leads'!$E$2:$E$337,'Marketing spend and leads'!$B$2:$B$337,"inbound",'Marketing spend and leads'!$C$2:$C$337,"apac",'Marketing spend and leads'!$D$2:$D$337,"may25") -> 8520 | F5: =SUMIFS('Marketing spend and leads'!$E$2:$E$337,'Marketing spend and leads'!$B$2:$B$337,"inbound",'Marketing spend and leads'!$C$2:$C$337,"apac",'Marketing spend and leads'!$D$2:$D$337,"jun25") -> 9980 | G5: =SUMIFS('Marketing spend and leads'!$E$2:$E$337,'Marketing spend and leads'!$B$2:$B$337,"inbound",'Marketing spend and leads'!$C$2:$C$337,"apac",'Marketing spend and leads'!$D$2:$D$337,"jul25") -> 7350 | H5: =SUMIFS('Marketing spend and leads'!$E$2:$E$337,'Marketing spend and leads'!$B$2:$B$337,"inbound",'Marketing spend and leads'!$C$2:$C$337,"apac",'Marketing spend and leads'!$D$2:$D$337,"aug25") -> 6590 | I5: =SUMIFS('Marketing spend and leads'!$E$2:$E$337,'Marketing spend and leads'!$B$2:$B$337,"inbound",'Marketing spend and leads'!$C$2:$C$337,"apac",'Marketing spend and leads'!$D$2:$D$337,"sep25") -> 7110 | J5: =SUMIFS('Marketing spend and leads'!$E$2:$E$337,'Marketing spend and leads'!$B$2:$B$337,"inbound",'Marketing spend and leads'!$C$2:$C$337,"apac",'Marketing spend and leads'!$D$2:$D$337,"oct25") -> 6230 | K5: =SUMIFS('Marketing spend and leads'!$E$2:$E$337,'Marketing spend and leads'!$B$2:$B$337,"inbound",'Marketing spend and leads'!$C$2:$C$337,"apac",'Marketing spend and leads'!$D$2:$D$337,"nov25") -> 6230 | L5: =SUMIFS('Marketing spend and leads'!$E$2:$E$337,'Marketing spend and leads'!$B$2:$B$337,"inbound",'Marketing spend and leads'!$C$2:$C$337,"apac",'Marketing spend and leads'!$D$2:$D$337,"dec25") -> 7070 | M5: =SUMIFS('Marketing spend and leads'!$E$2:$E$337,'Marketing spend and leads'!$B$2:$B$337,"inbound",'Marketing spend and leads'!$C$2:$C$337,"apac",'Marketing spend and leads'!$D$2:$D$337,"jan26") -> 6220 | N5: =SUMIFS('Marketing spend and leads'!$E$2:$E$337,'Marketing spend and leads'!$B$2:$B$337,"inbound",'Marketing spend and leads'!$C$2:$C$337,"apac",'Marketing spend and leads'!$D$2:$D$337,"feb26") -> 7230 | O5: =SUMIFS('Marketing spend and leads'!$E$2:$E$337,'Marketing spend and leads'!$B$2:$B$337,"inbound",'Marketing spend and leads'!$C$2:$C$337,"apac",'Marketing spend and leads'!$D$2:$D$337,"mar26") -> 9880 | P5: =SUMIFS('Marketing spend and leads'!$E$2:$E$337,'Marketing spend and leads'!$B$2:$B$337,"inbound",'Marketing spend and leads'!$C$2:$C$337,"apac",'Marketing spend and leads'!$D$2:$D$337,"apr26") -> 7540 | Q5: =SUMIFS('Marketing spend and leads'!$E$2:$E$337,'Marketing spend and leads'!$B$2:$B$337,"inbound",'Marketing spend and leads'!$C$2:$C$337,"apac",'Marketing spend and leads'!$D$2:$D$337,"may26") -> 6800 | R5: =SUMIFS('Marketing spend and leads'!$E$2:$E$337,'Marketing spend and leads'!$B$2:$B$337,"inbound",'Marketing spend and leads'!$C$2:$C$337,"apac",'Marketing spend and leads'!$D$2:$D$337,"jun26") -> 8140 | S5: =SUMIFS('Marketing spend and leads'!$E$2:$E$337,'Marketing spend and leads'!$B$2:$B$337,"inbound",'Marketing spend and leads'!$C$2:$C$337,"apac",'Marketing spend and leads'!$D$2:$D$337,"jul26") -> 7130 | T5: =SUMIFS('Marketing spend and leads'!$E$2:$E$337,'Marketing spend and leads'!$B$2:$B$337,"inbound",'Marketing spend and leads'!$C$2:$C$337,"apac",'Marketing spend and leads'!$D$2:$D$337,"aug26") -> 7300 | U5: =SUMIFS('Marketing spend and leads'!$E$2:$E$337,'Marketing spend and leads'!$B$2:$B$337,"inbound",'Marketing spend and leads'!$C$2:$C$337,"apac",'Marketing spend and leads'!$D$2:$D$337,"sep26") -> 8310 | V5: =SUMIFS('Marketing spend and leads'!$E$2:$E$337,'Marketing spend and leads'!$B$2:$B$337,"inbound",'Marketing spend and leads'!$C$2:$C$337,"apac",'Marketing spend and leads'!$D$2:$D$337,"oct26") -> 5580 | W5: =SUMIFS('Marketing spend and leads'!$E$2:$E$337,'Marketing spend and leads'!$B$2:$B$337,"inbound",'Marketing spend and leads'!$C$2:$C$337,"apac",'Marketing spend and leads'!$D$2:$D$337,"nov26") -> 6780 | X5: =SUMIFS('Marketing spend and leads'!$E$2:$E$337,'Marketing spend and leads'!$B$2:$B$337,"inbound",'Marketing spend and leads'!$C$2:$C$337,"apac",'Marketing spend and leads'!$D$2:$D$337,"dec26") -> 8330
A6: Spend | B6: Paid digital | C6: AMER East | D6: =SUMIFS('Marketing spend and leads'!$E$2:$E$337,'Marketing spend and leads'!$B$2:$B$337,"paid",'Marketing spend and leads'!$C$2:$C$337,"amer_east",'Marketing spend and leads'!$D$2:$D$337,"apr25") -> 43410 | E6: =SUMIFS('Marketing spend and leads'!$E$2:$E$337,'Marketing spend and leads'!$B$2:$B$337,"paid",'Marketing spend and leads'!$C$2:$C$337,"amer_east",'Marketing spend and leads'!$D$2:$D$337,"may25") -> 49650 | F6: =SUMIFS('Marketing spend and leads'!$E$2:$E$337,'Marketing spend and leads'!$B$2:$B$337,"paid",'Marketing spend and leads'!$C$2:$C$337,"amer_east",'Marketing spend and leads'!$D$2:$D$337,"jun25") -> 49550 | G6: =SUMIFS('Marketing spend and leads'!$E$2:$E$337,'Marketing spend and leads'!$B$2:$B$337,"paid",'Marketing spend and leads'!$C$2:$C$337,"amer_east",'Marketing spend and leads'!$D$2:$D$337,"jul25") -> 45740 | H6: =SUMIFS('Marketing spend and leads'!$E$2:$E$337,'Marketing spend and leads'!$B$2:$B$337,"paid",'Marketing spend and leads'!$C$2:$C$337,"amer_east",'Marketing spend and leads'!$D$2:$D$337,"aug25") -> 40450 | I6: =SUMIFS('Marketing spend and leads'!$E$2:$E$337,'Marketing spend and leads'!$B$2:$B$337,"paid",'Marketing spend and leads'!$C$2:$C$337,"amer_east",'Marketing spend and leads'!$D$2:$D$337,"sep25") -> 46330 | J6: =SUMIFS('Marketing spend and leads'!$E$2:$E$337,'Marketing spend and leads'!$B$2:$B$337,"paid",'Marketing spend and leads'!$C$2:$C$337,"amer_east",'Marketing spend and leads'!$D$2:$D$337,"oct25") -> 33950 | K6: =SUMIFS('Marketing spend and leads'!$E$2:$E$337,'Marketing spend and leads'!$B$2:$B$337,"paid",'Marketing spend and leads'!$C$2:$C$337,"amer_east",'Marketing spend and leads'!$D$2:$D$337,"nov25") -> 36700 | L6: =SUMIFS('Marketing spend and leads'!$E$2:$E$337,'Marketing spend and leads'!$B$2:$B$337,"paid",'Marketing spend and leads'!$C$2:$C$337,"amer_east",'Marketing spend and leads'!$D$2:$D$337,"dec25") -> 50550 | M6: =SUMIFS('Marketing spend and leads'!$E$2:$E$337,'Marketing spend and leads'!$B$2:$B$337,"paid",'Marketing spend and leads'!$C$2:$C$337,"amer_east",'Marketing spend and leads'!$D$2:$D$337,"jan26") -> 43940 | N6: =SUMIFS('Marketing spend and leads'!$E$2:$E$337,'Marketing spend and leads'!$B$2:$B$337,"paid",'Marketing spend and leads'!$C$2:$C$337,"amer_east",'Marketing spend and leads'!$D$2:$D$337,"feb26") -> 48570 | O6: =SUMIFS('Marketing spend and leads'!$E$2:$E$337,'Marketing spend and leads'!$B$2:$B$337,"paid",'Marketing spend and leads'!$C$2:$C$337,"amer_east",'Marketing spend and leads'!$D$2:$D$337,"mar26") -> 50490 | P6: =SUMIFS('Marketing spend and leads'!$E$2:$E$337,'Marketing spend and leads'!$B$2:$B$337,"paid",'Marketing spend and leads'!$C$2:$C$337,"amer_east",'Marketing spend and leads'!$D$2:$D$337,"apr26") -> 47850 | Q6: =SUMIFS('Marketing spend and leads'!$E$2:$E$337,'Marketing spend and leads'!$B$2:$B$337,"paid",'Marketing spend and leads'!$C$2:$C$337,"amer_east",'Marketing spend and leads'!$D$2:$D$337,"may26") -> 50020 | R6: =SUMIFS('Marketing spend and leads'!$E$2:$E$337,'Marketing spend and leads'!$B$2:$B$337,"paid",'Marketing spend and leads'!$C$2:$C$337,"amer_east",'Marketing spend and leads'!$D$2:$D$337,"jun26") -> 67180 | S6: =SUMIFS('Marketing spend and leads'!$E$2:$E$337,'Marketing spend and leads'!$B$2:$B$337,"paid",'Marketing spend and leads'!$C$2:$C$337,"amer_east",'Marketing spend and leads'!$D$2:$D$337,"jul26") -> 49510 | T6: =SUMIFS('Marketing spend and leads'!$E$2:$E$337,'Marketing spend and leads'!$B$2:$B$337,"paid",'Marketing spend and leads'!$C$2:$C$337,"amer_east",'Marketing spend and leads'!$D$2:$D$337,"aug26") -> 52980 | U6: =SUMIFS('Marketing spend and leads'!$E$2:$E$337,'Marketing spend and leads'!$B$2:$B$337,"paid",'Marketing spend and leads'!$C$2:$C$337,"amer_east",'Marketing spend and leads'!$D$2:$D$337,"sep26") -> 46310 | V6: =SUMIFS('Marketing spend and leads'!$E$2:$E$337,'Marketing spend and leads'!$B$2:$B$337,"paid",'Marketing spend and leads'!$C$2:$C$337,"amer_east",'Marketing spend and leads'!$D$2:$D$337,"oct26") -> 41740 | W6: =SUMIFS('Marketing spend and leads'!$E$2:$E$337,'Marketing spend and leads'!$B$2:$B$337,"paid",'Marketing spend and leads'!$C$2:$C$337,"amer_east",'Marketing spend and leads'!$D$2:$D$337,"nov26") -> 43680 | X6: =SUMIFS('Marketing spend and leads'!$E$2:$E$337,'Marketing spend and leads'!$B$2:$B$337,"paid",'Marketing spend and leads'!$C$2:$C$337,"amer_east",'Marketing spend and leads'!$D$2:$D$337,"dec26") -> 56450
A7: Spend | B7: Paid digital | C7: AMER West | D7: =SUMIFS('Marketing spend and leads'!$E$2:$E$337,'Marketing spend and leads'!$B$2:$B$337,"paid",'Marketing spend and leads'!$C$2:$C$337,"amer_west",'Marketing spend and leads'!$D$2:$D$337,"apr25") -> 47250 | E7: =SUMIFS('Marketing spend and leads'!$E$2:$E$337,'Marketing spend and leads'!$B$2:$B$337,"paid",'Marketing spend and leads'!$C$2:$C$337,"amer_west",'Marketing spend and leads'!$D$2:$D$337,"may25") -> 45330 | F7: =SUMIFS('Marketing spend and leads'!$E$2:$E$337,'Marketing spend and leads'!$B$2:$B$337,"paid",'Marketing spend and leads'!$C$2:$C$337,"amer_west",'Marketing spend and leads'!$D$2:$D$337,"jun25") -> 46300 | G7: =SUMIFS('Marketing spend and leads'!$E$2:$E$337,'Marketing spend and leads'!$B$2:$B$337,"paid",'Marketing spend and leads'!$C$2:$C$337,"amer_west",'Marketing spend and leads'!$D$2:$D$337,"jul25") -> 32670 | H7: =SUMIFS('Marketing spend and leads'!$E$2:$E$337,'Marketing spend and leads'!$B$2:$B$337,"paid",'Marketing spend and leads'!$C$2:$C$337,"amer_west",'Marketing spend and leads'!$D$2:$D$337,"aug25") -> 36140 | I7: =SUMIFS('Marketing spend and leads'!$E$2:$E$337,'Marketing spend and leads'!$B$2:$B$337,"paid",'Marketing spend and leads'!$C$2:$C$337,"amer_west",'Marketing spend and leads'!$D$2:$D$337,"sep25") -> 42220 | J7: =SUMIFS('Marketing spend and leads'!$E$2:$E$337,'Marketing spend and leads'!$B$2:$B$337,"paid",'Marketing spend and leads'!$C$2:$C$337,"amer_west",'Marketing spend and leads'!$D$2:$D$337,"oct25") -> 36120 | K7: =SUMIFS('Marketing spend and leads'!$E$2:$E$337,'Marketing spend and leads'!$B$2:$B$337,"paid",'Marketing spend and leads'!$C$2:$C$337,"amer_west",'Marketing spend and leads'!$D$2:$D$337,"nov25") -> 37400 | L7: =SUMIFS('Marketing spend and leads'!$E$2:$E$337,'Marketing spend and leads'!$B$2:$B$337,"paid",'Marketing spend and leads'!$C$2:$C$337,"amer_west",'Marketing spend and leads'!$D$2:$D$337,"dec25") -> 45270 | M7: =SUMIFS('Marketing spend and leads'!$E$2:$E$337,'Marketing spend and leads'!$B$2:$B$337,"paid",'Marketing spend and leads'!$C$2:$C$337,"amer_west",'Marketing spend and leads'!$D$2:$D$337,"jan26") -> 36970 | N7: =SUMIFS('Marketing spend and leads'!$E$2:$E$337,'Marketing spend and leads'!$B$2:$B$337,"paid",'Marketing spend and leads'!$C$2:$C$337,"amer_west",'Marketing spend and leads'!$D$2:$D$337,"feb26") -> 42710 | O7: =SUMIFS('Marketing spend and leads'!$E$2:$E$337,'Marketing spend and leads'!$B$2:$B$337,"paid",'Marketing spend and leads'!$C$2:$C$337,"amer_west",'Marketing spend and leads'!$D$2:$D$337,"mar26") -> 48420 | P7: =SUMIFS('Marketing spend and leads'!$E$2:$E$337,'Marketing spend and leads'!$B$2:$B$337,"paid",'Marketing spend and leads'!$C$2:$C$337,"amer_west",'Marketing spend and leads'!$D$2:$D$337,"apr26") -> 48860 | Q7: =SUMIFS('Marketing spend and leads'!$E$2:$E$337,'Marketing spend and leads'!$B$2:$B$337,"paid",'Marketing spend and leads'!$C$2:$C$337,"amer_west",'Marketing spend and leads'!$D$2:$D$337,"may26") -> 46780 | R7: =SUMIFS('Marketing spend and leads'!$E$2:$E$337,'Marketing spend and leads'!$B$2:$B$337,"paid",'Marketing spend and leads'!$C$2:$C$337,"amer_west",'Marketing spend and leads'!$D$2:$D$337,"jun26") -> 59250 | S7: =SUMIFS('Marketing spend and leads'!$E$2:$E$337,'Marketing spend and leads'!$B$2:$B$337,"paid",'Marketing spend and leads'!$C$2:$C$337,"amer_west",'Marketing spend and leads'!$D$2:$D$337,"jul26") -> 43710 | T7: =SUMIFS('Marketing spend and leads'!$E$2:$E$337,'Marketing spend and leads'!$B$2:$B$337,"paid",'Marketing spend and leads'!$C$2:$C$337,"amer_west",'Marketing spend and leads'!$D$2:$D$337,"aug26") -> 42580 | U7: =SUMIFS('Marketing spend and leads'!$E$2:$E$337,'Marketing spend and leads'!$B$2:$B$337,"paid",'Marketing spend and leads'!$C$2:$C$337,"amer_west",'Marketing spend and leads'!$D$2:$D$337,"sep26") -> 44280 | V7: =SUMIFS('Marketing spend and leads'!$E$2:$E$337,'Marketing spend and leads'!$B$2:$B$337,"paid",'Marketing spend and leads'!$C$2:$C$337,"amer_west",'Marketing spend and leads'!$D$2:$D$337,"oct26") -> 38490 | W7: =SUMIFS('Marketing spend and leads'!$E$2:$E$337,'Marketing spend and leads'!$B$2:$B$337,"paid",'Marketing spend and leads'!$C$2:$C$337,"amer_west",'Marketing spend and leads'!$D$2:$D$337,"nov26") -> 45450 | X7: =SUMIFS('Marketing spend and leads'!$E$2:$E$337,'Marketing spend and leads'!$B$2:$B$337,"paid",'Marketing spend and leads'!$C$2:$C$337,"amer_west",'Marketing spend and leads'!$D$2:$D$337,"dec26") -> 55120
A8: Spend | B8: Paid digital | C8: EMEA | D8: =SUMIFS('Marketing spend and leads'!$E$2:$E$337,'Marketing spend and leads'!$B$2:$B$337,"paid",'Marketing spend and leads'!$C$2:$C$337,"emea",'Marketing spend and leads'!$D$2:$D$337,"apr25") -> 42670 | E8: =SUMIFS('Marketing spend and leads'!$E$2:$E$337,'Marketing spend and leads'!$B$2:$B$337,"paid",'Marketing spend and leads'!$C$2:$C$337,"emea",'Marketing spend and leads'!$D$2:$D$337,"may25") -> 37840 | F8: =SUMIFS('Marketing spend and leads'!$E$2:$E$337,'Marketing spend and leads'!$B$2:$B$337,"paid",'Marketing spend and leads'!$C$2:$C$337,"emea",'Marketing spend and leads'!$D$2:$D$337,"jun25") -> 43000 | G8: =SUMIFS('Marketing spend and leads'!$E$2:$E$337,'Marketing spend and leads'!$B$2:$B$337,"paid",'Marketing spend and leads'!$C$2:$C$337,"emea",'Marketing spend and leads'!$D$2:$D$337,"jul25") -> 35060 | H8: =SUMIFS('Marketing spend and leads'!$E$2:$E$337,'Marketing spend and leads'!$B$2:$B$337,"paid",'Marketing spend and leads'!$C$2:$C$337,"emea",'Marketing spend and leads'!$D$2:$D$337,"aug25") -> 30100 | I8: =SUMIFS('Marketing spend and leads'!$E$2:$E$337,'Marketing spend and leads'!$B$2:$B$337,"paid",'Marketing spend and leads'!$C$2:$C$337,"emea",'Marketing spend and leads'!$D$2:$D$337,"sep25") -> 38260 | J8: =SUMIFS('Marketing spend and leads'!$E$2:$E$337,'Marketing spend and leads'!$B$2:$B$337,"paid",'Marketing spend and leads'!$C$2:$C$337,"emea",'Marketing spend and leads'!$D$2:$D$337,"oct25") -> 33480 | K8: =SUMIFS('Marketing spend and leads'!$E$2:$E$337,'Marketing spend and leads'!$B$2:$B$337,"paid",'Marketing spend and leads'!$C$2:$C$337,"emea",'Marketing spend and leads'!$D$2:$D$337,"nov25") -> 33880 | L8: =SUMIFS('Marketing spend and leads'!$E$2:$E$337,'Marketing spend and leads'!$B$2:$B$337,"paid",'Marketing spend and leads'!$C$2:$C$337,"emea",'Marketing spend and leads'!$D$2:$D$337,"dec25") -> 34000 | M8: =SUMIFS('Marketing spend and leads'!$E$2:$E$337,'Marketing spend and leads'!$B$2:$B$337,"paid",'Marketing spend and leads'!$C$2:$C$337,"emea",'Marketing spend and leads'!$D$2:$D$337,"jan26") -> 28620 | N8: =SUMIFS('Marketing spend and leads'!$E$2:$E$337,'Marketing spend and leads'!$B$2:$B$337,"paid",'Marketing spend and leads'!$C$2:$C$337,"emea",'Marketing spend and leads'!$D$2:$D$337,"feb26") -> 39170 | O8: =SUMIFS('Marketing spend and leads'!$E$2:$E$337,'Marketing spend and leads'!$B$2:$B$337,"paid",'Marketing spend and leads'!$C$2:$C$337,"emea",'Marketing spend and leads'!$D$2:$D$337,"mar26") -> 40260 | P8: =SUMIFS('Marketing spend and leads'!$E$2:$E$337,'Marketing spend and leads'!$B$2:$B$337,"paid",'Marketing spend and leads'!$C$2:$C$337,"emea",'Marketing spend and leads'!$D$2:$D$337,"apr26") -> 35460 | Q8: =SUMIFS('Marketing spend and leads'!$E$2:$E$337,'Marketing spend and leads'!$B$2:$B$337,"paid",'Marketing spend and leads'!$C$2:$C$337,"emea",'Marketing spend and leads'!$D$2:$D$337,"may26") -> 38530 | R8: =SUMIFS('Marketing spend and leads'!$E$2:$E$337,'Marketing spend and leads'!$B$2:$B$337,"paid",'Marketing spend and leads'!$C$2:$C$337,"emea",'Marketing spend and leads'!$D$2:$D$337,"jun26") -> 44020 | S8: =SUMIFS('Marketing spend and leads'!$E$2:$E$337,'Marketing spend and leads'!$B$2:$B$337,"paid",'Marketing spend and leads'!$C$2:$C$337,"emea",'Marketing spend and leads'!$D$2:$D$337,"jul26") -> 35910 | T8: =SUMIFS('Marketing spend and leads'!$E$2:$E$337,'Marketing spend and leads'!$B$2:$B$337,"paid",'Marketing spend and leads'!$C$2:$C$337,"emea",'Marketing spend and leads'!$D$2:$D$337,"aug26") -> 37530 | U8: =SUMIFS('Marketing spend and leads'!$E$2:$E$337,'Marketing spend and leads'!$B$2:$B$337,"paid",'Marketing spend and leads'!$C$2:$C$337,"emea",'Marketing spend and leads'!$D$2:$D$337,"sep26") -> 33500 | V8: =SUMIFS('Marketing spend and leads'!$E$2:$E$337,'Marketing spend and leads'!$B$2:$B$337,"paid",'Marketing spend and leads'!$C$2:$C$337,"emea",'Marketing spend and leads'!$D$2:$D$337,"oct26") -> 33590 | W8: =SUMIFS('Marketing spend and leads'!$E$2:$E$337,'Marketing spend and leads'!$B$2:$B$337,"paid",'Marketing spend and leads'!$C$2:$C$337,"emea",'Marketing spend and leads'!$D$2:$D$337,"nov26") -> 37130 | X8: =SUMIFS('Marketing spend and leads'!$E$2:$E$337,'Marketing spend and leads'!$B$2:$B$337,"paid",'Marketing spend and leads'!$C$2:$C$337,"emea",'Marketing spend and leads'!$D$2:$D$337,"dec26") -> 41960
A9: Spend | B9: Paid digital | C9: APAC | D9: =SUMIFS('Marketing spend and leads'!$E$2:$E$337,'Marketing spend and leads'!$B$2:$B$337,"paid",'Marketing spend and leads'!$C$2:$C$337,"apac",'Marketing spend and leads'!$D$2:$D$337,"apr25") -> 22520 | E9: =SUMIFS('Marketing spend and leads'!$E$2:$E$337,'Marketing spend and leads'!$B$2:$B$337,"paid",'Marketing spend and leads'!$C$2:$C$337,"apac",'Marketing spend and leads'!$D$2:$D$337,"may25") -> 25700 | F9: =SUMIFS('Marketing spend and leads'!$E$2:$E$337,'Marketing spend and leads'!$B$2:$B$337,"paid",'Marketing spend and leads'!$C$2:$C$337,"apac",'Marketing spend and leads'!$D$2:$D$337,"jun25") -> 26660 | G9: =SUMIFS('Marketing spend and leads'!$E$2:$E$337,'Marketing spend and leads'!$B$2:$B$337,"paid",'Marketing spend and leads'!$C$2:$C$337,"apac",'Marketing spend and leads'!$D$2:$D$337,"jul25") -> 19560 | H9: =SUMIFS('Marketing spend and leads'!$E$2:$E$337,'Marketing spend and leads'!$B$2:$B$337,"paid",'Marketing spend and leads'!$C$2:$C$337,"apac",'Marketing spend and leads'!$D$2:$D$337,"aug25") -> 20650 | I9: =SUMIFS('Marketing spend and leads'!$E$2:$E$337,'Marketing spend and leads'!$B$2:$B$337,"paid",'Marketing spend and leads'!$C$2:$C$337,"apac",'Marketing spend and leads'!$D$2:$D$337,"sep25") -> 22610 | J9: =SUMIFS('Marketing spend and leads'!$E$2:$E$337,'Marketing spend and leads'!$B$2:$B$337,"paid",'Marketing spend and leads'!$C$2:$C$337,"apac",'Marketing spend and leads'!$D$2:$D$337,"oct25") -> 19490 | K9: =SUMIFS('Marketing spend and leads'!$E$2:$E$337,'Marketing spend and leads'!$B$2:$B$337,"paid",'Marketing spend and leads'!$C$2:$C$337,"apac",'Marketing spend and leads'!$D$2:$D$337,"nov25") -> 18540 | L9: =SUMIFS('Marketing spend and leads'!$E$2:$E$337,'Marketing spend and leads'!$B$2:$B$337,"paid",'Marketing spend and leads'!$C$2:$C$337,"apac",'Marketing spend and leads'!$D$2:$D$337,"dec25") -> 27990 | M9: =SUMIFS('Marketing spend and leads'!$E$2:$E$337,'Marketing spend and leads'!$B$2:$B$337,"paid",'Marketing spend and leads'!$C$2:$C$337,"apac",'Marketing spend and leads'!$D$2:$D$337,"jan26") -> 20940 | N9: =SUMIFS('Marketing spend and leads'!$E$2:$E$337,'Marketing spend and leads'!$B$2:$B$337,"paid",'Marketing spend and leads'!$C$2:$C$337,"apac",'Marketing spend and leads'!$D$2:$D$337,"feb26") -> 22600 | O9: =SUMIFS('Marketing spend and leads'!$E$2:$E$337,'Marketing spend and leads'!$B$2:$B$337,"paid",'Marketing spend and leads'!$C$2:$C$337,"apac",'Marketing spend and leads'!$D$2:$D$337,"mar26") -> 26750 | P9: =SUMIFS('Marketing spend and leads'!$E$2:$E$337,'Marketing spend and leads'!$B$2:$B$337,"paid",'Marketing spend and leads'!$C$2:$C$337,"apac",'Marketing spend and leads'!$D$2:$D$337,"apr26") -> 22350 | Q9: =SUMIFS('Marketing spend and leads'!$E$2:$E$337,'Marketing spend and leads'!$B$2:$B$337,"paid",'Marketing spend and leads'!$C$2:$C$337,"apac",'Marketing spend and leads'!$D$2:$D$337,"may26") -> 28630 | R9: =SUMIFS('Marketing spend and leads'!$E$2:$E$337,'Marketing spend and leads'!$B$2:$B$337,"paid",'Marketing spend and leads'!$C$2:$C$337,"apac",'Marketing spend and leads'!$D$2:$D$337,"jun26") -> 35030 | S9: =SUMIFS('Marketing spend and leads'!$E$2:$E$337,'Marketing spend and leads'!$B$2:$B$337,"paid",'Marketing spend and leads'!$C$2:$C$337,"apac",'Marketing spend and leads'!$D$2:$D$337,"jul26") -> 25300 | T9: =SUMIFS('Marketing spend and leads'!$E$2:$E$337,'Marketing spend and leads'!$B$2:$B$337,"paid",'Marketing spend and leads'!$C$2:$C$337,"apac",'Marketing spend and leads'!$D$2:$D$337,"aug26") -> 25030 | U9: =SUMIFS('Marketing spend and leads'!$E$2:$E$337,'Marketing spend and leads'!$B$2:$B$337,"paid",'Marketing spend and leads'!$C$2:$C$337,"apac",'Marketing spend and leads'!$D$2:$D$337,"sep26") -> 25020 | V9: =SUMIFS('Marketing spend and leads'!$E$2:$E$337,'Marketing spend and leads'!$B$2:$B$337,"paid",'Marketing spend and leads'!$C$2:$C$337,"apac",'Marketing spend and leads'!$D$2:$D$337,"oct26") -> 20990 | W9: =SUMIFS('Marketing spend and leads'!$E$2:$E$337,'Marketing spend and leads'!$B$2:$B$337,"paid",'Marketing spend and leads'!$C$2:$C$337,"apac",'Marketing spend and leads'!$D$2:$D$337,"nov26") -> 20190 | X9: =SUMIFS('Marketing spend and leads'!$E$2:$E$337,'Marketing spend and leads'!$B$2:$B$337,"paid",'Marketing spend and leads'!$C$2:$C$337,"apac",'Marketing spend and leads'!$D$2:$D$337,"dec26") -> 24590
A10: Spend | B10: Events & field | C10: AMER East | D10: =SUMIFS('Marketing spend and leads'!$E$2:$E$337,'Marketing spend and leads'!$B$2:$B$337,"events",'Marketing spend and leads'!$C$2:$C$337,"amer_east",'Marketing spend and leads'!$D$2:$D$337,"apr25") -> 13300 | E10: =SUMIFS('Marketing spend and leads'!$E$2:$E$337,'Marketing spend and leads'!$B$2:$B$337,"events",'Marketing spend and leads'!$C$2:$C$337,"amer_east",'Marketing spend and leads'!$D$2:$D$337,"may25") -> 46650 | F10: =SUMIFS('Marketing spend and leads'!$E$2:$E$337,'Marketing spend and leads'!$B$2:$B$337,"events",'Marketing spend and leads'!$C$2:$C$337,"amer_east",'Marketing spend and leads'!$D$2:$D$337,"jun25") -> 16050 | G10: =SUMIFS('Marketing spend and leads'!$E$2:$E$337,'Marketing spend and leads'!$B$2:$B$337,"events",'Marketing spend and leads'!$C$2:$C$337,"amer_east",'Marketing spend and leads'!$D$2:$D$337,"jul25") -> 11280 | H10: =SUMIFS('Marketing spend and leads'!$E$2:$E$337,'Marketing spend and leads'!$B$2:$B$337,"events",'Marketing spend and leads'!$C$2:$C$337,"amer_east",'Marketing spend and leads'!$D$2:$D$337,"aug25") -> 10470 | I10: =SUMIFS('Marketing spend and leads'!$E$2:$E$337,'Marketing spend and leads'!$B$2:$B$337,"events",'Marketing spend and leads'!$C$2:$C$337,"amer_east",'Marketing spend and leads'!$D$2:$D$337,"sep25") -> 13060 | J10: =SUMIFS('Marketing spend and leads'!$E$2:$E$337,'Marketing spend and leads'!$B$2:$B$337,"events",'Marketing spend and leads'!$C$2:$C$337,"amer_east",'Marketing spend and leads'!$D$2:$D$337,"oct25") -> 32830 | K10: =SUMIFS('Marketing spend and leads'!$E$2:$E$337,'Marketing spend and leads'!$B$2:$B$337,"events",'Marketing spend and leads'!$C$2:$C$337,"amer_east",'Marketing spend and leads'!$D$2:$D$337,"nov25") -> 10710 | L10: =SUMIFS('Marketing spend and leads'!$E$2:$E$337,'Marketing spend and leads'!$B$2:$B$337,"events",'Marketing spend and leads'!$C$2:$C$337,"amer_east",'Marketing spend and leads'!$D$2:$D$337,"dec25") -> 11960 | M10: =SUMIFS('Marketing spend and leads'!$E$2:$E$337,'Marketing spend and leads'!$B$2:$B$337,"events",'Marketing spend and leads'!$C$2:$C$337,"amer_east",'Marketing spend and leads'!$D$2:$D$337,"jan26") -> 11490 | N10: =SUMIFS('Marketing spend and leads'!$E$2:$E$337,'Marketing spend and leads'!$B$2:$B$337,"events",'Marketing spend and leads'!$C$2:$C$337,"amer_east",'Marketing spend and leads'!$D$2:$D$337,"feb26") -> 12850 | O10: =SUMIFS('Marketing spend and leads'!$E$2:$E$337,'Marketing spend and leads'!$B$2:$B$337,"events",'Marketing spend and leads'!$C$2:$C$337,"amer_east",'Marketing spend and leads'!$D$2:$D$337,"mar26") -> 54480 | P10: =SUMIFS('Marketing spend and leads'!$E$2:$E$337,'Marketing spend and leads'!$B$2:$B$337,"events",'Marketing spend and leads'!$C$2:$C$337,"amer_east",'Marketing spend and leads'!$D$2:$D$337,"apr26") -> 12310 | Q10: =SUMIFS('Marketing spend and leads'!$E$2:$E$337,'Marketing spend and leads'!$B$2:$B$337,"events",'Marketing spend and leads'!$C$2:$C$337,"amer_east",'Marketing spend and leads'!$D$2:$D$337,"may26") -> 11750 | R10: =SUMIFS('Marketing spend and leads'!$E$2:$E$337,'Marketing spend and leads'!$B$2:$B$337,"events",'Marketing spend and leads'!$C$2:$C$337,"amer_east",'Marketing spend and leads'!$D$2:$D$337,"jun26") -> 55190 | S10: =SUMIFS('Marketing spend and leads'!$E$2:$E$337,'Marketing spend and leads'!$B$2:$B$337,"events",'Marketing spend and leads'!$C$2:$C$337,"amer_east",'Marketing spend and leads'!$D$2:$D$337,"jul26") -> 12850 | T10: =SUMIFS('Marketing spend and leads'!$E$2:$E$337,'Marketing spend and leads'!$B$2:$B$337,"events",'Marketing spend and leads'!$C$2:$C$337,"amer_east",'Marketing spend and leads'!$D$2:$D$337,"aug26") -> 11780 | U10: =SUMIFS('Marketing spend and leads'!$E$2:$E$337,'Marketing spend and leads'!$B$2:$B$337,"events",'Marketing spend and leads'!$C$2:$C$337,"amer_east",'Marketing spend and leads'!$D$2:$D$337,"sep26") -> 11940 | V10: =SUMIFS('Marketing spend and leads'!$E$2:$E$337,'Marketing spend and leads'!$B$2:$B$337,"events",'Marketing spend and leads'!$C$2:$C$337,"amer_east",'Marketing spend and leads'!$D$2:$D$337,"oct26") -> 37790 | W10: =SUMIFS('Marketing spend and leads'!$E$2:$E$337,'Marketing spend and leads'!$B$2:$B$337,"events",'Marketing spend and leads'!$C$2:$C$337,"amer_east",'Marketing spend and leads'!$D$2:$D$337,"nov26") -> 28970 | X10: =SUMIFS('Marketing spend and leads'!$E$2:$E$337,'Marketing spend and leads'!$B$2:$B$337,"events",'Marketing spend and leads'!$C$2:$C$337,"amer_east",'Marketing spend and leads'!$D$2:$D$337,"dec26") -> 13090
A11: Spend | B11: Events & field | C11: AMER West | D11: =SUMIFS('Marketing spend and leads'!$E$2:$E$337,'Marketing spend and leads'!$B$2:$B$337,"events",'Marketing spend and leads'!$C$2:$C$337,"amer_west",'Marketing spend and leads'!$D$2:$D$337,"apr25") -> 10970 | E11: =SUMIFS('Marketing spend and leads'!$E$2:$E$337,'Marketing spend and leads'!$B$2:$B$337,"events",'Marketing spend and leads'!$C$2:$C$337,"amer_west",'Marketing spend and leads'!$D$2:$D$337,"may25") -> 39840 | F11: =SUMIFS('Marketing spend and leads'!$E$2:$E$337,'Marketing spend and leads'!$B$2:$B$337,"events",'Marketing spend and leads'!$C$2:$C$337,"amer_west",'Marketing spend and leads'!$D$2:$D$337,"jun25") -> 15330 | G11: =SUMIFS('Marketing spend and leads'!$E$2:$E$337,'Marketing spend and leads'!$B$2:$B$337,"events",'Marketing spend and leads'!$C$2:$C$337,"amer_west",'Marketing spend and leads'!$D$2:$D$337,"jul25") -> 10830 | H11: =SUMIFS('Marketing spend and leads'!$E$2:$E$337,'Marketing spend and leads'!$B$2:$B$337,"events",'Marketing spend and leads'!$C$2:$C$337,"amer_west",'Marketing spend and leads'!$D$2:$D$337,"aug25") -> 11040 | I11: =SUMIFS('Marketing spend and leads'!$E$2:$E$337,'Marketing spend and leads'!$B$2:$B$337,"events",'Marketing spend and leads'!$C$2:$C$337,"amer_west",'Marketing spend and leads'!$D$2:$D$337,"sep25") -> 11200 | J11: =SUMIFS('Marketing spend and leads'!$E$2:$E$337,'Marketing spend and leads'!$B$2:$B$337,"events",'Marketing spend and leads'!$C$2:$C$337,"amer_west",'Marketing spend and leads'!$D$2:$D$337,"oct25") -> 31770 | K11: =SUMIFS('Marketing spend and leads'!$E$2:$E$337,'Marketing spend and leads'!$B$2:$B$337,"events",'Marketing spend and leads'!$C$2:$C$337,"amer_west",'Marketing spend and leads'!$D$2:$D$337,"nov25") -> 9440 | L11: =SUMIFS('Marketing spend and leads'!$E$2:$E$337,'Marketing spend and leads'!$B$2:$B$337,"events",'Marketing spend and leads'!$C$2:$C$337,"amer_west",'Marketing spend and leads'!$D$2:$D$337,"dec25") -> 10350 | M11: =SUMIFS('Marketing spend and leads'!$E$2:$E$337,'Marketing spend and leads'!$B$2:$B$337,"events",'Marketing spend and leads'!$C$2:$C$337,"amer_west",'Marketing spend and leads'!$D$2:$D$337,"jan26") -> 9970 | N11: =SUMIFS('Marketing spend and leads'!$E$2:$E$337,'Marketing spend and leads'!$B$2:$B$337,"events",'Marketing spend and leads'!$C$2:$C$337,"amer_west",'Marketing spend and leads'!$D$2:$D$337,"feb26") -> 10850 | O11: =SUMIFS('Marketing spend and leads'!$E$2:$E$337,'Marketing spend and leads'!$B$2:$B$337,"events",'Marketing spend and leads'!$C$2:$C$337,"amer_west",'Marketing spend and leads'!$D$2:$D$337,"mar26") -> 51650 | P11: =SUMIFS('Marketing spend and leads'!$E$2:$E$337,'Marketing spend and leads'!$B$2:$B$337,"events",'Marketing spend and leads'!$C$2:$C$337,"amer_west",'Marketing spend and leads'!$D$2:$D$337,"apr26") -> 11450 | Q11: =SUMIFS('Marketing spend and leads'!$E$2:$E$337,'Marketing spend and leads'!$B$2:$B$337,"events",'Marketing spend and leads'!$C$2:$C$337,"amer_west",'Marketing spend and leads'!$D$2:$D$337,"may26") -> 14010 | R11: =SUMIFS('Marketing spend and leads'!$E$2:$E$337,'Marketing spend and leads'!$B$2:$B$337,"events",'Marketing spend and leads'!$C$2:$C$337,"amer_west",'Marketing spend and leads'!$D$2:$D$337,"jun26") -> 47340 | S11: =SUMIFS('Marketing spend and leads'!$E$2:$E$337,'Marketing spend and leads'!$B$2:$B$337,"events",'Marketing spend and leads'!$C$2:$C$337,"amer_west",'Marketing spend and leads'!$D$2:$D$337,"jul26") -> 11260 | T11: =SUMIFS('Marketing spend and leads'!$E$2:$E$337,'Marketing spend and leads'!$B$2:$B$337,"events",'Marketing spend and leads'!$C$2:$C$337,"amer_west",'Marketing spend and leads'!$D$2:$D$337,"aug26") -> 11380 | U11: =SUMIFS('Marketing spend and leads'!$E$2:$E$337,'Marketing spend and leads'!$B$2:$B$337,"events",'Marketing spend and leads'!$C$2:$C$337,"amer_west",'Marketing spend and leads'!$D$2:$D$337,"sep26") -> 11420 | V11: =SUMIFS('Marketing spend and leads'!$E$2:$E$337,'Marketing spend and leads'!$B$2:$B$337,"events",'Marketing spend and leads'!$C$2:$C$337,"amer_west",'Marketing spend and leads'!$D$2:$D$337,"oct26") -> 38460 | W11: =SUMIFS('Marketing spend and leads'!$E$2:$E$337,'Marketing spend and leads'!$B$2:$B$337,"events",'Marketing spend and leads'!$C$2:$C$337,"amer_west",'Marketing spend and leads'!$D$2:$D$337,"nov26") -> 22810 | X11: =SUMIFS('Marketing spend and leads'!$E$2:$E$337,'Marketing spend and leads'!$B$2:$B$337,"events",'Marketing spend and leads'!$C$2:$C$337,"amer_west",'Marketing spend and leads'!$D$2:$D$337,"dec26") -> 12400
A12: Spend | B12: Events & field | C12: EMEA | D12: =SUMIFS('Marketing spend and leads'!$E$2:$E$337,'Marketing spend and leads'!$B$2:$B$337,"events",'Marketing spend and leads'!$C$2:$C$337,"emea",'Marketing spend and leads'!$D$2:$D$337,"apr25") -> 9150 | E12: =SUMIFS('Marketing spend and leads'!$E$2:$E$337,'Marketing spend and leads'!$B$2:$B$337,"events",'Marketing spend and leads'!$C$2:$C$337,"emea",'Marketing spend and leads'!$D$2:$D$337,"may25") -> 33060 | F12: =SUMIFS('Marketing spend and leads'!$E$2:$E$337,'Marketing spend and leads'!$B$2:$B$337,"events",'Marketing spend and leads'!$C$2:$C$337,"emea",'Marketing spend and leads'!$D$2:$D$337,"jun25") -> 11150 | G12: =SUMIFS('Marketing spend and leads'!$E$2:$E$337,'Marketing spend and leads'!$B$2:$B$337,"events",'Marketing spend and leads'!$C$2:$C$337,"emea",'Marketing spend and leads'!$D$2:$D$337,"jul25") -> 9570 | H12: =SUMIFS('Marketing spend and leads'!$E$2:$E$337,'Marketing spend and leads'!$B$2:$B$337,"events",'Marketing spend and leads'!$C$2:$C$337,"emea",'Marketing spend and leads'!$D$2:$D$337,"aug25") -> 8610 | I12: =SUMIFS('Marketing spend and leads'!$E$2:$E$337,'Marketing spend and leads'!$B$2:$B$337,"events",'Marketing spend and leads'!$C$2:$C$337,"emea",'Marketing spend and leads'!$D$2:$D$337,"sep25") -> 9940 | J12: =SUMIFS('Marketing spend and leads'!$E$2:$E$337,'Marketing spend and leads'!$B$2:$B$337,"events",'Marketing spend and leads'!$C$2:$C$337,"emea",'Marketing spend and leads'!$D$2:$D$337,"oct25") -> 28990 | K12: =SUMIFS('Marketing spend and leads'!$E$2:$E$337,'Marketing spend and leads'!$B$2:$B$337,"events",'Marketing spend and leads'!$C$2:$C$337,"emea",'Marketing spend and leads'!$D$2:$D$337,"nov25") -> 7040 | L12: =SUMIFS('Marketing spend and leads'!$E$2:$E$337,'Marketing spend and leads'!$B$2:$B$337,"events",'Marketing spend and leads'!$C$2:$C$337,"emea",'Marketing spend and leads'!$D$2:$D$337,"dec25") -> 10360 | M12: =SUMIFS('Marketing spend and leads'!$E$2:$E$337,'Marketing spend and leads'!$B$2:$B$337,"events",'Marketing spend and leads'!$C$2:$C$337,"emea",'Marketing spend and leads'!$D$2:$D$337,"jan26") -> 8710 | N12: =SUMIFS('Marketing spend and leads'!$E$2:$E$337,'Marketing spend and leads'!$B$2:$B$337,"events",'Marketing spend and leads'!$C$2:$C$337,"emea",'Marketing spend and leads'!$D$2:$D$337,"feb26") -> 10390 | O12: =SUMIFS('Marketing spend and leads'!$E$2:$E$337,'Marketing spend and leads'!$B$2:$B$337,"events",'Marketing spend and leads'!$C$2:$C$337,"emea",'Marketing spend and leads'!$D$2:$D$337,"mar26") -> 38750 | P12: =SUMIFS('Marketing spend and leads'!$E$2:$E$337,'Marketing spend and leads'!$B$2:$B$337,"events",'Marketing spend and leads'!$C$2:$C$337,"emea",'Marketing spend and leads'!$D$2:$D$337,"apr26") -> 9790 | Q12: =SUMIFS('Marketing spend and leads'!$E$2:$E$337,'Marketing spend and leads'!$B$2:$B$337,"events",'Marketing spend and leads'!$C$2:$C$337,"emea",'Marketing spend and leads'!$D$2:$D$337,"may26") -> 10630 | R12: =SUMIFS('Marketing spend and leads'!$E$2:$E$337,'Marketing spend and leads'!$B$2:$B$337,"events",'Marketing spend and leads'!$C$2:$C$337,"emea",'Marketing spend and leads'!$D$2:$D$337,"jun26") -> 34480 | S12: =SUMIFS('Marketing spend and leads'!$E$2:$E$337,'Marketing spend and leads'!$B$2:$B$337,"events",'Marketing spend and leads'!$C$2:$C$337,"emea",'Marketing spend and leads'!$D$2:$D$337,"jul26") -> 9280 | T12: =SUMIFS('Marketing spend and leads'!$E$2:$E$337,'Marketing spend and leads'!$B$2:$B$337,"events",'Marketing spend and leads'!$C$2:$C$337,"emea",'Marketing spend and leads'!$D$2:$D$337,"aug26") -> 8330 | U12: =SUMIFS('Marketing spend and leads'!$E$2:$E$337,'Marketing spend and leads'!$B$2:$B$337,"events",'Marketing spend and leads'!$C$2:$C$337,"emea",'Marketing spend and leads'!$D$2:$D$337,"sep26") -> 11300 | V12: =SUMIFS('Marketing spend and leads'!$E$2:$E$337,'Marketing spend and leads'!$B$2:$B$337,"events",'Marketing spend and leads'!$C$2:$C$337,"emea",'Marketing spend and leads'!$D$2:$D$337,"oct26") -> 28670 | W12: =SUMIFS('Marketing spend and leads'!$E$2:$E$337,'Marketing spend and leads'!$B$2:$B$337,"events",'Marketing spend and leads'!$C$2:$C$337,"emea",'Marketing spend and leads'!$D$2:$D$337,"nov26") -> 22580 | X12: =SUMIFS('Marketing spend and leads'!$E$2:$E$337,'Marketing spend and leads'!$B$2:$B$337,"events",'Marketing spend and leads'!$C$2:$C$337,"emea",'Marketing spend and leads'!$D$2:$D$337,"dec26") -> 10290
A13: Spend | B13: Events & field | C13: APAC | D13: =SUMIFS('Marketing spend and leads'!$E$2:$E$337,'Marketing spend and leads'!$B$2:$B$337,"events",'Marketing spend and leads'!$C$2:$C$337,"apac",'Marketing spend and leads'!$D$2:$D$337,"apr25") -> 6300 | E13: =SUMIFS('Marketing spend and leads'!$E$2:$E$337,'Marketing spend and leads'!$B$2:$B$337,"events",'Marketing spend and leads'!$C$2:$C$337,"apac",'Marketing spend and leads'!$D$2:$D$337,"may25") -> 21060 | F13: =SUMIFS('Marketing spend and leads'!$E$2:$E$337,'Marketing spend and leads'!$B$2:$B$337,"events",'Marketing spend and leads'!$C$2:$C$337,"apac",'Marketing spend and leads'!$D$2:$D$337,"jun25") -> 7330 | G13: =SUMIFS('Marketing spend and leads'!$E$2:$E$337,'Marketing spend and leads'!$B$2:$B$337,"events",'Marketing spend and leads'!$C$2:$C$337,"apac",'Marketing spend and leads'!$D$2:$D$337,"jul25") -> 7030 | H13: =SUMIFS('Marketing spend and leads'!$E$2:$E$337,'Marketing spend and leads'!$B$2:$B$337,"events",'Marketing spend and leads'!$C$2:$C$337,"apac",'Marketing spend and leads'!$D$2:$D$337,"aug25") -> 5360 | I13: =SUMIFS('Marketing spend and leads'!$E$2:$E$337,'Marketing spend and leads'!$B$2:$B$337,"events",'Marketing spend and leads'!$C$2:$C$337,"apac",'Marketing spend and leads'!$D$2:$D$337,"sep25") -> 5630 | J13: =SUMIFS('Marketing spend and leads'!$E$2:$E$337,'Marketing spend and leads'!$B$2:$B$337,"events",'Marketing spend and leads'!$C$2:$C$337,"apac",'Marketing spend and leads'!$D$2:$D$337,"oct25") -> 19250 | K13: =SUMIFS('Marketing spend and leads'!$E$2:$E$337,'Marketing spend and leads'!$B$2:$B$337,"events",'Marketing spend and leads'!$C$2:$C$337,"apac",'Marketing spend and leads'!$D$2:$D$337,"nov25") -> 5040 | L13: =SUMIFS('Marketing spend and leads'!$E$2:$E$337,'Marketing spend and leads'!$B$2:$B$337,"events",'Marketing spend and leads'!$C$2:$C$337,"apac",'Marketing spend and leads'!$D$2:$D$337,"dec25") -> 7220 | M13: =SUMIFS('Marketing spend and leads'!$E$2:$E$337,'Marketing spend and leads'!$B$2:$B$337,"events",'Marketing spend and leads'!$C$2:$C$337,"apac",'Marketing spend and leads'!$D$2:$D$337,"jan26") -> 5160 | N13: =SUMIFS('Marketing spend and leads'!$E$2:$E$337,'Marketing spend and leads'!$B$2:$B$337,"events",'Marketing spend and leads'!$C$2:$C$337,"apac",'Marketing spend and leads'!$D$2:$D$337,"feb26") -> 5540 | O13: =SUMIFS('Marketing spend and leads'!$E$2:$E$337,'Marketing spend and leads'!$B$2:$B$337,"events",'Marketing spend and leads'!$C$2:$C$337,"apac",'Marketing spend and leads'!$D$2:$D$337,"mar26") -> 24460 | P13: =SUMIFS('Marketing spend and leads'!$E$2:$E$337,'Marketing spend and leads'!$B$2:$B$337,"events",'Marketing spend and leads'!$C$2:$C$337,"apac",'Marketing spend and leads'!$D$2:$D$337,"apr26") -> 5880 | Q13: =SUMIFS('Marketing spend and leads'!$E$2:$E$337,'Marketing spend and leads'!$B$2:$B$337,"events",'Marketing spend and leads'!$C$2:$C$337,"apac",'Marketing spend and leads'!$D$2:$D$337,"may26") -> 6820 | R13: =SUMIFS('Marketing spend and leads'!$E$2:$E$337,'Marketing spend and leads'!$B$2:$B$337,"events",'Marketing spend and leads'!$C$2:$C$337,"apac",'Marketing spend and leads'!$D$2:$D$337,"jun26") -> 23360 | S13: =SUMIFS('Marketing spend and leads'!$E$2:$E$337,'Marketing spend and leads'!$B$2:$B$337,"events",'Marketing spend and leads'!$C$2:$C$337,"apac",'Marketing spend and leads'!$D$2:$D$337,"jul26") -> 6010 | T13: =SUMIFS('Marketing spend and leads'!$E$2:$E$337,'Marketing spend and leads'!$B$2:$B$337,"events",'Marketing spend and leads'!$C$2:$C$337,"apac",'Marketing spend and leads'!$D$2:$D$337,"aug26") -> 5610 | U13: =SUMIFS('Marketing spend and leads'!$E$2:$E$337,'Marketing spend and leads'!$B$2:$B$337,"events",'Marketing spend and leads'!$C$2:$C$337,"apac",'Marketing spend and leads'!$D$2:$D$337,"sep26") -> 6090 | V13: =SUMIFS('Marketing spend and leads'!$E$2:$E$337,'Marketing spend and leads'!$B$2:$B$337,"events",'Marketing spend and leads'!$C$2:$C$337,"apac",'Marketing spend and leads'!$D$2:$D$337,"oct26") -> 19660 | W13: =SUMIFS('Marketing spend and leads'!$E$2:$E$337,'Marketing spend and leads'!$B$2:$B$337,"events",'Marketing spend and leads'!$C$2:$C$337,"apac",'Marketing spend and leads'!$D$2:$D$337,"nov26") -> 13980 | X13: =SUMIFS('Marketing spend and leads'!$E$2:$E$337,'Marketing spend and leads'!$B$2:$B$337,"events",'Marketing spend and leads'!$C$2:$C$337,"apac",'Marketing spend and leads'!$D$2:$D$337,"dec26") -> 6250
A14: Spend | B14: Partner | C14: AMER East | D14: =SUMIFS('Marketing spend and leads'!$E$2:$E$337,'Marketing spend and leads'!$B$2:$B$337,"partner",'Marketing spend and leads'!$C$2:$C$337,"amer_east",'Marketing spend and leads'!$D$2:$D$337,"apr25") -> 6930 | E14: =SUMIFS('Marketing spend and leads'!$E$2:$E$337,'Marketing spend and leads'!$B$2:$B$337,"partner",'Marketing spend and leads'!$C$2:$C$337,"amer_east",'Marketing spend and leads'!$D$2:$D$337,"may25") -> 5820 | F14: =SUMIFS('Marketing spend and leads'!$E$2:$E$337,'Marketing spend and leads'!$B$2:$B$337,"partner",'Marketing spend and leads'!$C$2:$C$337,"amer_east",'Marketing spend and leads'!$D$2:$D$337,"jun25") -> 6070 | G14: =SUMIFS('Marketing spend and leads'!$E$2:$E$337,'Marketing spend and leads'!$B$2:$B$337,"partner",'Marketing spend and leads'!$C$2:$C$337,"amer_east",'Marketing spend and leads'!$D$2:$D$337,"jul25") -> 5590 | H14: =SUMIFS('Marketing spend and leads'!$E$2:$E$337,'Marketing spend and leads'!$B$2:$B$337,"partner",'Marketing spend and leads'!$C$2:$C$337,"amer_east",'Marketing spend and leads'!$D$2:$D$337,"aug25") -> 5000 | I14: =SUMIFS('Marketing spend and leads'!$E$2:$E$337,'Marketing spend and leads'!$B$2:$B$337,"partner",'Marketing spend and leads'!$C$2:$C$337,"amer_east",'Marketing spend and leads'!$D$2:$D$337,"sep25") -> 5820 | J14: =SUMIFS('Marketing spend and leads'!$E$2:$E$337,'Marketing spend and leads'!$B$2:$B$337,"partner",'Marketing spend and leads'!$C$2:$C$337,"amer_east",'Marketing spend and leads'!$D$2:$D$337,"oct25") -> 5060 | K14: =SUMIFS('Marketing spend and leads'!$E$2:$E$337,'Marketing spend and leads'!$B$2:$B$337,"partner",'Marketing spend and leads'!$C$2:$C$337,"amer_east",'Marketing spend and leads'!$D$2:$D$337,"nov25") -> 4740 | L14: =SUMIFS('Marketing spend and leads'!$E$2:$E$337,'Marketing spend and leads'!$B$2:$B$337,"partner",'Marketing spend and leads'!$C$2:$C$337,"amer_east",'Marketing spend and leads'!$D$2:$D$337,"dec25") -> 7030 | M14: =SUMIFS('Marketing spend and leads'!$E$2:$E$337,'Marketing spend and leads'!$B$2:$B$337,"partner",'Marketing spend and leads'!$C$2:$C$337,"amer_east",'Marketing spend and leads'!$D$2:$D$337,"jan26") -> 5850 | N14: =SUMIFS('Marketing spend and leads'!$E$2:$E$337,'Marketing spend and leads'!$B$2:$B$337,"partner",'Marketing spend and leads'!$C$2:$C$337,"amer_east",'Marketing spend and leads'!$D$2:$D$337,"feb26") -> 5320 | O14: =SUMIFS('Marketing spend and leads'!$E$2:$E$337,'Marketing spend and leads'!$B$2:$B$337,"partner",'Marketing spend and leads'!$C$2:$C$337,"amer_east",'Marketing spend and leads'!$D$2:$D$337,"mar26") -> 6680 | P14: =SUMIFS('Marketing spend and leads'!$E$2:$E$337,'Marketing spend and leads'!$B$2:$B$337,"partner",'Marketing spend and leads'!$C$2:$C$337,"amer_east",'Marketing spend and leads'!$D$2:$D$337,"apr26") -> 6580 | Q14: =SUMIFS('Marketing spend and leads'!$E$2:$E$337,'Marketing spend and leads'!$B$2:$B$337,"partner",'Marketing spend and leads'!$C$2:$C$337,"amer_east",'Marketing spend and leads'!$D$2:$D$337,"may26") -> 5850 | R14: =SUMIFS('Marketing spend and leads'!$E$2:$E$337,'Marketing spend and leads'!$B$2:$B$337,"partner",'Marketing spend and leads'!$C$2:$C$337,"amer_east",'Marketing spend and leads'!$D$2:$D$337,"jun26") -> 7370 | S14: =SUMIFS('Marketing spend and leads'!$E$2:$E$337,'Marketing spend and leads'!$B$2:$B$337,"partner",'Marketing spend and leads'!$C$2:$C$337,"amer_east",'Marketing spend and leads'!$D$2:$D$337,"jul26") -> 5320 | T14: =SUMIFS('Marketing spend and leads'!$E$2:$E$337,'Marketing spend and leads'!$B$2:$B$337,"partner",'Marketing spend and leads'!$C$2:$C$337,"amer_east",'Marketing spend and leads'!$D$2:$D$337,"aug26") -> 6210 | U14: =SUMIFS('Marketing spend and leads'!$E$2:$E$337,'Marketing spend and leads'!$B$2:$B$337,"partner",'Marketing spend and leads'!$C$2:$C$337,"amer_east",'Marketing spend and leads'!$D$2:$D$337,"sep26") -> 6010 | V14: =SUMIFS('Marketing spend and leads'!$E$2:$E$337,'Marketing spend and leads'!$B$2:$B$337,"partner",'Marketing spend and leads'!$C$2:$C$337,"amer_east",'Marketing spend and leads'!$D$2:$D$337,"oct26") -> 5370 | W14: =SUMIFS('Marketing spend and leads'!$E$2:$E$337,'Marketing spend and leads'!$B$2:$B$337,"partner",'Marketing spend and leads'!$C$2:$C$337,"amer_east",'Marketing spend and leads'!$D$2:$D$337,"nov26") -> 5530 | X14: =SUMIFS('Marketing spend and leads'!$E$2:$E$337,'Marketing spend and leads'!$B$2:$B$337,"partner",'Marketing spend and leads'!$C$2:$C$337,"amer_east",'Marketing spend and leads'!$D$2:$D$337,"dec26") -> 5420
A15: Spend | B15: Partner | C15: AMER West | D15: =SUMIFS('Marketing spend and leads'!$E$2:$E$337,'Marketing spend and leads'!$B$2:$B$337,"partner",'Marketing spend and leads'!$C$2:$C$337,"amer_west",'Marketing spend and leads'!$D$2:$D$337,"apr25") -> 6350 | E15: =SUMIFS('Marketing spend and leads'!$E$2:$E$337,'Marketing spend and leads'!$B$2:$B$337,"partner",'Marketing spend and leads'!$C$2:$C$337,"amer_west",'Marketing spend and leads'!$D$2:$D$337,"may25") -> 5280 | F15: =SUMIFS('Marketing spend and leads'!$E$2:$E$337,'Marketing spend and leads'!$B$2:$B$337,"partner",'Marketing spend and leads'!$C$2:$C$337,"amer_west",'Marketing spend and leads'!$D$2:$D$337,"jun25") -> 6150 | G15: =SUMIFS('Marketing spend and leads'!$E$2:$E$337,'Marketing spend and leads'!$B$2:$B$337,"partner",'Marketing spend and leads'!$C$2:$C$337,"amer_west",'Marketing spend and leads'!$D$2:$D$337,"jul25") -> 5810 | H15: =SUMIFS('Marketing spend and leads'!$E$2:$E$337,'Marketing spend and leads'!$B$2:$B$337,"partner",'Marketing spend and leads'!$C$2:$C$337,"amer_west",'Marketing spend and leads'!$D$2:$D$337,"aug25") -> 5150 | I15: =SUMIFS('Marketing spend and leads'!$E$2:$E$337,'Marketing spend and leads'!$B$2:$B$337,"partner",'Marketing spend and leads'!$C$2:$C$337,"amer_west",'Marketing spend and leads'!$D$2:$D$337,"sep25") -> 4940 | J15: =SUMIFS('Marketing spend and leads'!$E$2:$E$337,'Marketing spend and leads'!$B$2:$B$337,"partner",'Marketing spend and leads'!$C$2:$C$337,"amer_west",'Marketing spend and leads'!$D$2:$D$337,"oct25") -> 4550 | K15: =SUMIFS('Marketing spend and leads'!$E$2:$E$337,'Marketing spend and leads'!$B$2:$B$337,"partner",'Marketing spend and leads'!$C$2:$C$337,"amer_west",'Marketing spend and leads'!$D$2:$D$337,"nov25") -> 4730 | L15: =SUMIFS('Marketing spend and leads'!$E$2:$E$337,'Marketing spend and leads'!$B$2:$B$337,"partner",'Marketing spend and leads'!$C$2:$C$337,"amer_west",'Marketing spend and leads'!$D$2:$D$337,"dec25") -> 5420 | M15: =SUMIFS('Marketing spend and leads'!$E$2:$E$337,'Marketing spend and leads'!$B$2:$B$337,"partner",'Marketing spend and leads'!$C$2:$C$337,"amer_west",'Marketing spend and leads'!$D$2:$D$337,"jan26") -> 4980 | N15: =SUMIFS('Marketing spend and leads'!$E$2:$E$337,'Marketing spend and leads'!$B$2:$B$337,"partner",'Marketing spend and leads'!$C$2:$C$337,"amer_west",'Marketing spend and leads'!$D$2:$D$337,"feb26") -> 5760 | O15: =SUMIFS('Marketing spend and leads'!$E$2:$E$337,'Marketing spend and leads'!$B$2:$B$337,"partner",'Marketing spend and leads'!$C$2:$C$337,"amer_west",'Marketing spend and leads'!$D$2:$D$337,"mar26") -> 6780 | P15: =SUMIFS('Marketing spend and leads'!$E$2:$E$337,'Marketing spend and leads'!$B$2:$B$337,"partner",'Marketing spend and leads'!$C$2:$C$337,"amer_west",'Marketing spend and leads'!$D$2:$D$337,"apr26") -> 5940 | Q15: =SUMIFS('Marketing spend and leads'!$E$2:$E$337,'Marketing spend and leads'!$B$2:$B$337,"partner",'Marketing spend and leads'!$C$2:$C$337,"amer_west",'Marketing spend and leads'!$D$2:$D$337,"may26") -> 6080 | R15: =SUMIFS('Marketing spend and leads'!$E$2:$E$337,'Marketing spend and leads'!$B$2:$B$337,"partner",'Marketing spend and leads'!$C$2:$C$337,"amer_west",'Marketing spend and leads'!$D$2:$D$337,"jun26") -> 6600 | S15: =SUMIFS('Marketing spend and leads'!$E$2:$E$337,'Marketing spend and leads'!$B$2:$B$337,"partner",'Marketing spend and leads'!$C$2:$C$337,"amer_west",'Marketing spend and leads'!$D$2:$D$337,"jul26") -> 5420 | T15: =SUMIFS('Marketing spend and leads'!$E$2:$E$337,'Marketing spend and leads'!$B$2:$B$337,"partner",'Marketing spend and leads'!$C$2:$C$337,"amer_west",'Marketing spend and leads'!$D$2:$D$337,"aug26") -> 5200 | U15: =SUMIFS('Marketing spend and leads'!$E$2:$E$337,'Marketing spend and leads'!$B$2:$B$337,"partner",'Marketing spend and leads'!$C$2:$C$337,"amer_west",'Marketing spend and leads'!$D$2:$D$337,"sep26") -> 4650 | V15: =SUMIFS('Marketing spend and leads'!$E$2:$E$337,'Marketing spend and leads'!$B$2:$B$337,"partner",'Marketing spend and leads'!$C$2:$C$337,"amer_west",'Marketing spend and leads'!$D$2:$D$337,"oct26") -> 4370 | W15: =SUMIFS('Marketing spend and leads'!$E$2:$E$337,'Marketing spend and leads'!$B$2:$B$337,"partner",'Marketing spend and leads'!$C$2:$C$337,"amer_west",'Marketing spend and leads'!$D$2:$D$337,"nov26") -> 5010 | X15: =SUMIFS('Marketing spend and leads'!$E$2:$E$337,'Marketing spend and leads'!$B$2:$B$337,"partner",'Marketing spend and leads'!$C$2:$C$337,"amer_west",'Marketing spend and leads'!$D$2:$D$337,"dec26") -> 5720
A16: Spend | B16: Partner | C16: EMEA | D16: =SUMIFS('Marketing spend and leads'!$E$2:$E$337,'Marketing spend and leads'!$B$2:$B$337,"partner",'Marketing spend and leads'!$C$2:$C$337,"emea",'Marketing spend and leads'!$D$2:$D$337,"apr25") -> 5560 | E16: =SUMIFS('Marketing spend and leads'!$E$2:$E$337,'Marketing spend and leads'!$B$2:$B$337,"partner",'Marketing spend and leads'!$C$2:$C$337,"emea",'Marketing spend and leads'!$D$2:$D$337,"may25") -> 5630 | F16: =SUMIFS('Marketing spend and leads'!$E$2:$E$337,'Marketing spend and leads'!$B$2:$B$337,"partner",'Marketing spend and leads'!$C$2:$C$337,"emea",'Marketing spend and leads'!$D$2:$D$337,"jun25") -> 5300 | G16: =SUMIFS('Marketing spend and leads'!$E$2:$E$337,'Marketing spend and leads'!$B$2:$B$337,"partner",'Marketing spend and leads'!$C$2:$C$337,"emea",'Marketing spend and leads'!$D$2:$D$337,"jul25") -> 4230 | H16: =SUMIFS('Marketing spend and leads'!$E$2:$E$337,'Marketing spend and leads'!$B$2:$B$337,"partner",'Marketing spend and leads'!$C$2:$C$337,"emea",'Marketing spend and leads'!$D$2:$D$337,"aug25") -> 4250 | I16: =SUMIFS('Marketing spend and leads'!$E$2:$E$337,'Marketing spend and leads'!$B$2:$B$337,"partner",'Marketing spend and leads'!$C$2:$C$337,"emea",'Marketing spend and leads'!$D$2:$D$337,"sep25") -> 4020 | J16: =SUMIFS('Marketing spend and leads'!$E$2:$E$337,'Marketing spend and leads'!$B$2:$B$337,"partner",'Marketing spend and leads'!$C$2:$C$337,"emea",'Marketing spend and leads'!$D$2:$D$337,"oct25") -> 4080 | K16: =SUMIFS('Marketing spend and leads'!$E$2:$E$337,'Marketing spend and leads'!$B$2:$B$337,"partner",'Marketing spend and leads'!$C$2:$C$337,"emea",'Marketing spend and leads'!$D$2:$D$337,"nov25") -> 4340 | L16: =SUMIFS('Marketing spend and leads'!$E$2:$E$337,'Marketing spend and leads'!$B$2:$B$337,"partner",'Marketing spend and leads'!$C$2:$C$337,"emea",'Marketing spend and leads'!$D$2:$D$337,"dec25") -> 5100 | M16: =SUMIFS('Marketing spend and leads'!$E$2:$E$337,'Marketing spend and leads'!$B$2:$B$337,"partner",'Marketing spend and leads'!$C$2:$C$337,"emea",'Marketing spend and leads'!$D$2:$D$337,"jan26") -> 5340 | N16: =SUMIFS('Marketing spend and leads'!$E$2:$E$337,'Marketing spend and leads'!$B$2:$B$337,"partner",'Marketing spend and leads'!$C$2:$C$337,"emea",'Marketing spend and leads'!$D$2:$D$337,"feb26") -> 4790 | O16: =SUMIFS('Marketing spend and leads'!$E$2:$E$337,'Marketing spend and leads'!$B$2:$B$337,"partner",'Marketing spend and leads'!$C$2:$C$337,"emea",'Marketing spend and leads'!$D$2:$D$337,"mar26") -> 5710 | P16: =SUMIFS('Marketing spend and leads'!$E$2:$E$337,'Marketing spend and leads'!$B$2:$B$337,"partner",'Marketing spend and leads'!$C$2:$C$337,"emea",'Marketing spend and leads'!$D$2:$D$337,"apr26") -> 4810 | Q16: =SUMIFS('Marketing spend and leads'!$E$2:$E$337,'Marketing spend and leads'!$B$2:$B$337,"partner",'Marketing spend and leads'!$C$2:$C$337,"emea",'Marketing spend and leads'!$D$2:$D$337,"may26") -> 5030 | R16: =SUMIFS('Marketing spend and leads'!$E$2:$E$337,'Marketing spend and leads'!$B$2:$B$337,"partner",'Marketing spend and leads'!$C$2:$C$337,"emea",'Marketing spend and leads'!$D$2:$D$337,"jun26") -> 4960 | S16: =SUMIFS('Marketing spend and leads'!$E$2:$E$337,'Marketing spend and leads'!$B$2:$B$337,"partner",'Marketing spend and leads'!$C$2:$C$337,"emea",'Marketing spend and leads'!$D$2:$D$337,"jul26") -> 4860 | T16: =SUMIFS('Marketing spend and leads'!$E$2:$E$337,'Marketing spend and leads'!$B$2:$B$337,"partner",'Marketing spend and leads'!$C$2:$C$337,"emea",'Marketing spend and leads'!$D$2:$D$337,"aug26") -> 4070 | U16: =SUMIFS('Marketing spend and leads'!$E$2:$E$337,'Marketing spend and leads'!$B$2:$B$337,"partner",'Marketing spend and leads'!$C$2:$C$337,"emea",'Marketing spend and leads'!$D$2:$D$337,"sep26") -> 5060 | V16: =SUMIFS('Marketing spend and leads'!$E$2:$E$337,'Marketing spend and leads'!$B$2:$B$337,"partner",'Marketing spend and leads'!$C$2:$C$337,"emea",'Marketing spend and leads'!$D$2:$D$337,"oct26") -> 3690 | W16: =SUMIFS('Marketing spend and leads'!$E$2:$E$337,'Marketing spend and leads'!$B$2:$B$337,"partner",'Marketing spend and leads'!$C$2:$C$337,"emea",'Marketing spend and leads'!$D$2:$D$337,"nov26") -> 3780 | X16: =SUMIFS('Marketing spend and leads'!$E$2:$E$337,'Marketing spend and leads'!$B$2:$B$337,"partner",'Marketing spend and leads'!$C$2:$C$337,"emea",'Marketing spend and leads'!$D$2:$D$337,"dec26") -> 4820
A17: Spend | B17: Partner | C17: APAC | D17: =SUMIFS('Marketing spend and leads'!$E$2:$E$337,'Marketing spend and leads'!$B$2:$B$337,"partner",'Marketing spend and leads'!$C$2:$C$337,"apac",'Marketing spend and leads'!$D$2:$D$337,"apr25") -> 2960 | E17: =SUMIFS('Marketing spend and leads'!$E$2:$E$337,'Marketing spend and leads'!$B$2:$B$337,"partner",'Marketing spend and leads'!$C$2:$C$337,"apac",'Marketing spend and leads'!$D$2:$D$337,"may25") -> 2660 | F17: =SUMIFS('Marketing spend and leads'!$E$2:$E$337,'Marketing spend and leads'!$B$2:$B$337,"partner",'Marketing spend and leads'!$C$2:$C$337,"apac",'Marketing spend and leads'!$D$2:$D$337,"jun25") -> 4090 | G17: =SUMIFS('Marketing spend and leads'!$E$2:$E$337,'Marketing spend and leads'!$B$2:$B$337,"partner",'Marketing spend and leads'!$C$2:$C$337,"apac",'Marketing spend and leads'!$D$2:$D$337,"jul25") -> 2840 | H17: =SUMIFS('Marketing spend and leads'!$E$2:$E$337,'Marketing spend and leads'!$B$2:$B$337,"partner",'Marketing spend and leads'!$C$2:$C$337,"apac",'Marketing spend and leads'!$D$2:$D$337,"aug25") -> 2600 | I17: =SUMIFS('Marketing spend and leads'!$E$2:$E$337,'Marketing spend and leads'!$B$2:$B$337,"partner",'Marketing spend and leads'!$C$2:$C$337,"apac",'Marketing spend and leads'!$D$2:$D$337,"sep25") -> 2580 | J17: =SUMIFS('Marketing spend and leads'!$E$2:$E$337,'Marketing spend and leads'!$B$2:$B$337,"partner",'Marketing spend and leads'!$C$2:$C$337,"apac",'Marketing spend and leads'!$D$2:$D$337,"oct25") -> 2490 | K17: =SUMIFS('Marketing spend and leads'!$E$2:$E$337,'Marketing spend and leads'!$B$2:$B$337,"partner",'Marketing spend and leads'!$C$2:$C$337,"apac",'Marketing spend and leads'!$D$2:$D$337,"nov25") -> 2570 | L17: =SUMIFS('Marketing spend and leads'!$E$2:$E$337,'Marketing spend and leads'!$B$2:$B$337,"partner",'Marketing spend and leads'!$C$2:$C$337,"apac",'Marketing spend and leads'!$D$2:$D$337,"dec25") -> 2670 | M17: =SUMIFS('Marketing spend and leads'!$E$2:$E$337,'Marketing spend and leads'!$B$2:$B$337,"partner",'Marketing spend and leads'!$C$2:$C$337,"apac",'Marketing spend and leads'!$D$2:$D$337,"jan26") -> 3020 | N17: =SUMIFS('Marketing spend and leads'!$E$2:$E$337,'Marketing spend and leads'!$B$2:$B$337,"partner",'Marketing spend and leads'!$C$2:$C$337,"apac",'Marketing spend and leads'!$D$2:$D$337,"feb26") -> 3220 | O17: =SUMIFS('Marketing spend and leads'!$E$2:$E$337,'Marketing spend and leads'!$B$2:$B$337,"partner",'Marketing spend and leads'!$C$2:$C$337,"apac",'Marketing spend and leads'!$D$2:$D$337,"mar26") -> 3660 | P17: =SUMIFS('Marketing spend and leads'!$E$2:$E$337,'Marketing spend and leads'!$B$2:$B$337,"partner",'Marketing spend and leads'!$C$2:$C$337,"apac",'Marketing spend and leads'!$D$2:$D$337,"apr26") -> 3230 | Q17: =SUMIFS('Marketing spend and leads'!$E$2:$E$337,'Marketing spend and leads'!$B$2:$B$337,"partner",'Marketing spend and leads'!$C$2:$C$337,"apac",'Marketing spend and leads'!$D$2:$D$337,"may26") -> 3080 | R17: =SUMIFS('Marketing spend and leads'!$E$2:$E$337,'Marketing spend and leads'!$B$2:$B$337,"partner",'Marketing spend and leads'!$C$2:$C$337,"apac",'Marketing spend and leads'!$D$2:$D$337,"jun26") -> 3310 | S17: =SUMIFS('Marketing spend and leads'!$E$2:$E$337,'Marketing spend and leads'!$B$2:$B$337,"partner",'Marketing spend and leads'!$C$2:$C$337,"apac",'Marketing spend and leads'!$D$2:$D$337,"jul26") -> 2960 | T17: =SUMIFS('Marketing spend and leads'!$E$2:$E$337,'Marketing spend and leads'!$B$2:$B$337,"partner",'Marketing spend and leads'!$C$2:$C$337,"apac",'Marketing spend and leads'!$D$2:$D$337,"aug26") -> 2690 | U17: =SUMIFS('Marketing spend and leads'!$E$2:$E$337,'Marketing spend and leads'!$B$2:$B$337,"partner",'Marketing spend and leads'!$C$2:$C$337,"apac",'Marketing spend and leads'!$D$2:$D$337,"sep26") -> 3320 | V17: =SUMIFS('Marketing spend and leads'!$E$2:$E$337,'Marketing spend and leads'!$B$2:$B$337,"partner",'Marketing spend and leads'!$C$2:$C$337,"apac",'Marketing spend and leads'!$D$2:$D$337,"oct26") -> 2430 | W17: =SUMIFS('Marketing spend and leads'!$E$2:$E$337,'Marketing spend and leads'!$B$2:$B$337,"partner",'Marketing spend and leads'!$C$2:$C$337,"apac",'Marketing spend and leads'!$D$2:$D$337,"nov26") -> 2700 | X17: =SUMIFS('Marketing spend and leads'!$E$2:$E$337,'Marketing spend and leads'!$B$2:$B$337,"partner",'Marketing spend and leads'!$C$2:$C$337,"apac",'Marketing spend and leads'!$D$2:$D$337,"dec26") -> 3100
A18: Spend | B18: Outbound (BDR) | C18: AMER East | D18: =SUMIFS('Marketing spend and leads'!$E$2:$E$337,'Marketing spend and leads'!$B$2:$B$337,"outbound",'Marketing spend and leads'!$C$2:$C$337,"amer_east",'Marketing spend and leads'!$D$2:$D$337,"apr25") -> 0 | E18: =SUMIFS('Marketing spend and leads'!$E$2:$E$337,'Marketing spend and leads'!$B$2:$B$337,"outbound",'Marketing spend and leads'!$C$2:$C$337,"amer_east",'Marketing spend and leads'!$D$2:$D$337,"may25") -> 0 | F18: =SUMIFS('Marketing spend and leads'!$E$2:$E$337,'Marketing spend and leads'!$B$2:$B$337,"outbound",'Marketing spend and leads'!$C$2:$C$337,"amer_east",'Marketing spend and leads'!$D$2:$D$337,"jun25") -> 0 | G18: =SUMIFS('Marketing spend and leads'!$E$2:$E$337,'Marketing spend and leads'!$B$2:$B$337,"outbound",'Marketing spend and leads'!$C$2:$C$337,"amer_east",'Marketing spend and leads'!$D$2:$D$337,"jul25") -> 0 | H18: =SUMIFS('Marketing spend and leads'!$E$2:$E$337,'Marketing spend and leads'!$B$2:$B$337,"outbound",'Marketing spend and leads'!$C$2:$C$337,"amer_east",'Marketing spend and leads'!$D$2:$D$337,"aug25") -> 0 | I18: =SUMIFS('Marketing spend and leads'!$E$2:$E$337,'Marketing spend and leads'!$B$2:$B$337,"outbound",'Marketing spend and leads'!$C$2:$C$337,"amer_east",'Marketing spend and leads'!$D$2:$D$337,"sep25") -> 0 | J18: =SUMIFS('Marketing spend and leads'!$E$2:$E$337,'Marketing spend and leads'!$B$2:$B$337,"outbound",'Marketing spend and leads'!$C$2:$C$337,"amer_east",'Marketing spend and leads'!$D$2:$D$337,"oct25") -> 0 | K18: =SUMIFS('Marketing spend and leads'!$E$2:$E$337,'Marketing spend and leads'!$B$2:$B$337,"outbound",'Marketing spend and leads'!$C$2:$C$337,"amer_east",'Marketing spend and leads'!$D$2:$D$337,"nov25") -> 0 | L18: =SUMIFS('Marketing spend and leads'!$E$2:$E$337,'Marketing spend and leads'!$B$2:$B$337,"outbound",'Marketing spend and leads'!$C$2:$C$337,"amer_east",'Marketing spend and leads'!$D$2:$D$337,"dec25") -> 0 | M18: =SUMIFS('Marketing spend and leads'!$E$2:$E$337,'Marketing spend and leads'!$B$2:$B$337,"outbound",'Marketing spend and leads'!$C$2:$C$337,"amer_east",'Marketing spend and leads'!$D$2:$D$337,"jan26") -> 0 | N18: =SUMIFS('Marketing spend and leads'!$E$2:$E$337,'Marketing spend and leads'!$B$2:$B$337,"outbound",'Marketing spend and leads'!$C$2:$C$337,"amer_east",'Marketing spend and leads'!$D$2:$D$337,"feb26") -> 0 | O18: =SUMIFS('Marketing spend and leads'!$E$2:$E$337,'Marketing spend and leads'!$B$2:$B$337,"outbound",'Marketing spend and leads'!$C$2:$C$337,"amer_east",'Marketing spend and leads'!$D$2:$D$337,"mar26") -> 0 | P18: =SUMIFS('Marketing spend and leads'!$E$2:$E$337,'Marketing spend and leads'!$B$2:$B$337,"outbound",'Marketing spend and leads'!$C$2:$C$337,"amer_east",'Marketing spend and leads'!$D$2:$D$337,"apr26") -> 0 | Q18: =SUMIFS('Marketing spend and leads'!$E$2:$E$337,'Marketing spend and leads'!$B$2:$B$337,"outbound",'Marketing spend and leads'!$C$2:$C$337,"amer_east",'Marketing spend and leads'!$D$2:$D$337,"may26") -> 0 | R18: =SUMIFS('Marketing spend and leads'!$E$2:$E$337,'Marketing spend and leads'!$B$2:$B$337,"outbound",'Marketing spend and leads'!$C$2:$C$337,"amer_east",'Marketing spend and leads'!$D$2:$D$337,"jun26") -> 0 | S18: =SUMIFS('Marketing spend and leads'!$E$2:$E$337,'Marketing spend and leads'!$B$2:$B$337,"outbound",'Marketing spend and leads'!$C$2:$C$337,"amer_east",'Marketing spend and leads'!$D$2:$D$337,"jul26") -> 0 | T18: =SUMIFS('Marketing spend and leads'!$E$2:$E$337,'Marketing spend and leads'!$B$2:$B$337,"outbound",'Marketing spend and leads'!$C$2:$C$337,"amer_east",'Marketing spend and leads'!$D$2:$D$337,"aug26") -> 0 | U18: =SUMIFS('Marketing spend and leads'!$E$2:$E$337,'Marketing spend and leads'!$B$2:$B$337,"outbound",'Marketing spend and leads'!$C$2:$C$337,"amer_east",'Marketing spend and leads'!$D$2:$D$337,"sep26") -> 0 | V18: =SUMIFS('Marketing spend and leads'!$E$2:$E$337,'Marketing spend and leads'!$B$2:$B$337,"outbound",'Marketing spend and leads'!$C$2:$C$337,"amer_east",'Marketing spend and leads'!$D$2:$D$337,"oct26") -> 0 | W18: =SUMIFS('Marketing spend and leads'!$E$2:$E$337,'Marketing spend and leads'!$B$2:$B$337,"outbound",'Marketing spend and leads'!$C$2:$C$337,"amer_east",'Marketing spend and leads'!$D$2:$D$337,"nov26") -> 0 | X18: =SUMIFS('Marketing spend and leads'!$E$2:$E$337,'Marketing spend and leads'!$B$2:$B$337,"outbound",'Marketing spend and leads'!$C$2:$C$337,"amer_east",'Marketing spend and leads'!$D$2:$D$337,"dec26") -> 0
A19: Spend | B19: Outbound (BDR) | C19: AMER West | D19: =SUMIFS('Marketing spend and leads'!$E$2:$E$337,'Marketing spend and leads'!$B$2:$B$337,"outbound",'Marketing spend and leads'!$C$2:$C$337,"amer_west",'Marketing spend and leads'!$D$2:$D$337,"apr25") -> 0 | E19: =SUMIFS('Marketing spend and leads'!$E$2:$E$337,'Marketing spend and leads'!$B$2:$B$337,"outbound",'Marketing spend and leads'!$C$2:$C$337,"amer_west",'Marketing spend and leads'!$D$2:$D$337,"may25") -> 0 | F19: =SUMIFS('Marketing spend and leads'!$E$2:$E$337,'Marketing spend and leads'!$B$2:$B$337,"outbound",'Marketing spend and leads'!$C$2:$C$337,"amer_west",'Marketing spend and leads'!$D$2:$D$337,"jun25") -> 0 | G19: =SUMIFS('Marketing spend and leads'!$E$2:$E$337,'Marketing spend and leads'!$B$2:$B$337,"outbound",'Marketing spend and leads'!$C$2:$C$337,"amer_west",'Marketing spend and leads'!$D$2:$D$337,"jul25") -> 0 | H19: =SUMIFS('Marketing spend and leads'!$E$2:$E$337,'Marketing spend and leads'!$B$2:$B$337,"outbound",'Marketing spend and leads'!$C$2:$C$337,"amer_west",'Marketing spend and leads'!$D$2:$D$337,"aug25") -> 0 | I19: =SUMIFS('Marketing spend and leads'!$E$2:$E$337,'Marketing spend and leads'!$B$2:$B$337,"outbound",'Marketing spend and leads'!$C$2:$C$337,"amer_west",'Marketing spend and leads'!$D$2:$D$337,"sep25") -> 0 | J19: =SUMIFS('Marketing spend and leads'!$E$2:$E$337,'Marketing spend and leads'!$B$2:$B$337,"outbound",'Marketing spend and leads'!$C$2:$C$337,"amer_west",'Marketing spend and leads'!$D$2:$D$337,"oct25") -> 0 | K19: =SUMIFS('Marketing spend and leads'!$E$2:$E$337,'Marketing spend and leads'!$B$2:$B$337,"outbound",'Marketing spend and leads'!$C$2:$C$337,"amer_west",'Marketing spend and leads'!$D$2:$D$337,"nov25") -> 0 | L19: =SUMIFS('Marketing spend and leads'!$E$2:$E$337,'Marketing spend and leads'!$B$2:$B$337,"outbound",'Marketing spend and leads'!$C$2:$C$337,"amer_west",'Marketing spend and leads'!$D$2:$D$337,"dec25") -> 0 | M19: =SUMIFS('Marketing spend and leads'!$E$2:$E$337,'Marketing spend and leads'!$B$2:$B$337,"outbound",'Marketing spend and leads'!$C$2:$C$337,"amer_west",'Marketing spend and leads'!$D$2:$D$337,"jan26") -> 0 | N19: =SUMIFS('Marketing spend and leads'!$E$2:$E$337,'Marketing spend and leads'!$B$2:$B$337,"outbound",'Marketing spend and leads'!$C$2:$C$337,"amer_west",'Marketing spend and leads'!$D$2:$D$337,"feb26") -> 0 | O19: =SUMIFS('Marketing spend and leads'!$E$2:$E$337,'Marketing spend and leads'!$B$2:$B$337,"outbound",'Marketing spend and leads'!$C$2:$C$337,"amer_west",'Marketing spend and leads'!$D$2:$D$337,"mar26") -> 0 | P19: =SUMIFS('Marketing spend and leads'!$E$2:$E$337,'Marketing spend and leads'!$B$2:$B$337,"outbound",'Marketing spend and leads'!$C$2:$C$337,"amer_west",'Marketing spend and leads'!$D$2:$D$337,"apr26") -> 0 | Q19: =SUMIFS('Marketing spend and leads'!$E$2:$E$337,'Marketing spend and leads'!$B$2:$B$337,"outbound",'Marketing spend and leads'!$C$2:$C$337,"amer_west",'Marketing spend and leads'!$D$2:$D$337,"may26") -> 0 | R19: =SUMIFS('Marketing spend and leads'!$E$2:$E$337,'Marketing spend and leads'!$B$2:$B$337,"outbound",'Marketing spend and leads'!$C$2:$C$337,"amer_west",'Marketing spend and leads'!$D$2:$D$337,"jun26") -> 0 | S19: =SUMIFS('Marketing spend and leads'!$E$2:$E$337,'Marketing spend and leads'!$B$2:$B$337,"outbound",'Marketing spend and leads'!$C$2:$C$337,"amer_west",'Marketing spend and leads'!$D$2:$D$337,"jul26") -> 0 | T19: =SUMIFS('Marketing spend and leads'!$E$2:$E$337,'Marketing spend and leads'!$B$2:$B$337,"outbound",'Marketing spend and leads'!$C$2:$C$337,"amer_west",'Marketing spend and leads'!$D$2:$D$337,"aug26") -> 0 | U19: =SUMIFS('Marketing spend and leads'!$E$2:$E$337,'Marketing spend and leads'!$B$2:$B$337,"outbound",'Marketing spend and leads'!$C$2:$C$337,"amer_west",'Marketing spend and leads'!$D$2:$D$337,"sep26") -> 0 | V19: =SUMIFS('Marketing spend and leads'!$E$2:$E$337,'Marketing spend and leads'!$B$2:$B$337,"outbound",'Marketing spend and leads'!$C$2:$C$337,"amer_west",'Marketing spend and leads'!$D$2:$D$337,"oct26") -> 0 | W19: =SUMIFS('Marketing spend and leads'!$E$2:$E$337,'Marketing spend and leads'!$B$2:$B$337,"outbound",'Marketing spend and leads'!$C$2:$C$337,"amer_west",'Marketing spend and leads'!$D$2:$D$337,"nov26") -> 0 | X19: =SUMIFS('Marketing spend and leads'!$E$2:$E$337,'Marketing spend and leads'!$B$2:$B$337,"outbound",'Marketing spend and leads'!$C$2:$C$337,"amer_west",'Marketing spend and leads'!$D$2:$D$337,"dec26") -> 0
A20: Spend | B20: Outbound (BDR) | C20: EMEA | D20: =SUMIFS('Marketing spend and leads'!$E$2:$E$337,'Marketing spend and leads'!$B$2:$B$337,"outbound",'Marketing spend and leads'!$C$2:$C$337,"emea",'Marketing spend and leads'!$D$2:$D$337,"apr25") -> 0 | E20: =SUMIFS('Marketing spend and leads'!$E$2:$E$337,'Marketing spend and leads'!$B$2:$B$337,"outbound",'Marketing spend and leads'!$C$2:$C$337,"emea",'Marketing spend and leads'!$D$2:$D$337,"may25") -> 0 | F20: =SUMIFS('Marketing spend and leads'!$E$2:$E$337,'Marketing spend and leads'!$B$2:$B$337,"outbound",'Marketing spend and leads'!$C$2:$C$337,"emea",'Marketing spend and leads'!$D$2:$D$337,"jun25") -> 0 | G20: =SUMIFS('Marketing spend and leads'!$E$2:$E$337,'Marketing spend and leads'!$B$2:$B$337,"outbound",'Marketing spend and leads'!$C$2:$C$337,"emea",'Marketing spend and leads'!$D$2:$D$337,"jul25") -> 0 | H20: =SUMIFS('Marketing spend and leads'!$E$2:$E$337,'Marketing spend and leads'!$B$2:$B$337,"outbound",'Marketing spend and leads'!$C$2:$C$337,"emea",'Marketing spend and leads'!$D$2:$D$337,"aug25") -> 0 | I20: =SUMIFS('Marketing spend and leads'!$E$2:$E$337,'Marketing spend and leads'!$B$2:$B$337,"outbound",'Marketing spend and leads'!$C$2:$C$337,"emea",'Marketing spend and leads'!$D$2:$D$337,"sep25") -> 0 | J20: =SUMIFS('Marketing spend and leads'!$E$2:$E$337,'Marketing spend and leads'!$B$2:$B$337,"outbound",'Marketing spend and leads'!$C$2:$C$337,"emea",'Marketing spend and leads'!$D$2:$D$337,"oct25") -> 0 | K20: =SUMIFS('Marketing spend and leads'!$E$2:$E$337,'Marketing spend and leads'!$B$2:$B$337,"outbound",'Marketing spend and leads'!$C$2:$C$337,"emea",'Marketing spend and leads'!$D$2:$D$337,"nov25") -> 0 | L20: =SUMIFS('Marketing spend and leads'!$E$2:$E$337,'Marketing spend and leads'!$B$2:$B$337,"outbound",'Marketing spend and leads'!$C$2:$C$337,"emea",'Marketing spend and leads'!$D$2:$D$337,"dec25") -> 0 | M20: =SUMIFS('Marketing spend and leads'!$E$2:$E$337,'Marketing spend and leads'!$B$2:$B$337,"outbound",'Marketing spend and leads'!$C$2:$C$337,"emea",'Marketing spend and leads'!$D$2:$D$337,"jan26") -> 0 | N20: =SUMIFS('Marketing spend and leads'!$E$2:$E$337,'Marketing spend and leads'!$B$2:$B$337,"outbound",'Marketing spend and leads'!$C$2:$C$337,"emea",'Marketing spend and leads'!$D$2:$D$337,"feb26") -> 0 | O20: =SUMIFS('Marketing spend and leads'!$E$2:$E$337,'Marketing spend and leads'!$B$2:$B$337,"outbound",'Marketing spend and leads'!$C$2:$C$337,"emea",'Marketing spend and leads'!$D$2:$D$337,"mar26") -> 0 | P20: =SUMIFS('Marketing spend and leads'!$E$2:$E$337,'Marketing spend and leads'!$B$2:$B$337,"outbound",'Marketing spend and leads'!$C$2:$C$337,"emea",'Marketing spend and leads'!$D$2:$D$337,"apr26") -> 0 | Q20: =SUMIFS('Marketing spend and leads'!$E$2:$E$337,'Marketing spend and leads'!$B$2:$B$337,"outbound",'Marketing spend and leads'!$C$2:$C$337,"emea",'Marketing spend and leads'!$D$2:$D$337,"may26") -> 0 | R20: =SUMIFS('Marketing spend and leads'!$E$2:$E$337,'Marketing spend and leads'!$B$2:$B$337,"outbound",'Marketing spend and leads'!$C$2:$C$337,"emea",'Marketing spend and leads'!$D$2:$D$337,"jun26") -> 0 | S20: =SUMIFS('Marketing spend and leads'!$E$2:$E$337,'Marketing spend and leads'!$B$2:$B$337,"outbound",'Marketing spend and leads'!$C$2:$C$337,"emea",'Marketing spend and leads'!$D$2:$D$337,"jul26") -> 0 | T20: =SUMIFS('Marketing spend and leads'!$E$2:$E$337,'Marketing spend and leads'!$B$2:$B$337,"outbound",'Marketing spend and leads'!$C$2:$C$337,"emea",'Marketing spend and leads'!$D$2:$D$337,"aug26") -> 0 | U20: =SUMIFS('Marketing spend and leads'!$E$2:$E$337,'Marketing spend and leads'!$B$2:$B$337,"outbound",'Marketing spend and leads'!$C$2:$C$337,"emea",'Marketing spend and leads'!$D$2:$D$337,"sep26") -> 0 | V20: =SUMIFS('Marketing spend and leads'!$E$2:$E$337,'Marketing spend and leads'!$B$2:$B$337,"outbound",'Marketing spend and leads'!$C$2:$C$337,"emea",'Marketing spend and leads'!$D$2:$D$337,"oct26") -> 0 | W20: =SUMIFS('Marketing spend and leads'!$E$2:$E$337,'Marketing spend and leads'!$B$2:$B$337,"outbound",'Marketing spend and leads'!$C$2:$C$337,"emea",'Marketing spend and leads'!$D$2:$D$337,"nov26") -> 0 | X20: =SUMIFS('Marketing spend and leads'!$E$2:$E$337,'Marketing spend and leads'!$B$2:$B$337,"outbound",'Marketing spend and leads'!$C$2:$C$337,"emea",'Marketing spend and leads'!$D$2:$D$337,"dec26") -> 0
A21: Spend | B21: Outbound (BDR) | C21: APAC | D21: =SUMIFS('Marketing spend and leads'!$E$2:$E$337,'Marketing spend and leads'!$B$2:$B$337,"outbound",'Marketing spend and leads'!$C$2:$C$337,"apac",'Marketing spend and leads'!$D$2:$D$337,"apr25") -> 0 | E21: =SUMIFS('Marketing spend and leads'!$E$2:$E$337,'Marketing spend and leads'!$B$2:$B$337,"outbound",'Marketing spend and leads'!$C$2:$C$337,"apac",'Marketing spend and leads'!$D$2:$D$337,"may25") -> 0 | F21: =SUMIFS('Marketing spend and leads'!$E$2:$E$337,'Marketing spend and leads'!$B$2:$B$337,"outbound",'Marketing spend and leads'!$C$2:$C$337,"apac",'Marketing spend and leads'!$D$2:$D$337,"jun25") -> 0 | G21: =SUMIFS('Marketing spend and leads'!$E$2:$E$337,'Marketing spend and leads'!$B$2:$B$337,"outbound",'Marketing spend and leads'!$C$2:$C$337,"apac",'Marketing spend and leads'!$D$2:$D$337,"jul25") -> 0 | H21: =SUMIFS('Marketing spend and leads'!$E$2:$E$337,'Marketing spend and leads'!$B$2:$B$337,"outbound",'Marketing spend and leads'!$C$2:$C$337,"apac",'Marketing spend and leads'!$D$2:$D$337,"aug25") -> 0 | I21: =SUMIFS('Marketing spend and leads'!$E$2:$E$337,'Marketing spend and leads'!$B$2:$B$337,"outbound",'Marketing spend and leads'!$C$2:$C$337,"apac",'Marketing spend and leads'!$D$2:$D$337,"sep25") -> 0 | J21: =SUMIFS('Marketing spend and leads'!$E$2:$E$337,'Marketing spend and leads'!$B$2:$B$337,"outbound",'Marketing spend and leads'!$C$2:$C$337,"apac",'Marketing spend and leads'!$D$2:$D$337,"oct25") -> 0 | K21: =SUMIFS('Marketing spend and leads'!$E$2:$E$337,'Marketing spend and leads'!$B$2:$B$337,"outbound",'Marketing spend and leads'!$C$2:$C$337,"apac",'Marketing spend and leads'!$D$2:$D$337,"nov25") -> 0 | L21: =SUMIFS('Marketing spend and leads'!$E$2:$E$337,'Marketing spend and leads'!$B$2:$B$337,"outbound",'Marketing spend and leads'!$C$2:$C$337,"apac",'Marketing spend and leads'!$D$2:$D$337,"dec25") -> 0 | M21: =SUMIFS('Marketing spend and leads'!$E$2:$E$337,'Marketing spend and leads'!$B$2:$B$337,"outbound",'Marketing spend and leads'!$C$2:$C$337,"apac",'Marketing spend and leads'!$D$2:$D$337,"jan26") -> 0 | N21: =SUMIFS('Marketing spend and leads'!$E$2:$E$337,'Marketing spend and leads'!$B$2:$B$337,"outbound",'Marketing spend and leads'!$C$2:$C$337,"apac",'Marketing spend and leads'!$D$2:$D$337,"feb26") -> 0 | O21: =SUMIFS('Marketing spend and leads'!$E$2:$E$337,'Marketing spend and leads'!$B$2:$B$337,"outbound",'Marketing spend and leads'!$C$2:$C$337,"apac",'Marketing spend and leads'!$D$2:$D$337,"mar26") -> 0 | P21: =SUMIFS('Marketing spend and leads'!$E$2:$E$337,'Marketing spend and leads'!$B$2:$B$337,"outbound",'Marketing spend and leads'!$C$2:$C$337,"apac",'Marketing spend and leads'!$D$2:$D$337,"apr26") -> 0 | Q21: =SUMIFS('Marketing spend and leads'!$E$2:$E$337,'Marketing spend and leads'!$B$2:$B$337,"outbound",'Marketing spend and leads'!$C$2:$C$337,"apac",'Marketing spend and leads'!$D$2:$D$337,"may26") -> 0 | R21: =SUMIFS('Marketing spend and leads'!$E$2:$E$337,'Marketing spend and leads'!$B$2:$B$337,"outbound",'Marketing spend and leads'!$C$2:$C$337,"apac",'Marketing spend and leads'!$D$2:$D$337,"jun26") -> 0 | S21: =SUMIFS('Marketing spend and leads'!$E$2:$E$337,'Marketing spend and leads'!$B$2:$B$337,"outbound",'Marketing spend and leads'!$C$2:$C$337,"apac",'Marketing spend and leads'!$D$2:$D$337,"jul26") -> 0 | T21: =SUMIFS('Marketing spend and leads'!$E$2:$E$337,'Marketing spend and leads'!$B$2:$B$337,"outbound",'Marketing spend and leads'!$C$2:$C$337,"apac",'Marketing spend and leads'!$D$2:$D$337,"aug26") -> 0 | U21: =SUMIFS('Marketing spend and leads'!$E$2:$E$337,'Marketing spend and leads'!$B$2:$B$337,"outbound",'Marketing spend and leads'!$C$2:$C$337,"apac",'Marketing spend and leads'!$D$2:$D$337,"sep26") -> 0 | V21: =SUMIFS('Marketing spend and leads'!$E$2:$E$337,'Marketing spend and leads'!$B$2:$B$337,"outbound",'Marketing spend and leads'!$C$2:$C$337,"apac",'Marketing spend and leads'!$D$2:$D$337,"oct26") -> 0 | W21: =SUMIFS('Marketing spend and leads'!$E$2:$E$337,'Marketing spend and leads'!$B$2:$B$337,"outbound",'Marketing spend and leads'!$C$2:$C$337,"apac",'Marketing spend and leads'!$D$2:$D$337,"nov26") -> 0 | X21: =SUMIFS('Marketing spend and leads'!$E$2:$E$337,'Marketing spend and leads'!$B$2:$B$337,"outbound",'Marketing spend and leads'!$C$2:$C$337,"apac",'Marketing spend and leads'!$D$2:$D$337,"dec26") -> 0
A22: Spend | B22: Customer referral | C22: AMER East | D22: =SUMIFS('Marketing spend and leads'!$E$2:$E$337,'Marketing spend and leads'!$B$2:$B$337,"referral",'Marketing spend and leads'!$C$2:$C$337,"amer_east",'Marketing spend and leads'!$D$2:$D$337,"apr25") -> 0 | E22: =SUMIFS('Marketing spend and leads'!$E$2:$E$337,'Marketing spend and leads'!$B$2:$B$337,"referral",'Marketing spend and leads'!$C$2:$C$337,"amer_east",'Marketing spend and leads'!$D$2:$D$337,"may25") -> 0 | F22: =SUMIFS('Marketing spend and leads'!$E$2:$E$337,'Marketing spend and leads'!$B$2:$B$337,"referral",'Marketing spend and leads'!$C$2:$C$337,"amer_east",'Marketing spend and leads'!$D$2:$D$337,"jun25") -> 0 | G22: =SUMIFS('Marketing spend and leads'!$E$2:$E$337,'Marketing spend and leads'!$B$2:$B$337,"referral",'Marketing spend and leads'!$C$2:$C$337,"amer_east",'Marketing spend and leads'!$D$2:$D$337,"jul25") -> 0 | H22: =SUMIFS('Marketing spend and leads'!$E$2:$E$337,'Marketing spend and leads'!$B$2:$B$337,"referral",'Marketing spend and leads'!$C$2:$C$337,"amer_east",'Marketing spend and leads'!$D$2:$D$337,"aug25") -> 0 | I22: =SUMIFS('Marketing spend and leads'!$E$2:$E$337,'Marketing spend and leads'!$B$2:$B$337,"referral",'Marketing spend and leads'!$C$2:$C$337,"amer_east",'Marketing spend and leads'!$D$2:$D$337,"sep25") -> 0 | J22: =SUMIFS('Marketing spend and leads'!$E$2:$E$337,'Marketing spend and leads'!$B$2:$B$337,"referral",'Marketing spend and leads'!$C$2:$C$337,"amer_east",'Marketing spend and leads'!$D$2:$D$337,"oct25") -> 0 | K22: =SUMIFS('Marketing spend and leads'!$E$2:$E$337,'Marketing spend and leads'!$B$2:$B$337,"referral",'Marketing spend and leads'!$C$2:$C$337,"amer_east",'Marketing spend and leads'!$D$2:$D$337,"nov25") -> 0 | L22: =SUMIFS('Marketing spend and leads'!$E$2:$E$337,'Marketing spend and leads'!$B$2:$B$337,"referral",'Marketing spend and leads'!$C$2:$C$337,"amer_east",'Marketing spend and leads'!$D$2:$D$337,"dec25") -> 0 | M22: =SUMIFS('Marketing spend and leads'!$E$2:$E$337,'Marketing spend and leads'!$B$2:$B$337,"referral",'Marketing spend and leads'!$C$2:$C$337,"amer_east",'Marketing spend and leads'!$D$2:$D$337,"jan26") -> 0 | N22: =SUMIFS('Marketing spend and leads'!$E$2:$E$337,'Marketing spend and leads'!$B$2:$B$337,"referral",'Marketing spend and leads'!$C$2:$C$337,"amer_east",'Marketing spend and leads'!$D$2:$D$337,"feb26") -> 0 | O22: =SUMIFS('Marketing spend and leads'!$E$2:$E$337,'Marketing spend and leads'!$B$2:$B$337,"referral",'Marketing spend and leads'!$C$2:$C$337,"amer_east",'Marketing spend and leads'!$D$2:$D$337,"mar26") -> 0 | P22: =SUMIFS('Marketing spend and leads'!$E$2:$E$337,'Marketing spend and leads'!$B$2:$B$337,"referral",'Marketing spend and leads'!$C$2:$C$337,"amer_east",'Marketing spend and leads'!$D$2:$D$337,"apr26") -> 0 | Q22: =SUMIFS('Marketing spend and leads'!$E$2:$E$337,'Marketing spend and leads'!$B$2:$B$337,"referral",'Marketing spend and leads'!$C$2:$C$337,"amer_east",'Marketing spend and leads'!$D$2:$D$337,"may26") -> 0 | R22: =SUMIFS('Marketing spend and leads'!$E$2:$E$337,'Marketing spend and leads'!$B$2:$B$337,"referral",'Marketing spend and leads'!$C$2:$C$337,"amer_east",'Marketing spend and leads'!$D$2:$D$337,"jun26") -> 0 | S22: =SUMIFS('Marketing spend and leads'!$E$2:$E$337,'Marketing spend and leads'!$B$2:$B$337,"referral",'Marketing spend and leads'!$C$2:$C$337,"amer_east",'Marketing spend and leads'!$D$2:$D$337,"jul26") -> 0 | T22: =SUMIFS('Marketing spend and leads'!$E$2:$E$337,'Marketing spend and leads'!$B$2:$B$337,"referral",'Marketing spend and leads'!$C$2:$C$337,"amer_east",'Marketing spend and leads'!$D$2:$D$337,"aug26") -> 0 | U22: =SUMIFS('Marketing spend and leads'!$E$2:$E$337,'Marketing spend and leads'!$B$2:$B$337,"referral",'Marketing spend and leads'!$C$2:$C$337,"amer_east",'Marketing spend and leads'!$D$2:$D$337,"sep26") -> 0 | V22: =SUMIFS('Marketing spend and leads'!$E$2:$E$337,'Marketing spend and leads'!$B$2:$B$337,"referral",'Marketing spend and leads'!$C$2:$C$337,"amer_east",'Marketing spend and leads'!$D$2:$D$337,"oct26") -> 0 | W22: =SUMIFS('Marketing spend and leads'!$E$2:$E$337,'Marketing spend and leads'!$B$2:$B$337,"referral",'Marketing spend and leads'!$C$2:$C$337,"amer_east",'Marketing spend and leads'!$D$2:$D$337,"nov26") -> 0 | X22: =SUMIFS('Marketing spend and leads'!$E$2:$E$337,'Marketing spend and leads'!$B$2:$B$337,"referral",'Marketing spend and leads'!$C$2:$C$337,"amer_east",'Marketing spend and leads'!$D$2:$D$337,"dec26") -> 0
A23: Spend | B23: Customer referral | C23: AMER West | D23: =SUMIFS('Marketing spend and leads'!$E$2:$E$337,'Marketing spend and leads'!$B$2:$B$337,"referral",'Marketing spend and leads'!$C$2:$C$337,"amer_west",'Marketing spend and leads'!$D$2:$D$337,"apr25") -> 0 | E23: =SUMIFS('Marketing spend and leads'!$E$2:$E$337,'Marketing spend and leads'!$B$2:$B$337,"referral",'Marketing spend and leads'!$C$2:$C$337,"amer_west",'Marketing spend and leads'!$D$2:$D$337,"may25") -> 0 | F23: =SUMIFS('Marketing spend and leads'!$E$2:$E$337,'Marketing spend and leads'!$B$2:$B$337,"referral",'Marketing spend and leads'!$C$2:$C$337,"amer_west",'Marketing spend and leads'!$D$2:$D$337,"jun25") -> 0 | G23: =SUMIFS('Marketing spend and leads'!$E$2:$E$337,'Marketing spend and leads'!$B$2:$B$337,"referral",'Marketing spend and leads'!$C$2:$C$337,"amer_west",'Marketing spend and leads'!$D$2:$D$337,"jul25") -> 0 | H23: =SUMIFS('Marketing spend and leads'!$E$2:$E$337,'Marketing spend and leads'!$B$2:$B$337,"referral",'Marketing spend and leads'!$C$2:$C$337,"amer_west",'Marketing spend and leads'!$D$2:$D$337,"aug25") -> 0 | I23: =SUMIFS('Marketing spend and leads'!$E$2:$E$337,'Marketing spend and leads'!$B$2:$B$337,"referral",'Marketing spend and leads'!$C$2:$C$337,"amer_west",'Marketing spend and leads'!$D$2:$D$337,"sep25") -> 0 | J23: =SUMIFS('Marketing spend and leads'!$E$2:$E$337,'Marketing spend and leads'!$B$2:$B$337,"referral",'Marketing spend and leads'!$C$2:$C$337,"amer_west",'Marketing spend and leads'!$D$2:$D$337,"oct25") -> 0 | K23: =SUMIFS('Marketing spend and leads'!$E$2:$E$337,'Marketing spend and leads'!$B$2:$B$337,"referral",'Marketing spend and leads'!$C$2:$C$337,"amer_west",'Marketing spend and leads'!$D$2:$D$337,"nov25") -> 0 | L23: =SUMIFS('Marketing spend and leads'!$E$2:$E$337,'Marketing spend and leads'!$B$2:$B$337,"referral",'Marketing spend and leads'!$C$2:$C$337,"amer_west",'Marketing spend and leads'!$D$2:$D$337,"dec25") -> 0 | M23: =SUMIFS('Marketing spend and leads'!$E$2:$E$337,'Marketing spend and leads'!$B$2:$B$337,"referral",'Marketing spend and leads'!$C$2:$C$337,"amer_west",'Marketing spend and leads'!$D$2:$D$337,"jan26") -> 0 | N23: =SUMIFS('Marketing spend and leads'!$E$2:$E$337,'Marketing spend and leads'!$B$2:$B$337,"referral",'Marketing spend and leads'!$C$2:$C$337,"amer_west",'Marketing spend and leads'!$D$2:$D$337,"feb26") -> 0 | O23: =SUMIFS('Marketing spend and leads'!$E$2:$E$337,'Marketing spend and leads'!$B$2:$B$337,"referral",'Marketing spend and leads'!$C$2:$C$337,"amer_west",'Marketing spend and leads'!$D$2:$D$337,"mar26") -> 0 | P23: =SUMIFS('Marketing spend and leads'!$E$2:$E$337,'Marketing spend and leads'!$B$2:$B$337,"referral",'Marketing spend and leads'!$C$2:$C$337,"amer_west",'Marketing spend and leads'!$D$2:$D$337,"apr26") -> 0 | Q23: =SUMIFS('Marketing spend and leads'!$E$2:$E$337,'Marketing spend and leads'!$B$2:$B$337,"referral",'Marketing spend and leads'!$C$2:$C$337,"amer_west",'Marketing spend and leads'!$D$2:$D$337,"may26") -> 0 | R23: =SUMIFS('Marketing spend and leads'!$E$2:$E$337,'Marketing spend and leads'!$B$2:$B$337,"referral",'Marketing spend and leads'!$C$2:$C$337,"amer_west",'Marketing spend and leads'!$D$2:$D$337,"jun26") -> 0 | S23: =SUMIFS('Marketing spend and leads'!$E$2:$E$337,'Marketing spend and leads'!$B$2:$B$337,"referral",'Marketing spend and leads'!$C$2:$C$337,"amer_west",'Marketing spend and leads'!$D$2:$D$337,"jul26") -> 0 | T23: =SUMIFS('Marketing spend and leads'!$E$2:$E$337,'Marketing spend and leads'!$B$2:$B$337,"referral",'Marketing spend and leads'!$C$2:$C$337,"amer_west",'Marketing spend and leads'!$D$2:$D$337,"aug26") -> 0 | U23: =SUMIFS('Marketing spend and leads'!$E$2:$E$337,'Marketing spend and leads'!$B$2:$B$337,"referral",'Marketing spend and leads'!$C$2:$C$337,"amer_west",'Marketing spend and leads'!$D$2:$D$337,"sep26") -> 0 | V23: =SUMIFS('Marketing spend and leads'!$E$2:$E$337,'Marketing spend and leads'!$B$2:$B$337,"referral",'Marketing spend and leads'!$C$2:$C$337,"amer_west",'Marketing spend and leads'!$D$2:$D$337,"oct26") -> 0 | W23: =SUMIFS('Marketing spend and leads'!$E$2:$E$337,'Marketing spend and leads'!$B$2:$B$337,"referral",'Marketing spend and leads'!$C$2:$C$337,"amer_west",'Marketing spend and leads'!$D$2:$D$337,"nov26") -> 0 | X23: =SUMIFS('Marketing spend and leads'!$E$2:$E$337,'Marketing spend and leads'!$B$2:$B$337,"referral",'Marketing spend and leads'!$C$2:$C$337,"amer_west",'Marketing spend and leads'!$D$2:$D$337,"dec26") -> 0
A24: Spend | B24: Customer referral | C24: EMEA | D24: =SUMIFS('Marketing spend and leads'!$E$2:$E$337,'Marketing spend and leads'!$B$2:$B$337,"referral",'Marketing spend and leads'!$C$2:$C$337,"emea",'Marketing spend and leads'!$D$2:$D$337,"apr25") -> 0 | E24: =SUMIFS('Marketing spend and leads'!$E$2:$E$337,'Marketing spend and leads'!$B$2:$B$337,"referral",'Marketing spend and leads'!$C$2:$C$337,"emea",'Marketing spend and leads'!$D$2:$D$337,"may25") -> 0 | F24: =SUMIFS('Marketing spend and leads'!$E$2:$E$337,'Marketing spend and leads'!$B$2:$B$337,"referral",'Marketing spend and leads'!$C$2:$C$337,"emea",'Marketing spend and leads'!$D$2:$D$337,"jun25") -> 0 | G24: =SUMIFS('Marketing spend and leads'!$E$2:$E$337,'Marketing spend and leads'!$B$2:$B$337,"referral",'Marketing spend and leads'!$C$2:$C$337,"emea",'Marketing spend and leads'!$D$2:$D$337,"jul25") -> 0 | H24: =SUMIFS('Marketing spend and leads'!$E$2:$E$337,'Marketing spend and leads'!$B$2:$B$337,"referral",'Marketing spend and leads'!$C$2:$C$337,"emea",'Marketing spend and leads'!$D$2:$D$337,"aug25") -> 0 | I24: =SUMIFS('Marketing spend and leads'!$E$2:$E$337,'Marketing spend and leads'!$B$2:$B$337,"referral",'Marketing spend and leads'!$C$2:$C$337,"emea",'Marketing spend and leads'!$D$2:$D$337,"sep25") -> 0 | J24: =SUMIFS('Marketing spend and leads'!$E$2:$E$337,'Marketing spend and leads'!$B$2:$B$337,"referral",'Marketing spend and leads'!$C$2:$C$337,"emea",'Marketing spend and leads'!$D$2:$D$337,"oct25") -> 0 | K24: =SUMIFS('Marketing spend and leads'!$E$2:$E$337,'Marketing spend and leads'!$B$2:$B$337,"referral",'Marketing spend and leads'!$C$2:$C$337,"emea",'Marketing spend and leads'!$D$2:$D$337,"nov25") -> 0 | L24: =SUMIFS('Marketing spend and leads'!$E$2:$E$337,'Marketing spend and leads'!$B$2:$B$337,"referral",'Marketing spend and leads'!$C$2:$C$337,"emea",'Marketing spend and leads'!$D$2:$D$337,"dec25") -> 0 | M24: =SUMIFS('Marketing spend and leads'!$E$2:$E$337,'Marketing spend and leads'!$B$2:$B$337,"referral",'Marketing spend and leads'!$C$2:$C$337,"emea",'Marketing spend and leads'!$D$2:$D$337,"jan26") -> 0 | N24: =SUMIFS('Marketing spend and leads'!$E$2:$E$337,'Marketing spend and leads'!$B$2:$B$337,"referral",'Marketing spend and leads'!$C$2:$C$337,"emea",'Marketing spend and leads'!$D$2:$D$337,"feb26") -> 0 | O24: =SUMIFS('Marketing spend and leads'!$E$2:$E$337,'Marketing spend and leads'!$B$2:$B$337,"referral",'Marketing spend and leads'!$C$2:$C$337,"emea",'Marketing spend and leads'!$D$2:$D$337,"mar26") -> 0 | P24: =SUMIFS('Marketing spend and leads'!$E$2:$E$337,'Marketing spend and leads'!$B$2:$B$337,"referral",'Marketing spend and leads'!$C$2:$C$337,"emea",'Marketing spend and leads'!$D$2:$D$337,"apr26") -> 0 | Q24: =SUMIFS('Marketing spend and leads'!$E$2:$E$337,'Marketing spend and leads'!$B$2:$B$337,"referral",'Marketing spend and leads'!$C$2:$C$337,"emea",'Marketing spend and leads'!$D$2:$D$337,"may26") -> 0 | R24: =SUMIFS('Marketing spend and leads'!$E$2:$E$337,'Marketing spend and leads'!$B$2:$B$337,"referral",'Marketing spend and leads'!$C$2:$C$337,"emea",'Marketing spend and leads'!$D$2:$D$337,"jun26") -> 0 | S24: =SUMIFS('Marketing spend and leads'!$E$2:$E$337,'Marketing spend and leads'!$B$2:$B$337,"referral",'Marketing spend and leads'!$C$2:$C$337,"emea",'Marketing spend and leads'!$D$2:$D$337,"jul26") -> 0 | T24: =SUMIFS('Marketing spend and leads'!$E$2:$E$337,'Marketing spend and leads'!$B$2:$B$337,"referral",'Marketing spend and leads'!$C$2:$C$337,"emea",'Marketing spend and leads'!$D$2:$D$337,"aug26") -> 0 | U24: =SUMIFS('Marketing spend and leads'!$E$2:$E$337,'Marketing spend and leads'!$B$2:$B$337,"referral",'Marketing spend and leads'!$C$2:$C$337,"emea",'Marketing spend and leads'!$D$2:$D$337,"sep26") -> 0 | V24: =SUMIFS('Marketing spend and leads'!$E$2:$E$337,'Marketing spend and leads'!$B$2:$B$337,"referral",'Marketing spend and leads'!$C$2:$C$337,"emea",'Marketing spend and leads'!$D$2:$D$337,"oct26") -> 0 | W24: =SUMIFS('Marketing spend and leads'!$E$2:$E$337,'Marketing spend and leads'!$B$2:$B$337,"referral",'Marketing spend and leads'!$C$2:$C$337,"emea",'Marketing spend and leads'!$D$2:$D$337,"nov26") -> 0 | X24: =SUMIFS('Marketing spend and leads'!$E$2:$E$337,'Marketing spend and leads'!$B$2:$B$337,"referral",'Marketing spend and leads'!$C$2:$C$337,"emea",'Marketing spend and leads'!$D$2:$D$337,"dec26") -> 0
